Workbook
Name _ftn1: '5. Finding'!$D$11
Name การทดสอบการเจาะระบบ: '6. Result'!$C$30

Sheet 1. Basic info
J1: Version: | K1: รอบปี 2569
B2: เอกสารแนบ คำอธิบายประกอบการจัดทำแบบรายงานผลการตรวจสอบด้านเทคโนโลยีสารสนเทศและ แผนการปรับปรุงแก้ไขข้อบกพร่อง ("แบบรายงานผล IT audit") | J2: ห้ามใช้ไฟล์นี้จัดส่งสำนักงาน
B3: ไม่สามารถใช้ไฟล์นี้เป็นแบบรายงานผล IT audit เพื่อจัดส่งสำนักงาน ก.ล.ต. ตามประกาศที่ สธ. 38/2565 (ที่แก้ไขเพิ่มเติมโดยประกาศที่ สธ. 33/2567) ได้ การจัดส่งสำนักงานให้ใช้ไฟล์ แบบรายงานผลการตรวจสอบด้านเทคโนโลยีสารสนเทศและแผนการปรับปรุงแก้ไขข้อบกพร่อง ("แบบรายงานผล IT audit") เท่านั้น
A5: ชื่อบริษัท (นิติบุคคล) | E5: *สามารถกรอกชื่อบริษัทบางส่วน, กด enter และกด dropdown icon เพื่อค้นหาจาก List รายชื่อได้ กรณีไม่พบในรายชื่อ กรุณากรอกชื่อบริษัท กรณีที่ไม่สามารถใช้ function search box ของ Excel ได้ (เช่น ใช้ Excel Version 2013, 2010 หรือต่ำกว่า) สามารถกรอกชื่อบริษัทลงในช่องได้ โดยไม่ต้องค้นหาจาก List รายชื่อ
A7: เลขทะเบียนนิติบุคคล | E7: *โปรดระบุเลขประจำตัวผู้เสียภาษี 13 หลัก เพื่อการ mapping ข้อมูล
A9: ชื่อผู้ประสานงานของบริษัท | E9: เบอร์โทรศัพท์ | G9: อีเมล
A11: 1. ข้อมูลพื้นฐานเกี่ยวกับการตรวจสอบ
A13: ข้อมูลการตรวจสอบ | H13: การรายงานผลการตรวจสอบและแผนการปรับปรุงแก้ไข
A14: บริษัทได้จัดให้มีการตรวจสอบด้านเทคโนโลยีสารสนเทศที่ครอบคลุมการควบคุมและกิจกรรมด้าน IT ของบริษัท โดยมีรายละเอียดการดำเนินการตรวจสอบ ดังนี้ | H14: ผลการตรวจสอบพร้อมกับแผนการปรับปรุงแก้ไขข้อตรวจพบได้นำเสนอต่อคณะกรรมการที่เกี่ยวข้องแล้ว เมื่อวันที่
A15: ผู้ดำเนินงานตรวจสอบ
A16: ผู้ดำเนินการตรวจสอบ | E16: *ผู้ตรวจสอบจากบริษัทในเครือ/กลุ่ม ให้นับเป็นผู้เชี่ยวชาญภายนอก | H16: คณะกรรมการของบริษัท | J16: (วัน/เดือน/ปี ค.ศ. เช่น 30/5/2025)
A18: *กรณีใช้บริการผู้เชี่ยวชาญภายนอก โปรดกรอกชื่อบริษัทของผู้ตรวจสอบ | H18: คณะกรรมการตรวจสอบ (Audit Committee) | J18: (วัน/เดือน/ปี ค.ศ. เช่น 20/5/2025) | N18: =IF(AND(I16="", I18=""), "", MAX(I16, I18))
H19: *หากไม่มีข้อใด ให้เว้นว่าง (มีเพียงการรายงานคณะกรรมการของบริษัท หรือมีเพียงการรายงานคณะกรรมการตรวจสอบ)
H21: =IF(E23>N18,"กรณีวันเสนอต่อคณะกรรมการของบริษัท หรือ Audit Committee เกิดขึ้นก่อนวันสุดท้ายของการตรวจสอบ โปรดระบุสาเหตุ", "")
A22: วันที่ดำเนินการตรวจสอบ
B23: ระหว่างวันที่ | D23: ถึงวันที่ | F23: (วัน/เดือน/ปี ค.ศ. เช่น 30/4/2025)
C24: dd/mm/yyyy
A26: ระดับความเสี่ยง ที่ได้จากการประเมินแบบ RLA ปี 2567 (รอบการประเมิน RLA ที่มีกำหนดการนำส่งภายใน 31 ธันวาคม 2567) | C26: ผู้ประกอบธุรกิจขนาดเล็ก** | F26: ** หมายเหตุ : รอบปีการตรวจสอบ ค.ศ. 2026 (พ.ศ. 2569) สำนักงานมิได้กำหนดให้ผู้ประกอบธุรกิจที่มีผลการประเมินแบบ RLA ปี 2567 เป็น ผู้ประกอบธุรกิจขนาดเล็ก หรือ ผู้ประกอบธุรกิจที่มีความเสี่ยงระดับต่ำ ต้องจัดให้มีการตรวจสอบปี 2568 • เว้นแต่ ในปี 2568 ผู้ประกอบธุรกิจเกิดเหตุการณ์ด้านความมั่นคงปลอดภัยของระบบ IT อย่างมีนัยสำคัญ (Major IT Security Incident) ผู้ประกอบธุรกิจขนาดเล็ก และ ผู้ประกอบธุรกิจที่มีความเสี่ยงระดับต่ำ ต้องจัดให้มีการดำเนินการตรวจสอบด้าน IT แบบเต็มรูปแบบ (Full Scope) ภายในปี 2568 ด้วย (รายละเอียดเพิ่มเติม โปรดอ้างอิงข้อกำหนดในภาคผนวก 4 แนบท้ายประกาศที่ สธ. 38/2565 ที่แก้ไขเพิ่มเติมโดยประกาศที่ สธ. 33/2567) • ผู้ประกอบธุรกิจสินทรัพย์ดิจิทัล แม้จะประเมินผล RLA ได้เป็นผู้ประกอบธุรกิจขนาดเล็ก (เช่น ผู้ประกอบธุรกิจที่ปรึกษาโทเคนดิจิทัล/ที่ปรึกษาคริปโทเคอร์เรนซี เป็นต้น) จะยังต้องจัดให้มีการตรวจสอบด้าน IT อย่างน้อยปีละ 1 ครั้ง เนื่องจากประกาศ กธ. 16/2561 ได้กำหนดให้ผู้ประกอบธุรกิจสินทรัพย์ดิจิทัลจัดให้มีการตรวจสอบอย่างน้อยปีละ 1 ครั้ง นอกจากนี้ ต้องนำส่งตามเงื่อนไขของประกาศ กธ. 19/2561 ด้วย (รายงานผลต่อสำนักงาน ก.ล.ต. ภายใน 30 วันนับจากวันที่ได้รับผลการทดสอบอย่างเป็นทางการ แต่ไม่เกิน 90 วันนับจากวันที่สิ้นสุดกระบวนการทดสอบ) • ผลการประเมิน RLA รอบปี พ.ศ. 2567 สำหรับใช้เพื่อกำหนด scope การตรวจสอบรอบปี 2568 เท่านั้น กรณีการตรวจสอบรอบปี 2569 โปรดอ้างอิงจากผลการประเมิน RLA รอบใหม่
A28: รายชื่อผู้ตรวจสอบ
A29: ลำดับที่ | B29: ชื่อ สกุล (ภาษาอังกฤษ) | D29: ตำแหน่ง | F29: CISA Certification Number (ถ้ามี) | G29: CISM Certification Number (ถ้ามี) | H29: CISSP Certification Number (ถ้ามี) | I29: ISO/IEC 27001 Lead Auditor Certification Number (ถ้ามี) | J29: (Optional) Certificate อื่นๆ ที่เกี่ยวกับงาน IT Audit | K29: อีเมล | L29: เบอร์โทรศัพท์
A30: ตัวอย่าง | B30: Somjai Rakdee | D30: หัวหน้าทีมตรวจสอบ | F30: 12345678 | G30: - | H30: - | I30: - | J30: - | K30: somjai_rakdee@test.com | L30: 02-1111111
A31: ตัวอย่าง | B31: Somchai Jaidee | D31: ผู้ตรวจสอบ | F31: - | G31: 88888888 | H31: - | I31: - | J31: - | K31: somchai_jaidee@test.com | L31: 02-2222222
A32: 1
A33: 2
A34: 3
A35: 4
A36: 5
A37: 6
A38: 7
A39: 8
A40: 9
A41: 10
A42: 11
A43: 12
... A51: 20

Sheet 2. Systems
A1: 2. ระบบ IT ที่ใช้ในการประกอบธุรกิจ
A2: ***หมายเหตุ: หากไม่มีข้อใด สามารถเว้นว่างได้
B3: หากไม่พบชื่อใน drop down list ให้พิมพ์ชื่อลงในช่องอื่น ๆ
B4: สำนักงานจะนำข้อมูลเพื่อใช้ประกอบการส่งเสริม และยกระดับความพร้อมรับมือภัยคุกคามทางไซเบอร์ในภาคตลาดทุน เช่น การจัดทำข้อมูลแจ้งเตือน Cyber Alert ในอุปกรณ์/product ที่ผู้ประกอบธุรกิจใช้งานเป็นส่วนใหญ่ เป็นต้น
A6: 2.1 Cloud Service Provider (SaaS, PaaS, Iaas) / ผู้ให้บริการ Infrastucture (เช่น Data center) | D6: *ให้ระบุสูงสุด 3 ราย
A7: ลำดับที่ | B7: Vendor / Product
A8: ตัวอย่าง | B8: Amazon Web Services (AWS) | C8: อื่น ๆ (หากไม่มีใน dropdown list)
A9: 1
A10: 2
A11: 3
A13: 2.2 Operating System | D13: *ให้ระบุสูงสุด 3 products
A14: ลำดับที่ | B14: Vendor / Product
A15: ตัวอย่าง | B15: Red Hat Enterprise Linux (RHEL) | C15: อื่น ๆ (หากไม่มีใน dropdown list)
A16: 1
A17: 2
A18: 3
A20: 2.3 Database | D20: *ให้ระบุสูงสุด 3 products
A21: ลำดับที่ | B21: Vendor / Product
A22: ตัวอย่าง | B22: MySQL | C22: อื่น ๆ (หากไม่มีใน dropdown list)
A23: 1
A24: 2
A25: 3
A27: 2.4 Firewall | D27: *ให้ระบุสูงสุด 3 products
A28: ลำดับที่ | B28: Vendor / Product
A29: ตัวอย่าง | B29: Palo Alto | C29: อื่น ๆ (หากไม่มีใน dropdown list)
A30: 1
A31: 2
A32: 3
A34: 2.5 Switch | D34: *ให้ระบุสูงสุด 3 products
A35: โปรดระบุข้อมูล : อุปกรณ์ network device (Switch) ที่องค์กรของผู้ประกอบธุรกิจได้ใช้งานสำหรับเครือข่ายสำคัญสำหรับการประกอบธุรกิจ เช่น Core Network, Backbone Network, Production Network เป็นต้น โดยระบุอุปกรณ์ที่มีการใช้งานสูงสุด 3 products
A36: ลำดับที่ | B36: Vendor / Product
A37: ตัวอย่าง | B37: D-Link | C37: อื่น ๆ (หากไม่มีใน dropdown list)
A38: 1
A39: 2
A40: 3
A42: 2.6 Router / Gateway | D42: *ให้ระบุสูงสุด 3 products
A43: โปรดระบุข้อมูล : อุปกรณ์ network device (Router / Gateway) ที่องค์กรของผู้ประกอบธุรกิจได้ใช้งานสำหรับเครือข่ายสำคัญสำหรับการประกอบธุรกิจ เช่น Core Network, Backbone Network, Production Network เป็นต้น โดยระบุอุปกรณ์ที่มีการใช้งานสูงสุด 3 products
A44: ลำดับที่ | B44: Vendor / Product
A45: ตัวอย่าง | B45: Cisco | C45: อื่น ๆ (หากไม่มีใน dropdown list)
A46: 1
A47: 2
A48: 3
A50: 2.7 Antivirus | D50: *ให้ระบุสูงสุด 3 products
A51: ลำดับที่ | B51: Vendor / Product
A52: ตัวอย่าง | B52: Trend Micro | C52: อื่น ๆ (หากไม่มีใน dropdown list)
A53: 1
A54: 2
A55: 3
A57: 2.8 Virtual machine software / tool | D57: *ให้ระบุสูงสุด 3 products
A58: ลำดับที่ | B58: Vendor / Product
A59: ตัวอย่าง | B59: Vmware | C59: อื่น ๆ (หากไม่มีใน dropdown list)
A60: 1
A61: 2
A62: 3
A64: 2.9 IT Vendor / Service Provider / Third Party | C64: *ให้ระบุสูงสุด 3 ผู้ให้บริการ/บุคคลภายนอก ด้าน IT
A65: โปรดพิมพ์ชื่อผู้ให้บริการด้าน IT (IT Vendor) หรือบุคคลภายนอก (เช่น ผู้ที่มีการเชื่อมต่อกับระบบ IT ของผู้ประกอบธุรกิจ, ผู้ที่สามารถเข้าถึงข้อมูลสำคัญหรือข้อมูลลูกค้าในรูปแบบบอิเล็กทรอนิกส์ ของผู้ประกอบธุรกิจ เป็นต้น) ที่มีนัยสำคัญสูงสุด 3 อันดับแรกของผู้ประกอบธุรกิจ (ถ้ามีข้อมูล) ตัวอย่างเช่น ผู้ให้บริการ IT Development Services, IT Infrastructure Services, IT Security Services เป็นต้น
A66: ลำดับที่ | B66: Vendor / Product
A67: ตัวอย่าง | B67: SAP, IBM, ServiceNow, …
A68: 1
A69: 2
A70: 3

Sheet 3. Scope
A1: 3. ระบบ IT ที่อยู่ในขอบเขตของการตรวจสอบ
A2: ตรวจสอบรายชื่อระบบ IT ที่มีนัยสำคัญที่ควรพิจารณากำหนดเป็นขอบเขตของการตรวจสอบ ตาม Sheet "3.1 Critical Systems"
A3: ลำดับที่ | B3: ลักษณะระบบงาน | C3: ประเภทระบบงาน (สามารถตรวจสอบข้อมูลได้ที่ Sheet 3.1 Critical Systems) | D3: ประเภทระบบอื่น ๆ ที่ไม่ได้อยู่ใน drop down list *โปรดพิมพ์ชื่อประเภทระบบลงในช่อง | E3: ชื่อผลิตภัณฑ์ | F3: รูปแบบการใช้งานระบบ (deployment model) | G3: ฟังก์ชันงาน
A4: ตัวอย่าง | B4: Of-the-shelf system (ระบบสำเร็จรูป) | C4: ระบบรับส่งคำสั่งซื้อขาย (Front Office : OMS) | E4: เช่น Horizon, iFIS, Flextrade, HiTrade, … | F4: On-Premises | G4: ระบบสำหรับรับส่งคำสั่งซื้อขายหลักทรัพย์จากลูกค้าไปยังศูนย์ซื้อขายหลักทรัพย์ (Trading Venue) และตัวแทนซื้อขายในต่างประเทศ (oversea brokers & dealers)
A5: ตัวอย่าง | B5: Customized/In-house developed system (ระบบพัฒนาขึ้นเอง) | C5: ระบบ Back Office | E5: AAA | F5: On-Premises | G5: ระบบที่เกี่ยวข้องกับการจัดการข้อมูลลูกค้า ข้อมูลการซื้อขาย การชำระราคาและส่งมอบหลักทรัพย์ระหว่างบริษัท ธุรกรรมกับลูกค้าและบุคคลอื่น
A6: ตัวอย่าง | B6: Of-the-shelf system (ระบบสำเร็จรูป) | C6: ระบบเก็บรักษาสินทรัพย์ดิจิทัลของลูกค้า | E6: เช่น Fireblocks, Coinbase Custody, Bitgo, … | F6: On-Cloud | G6: ระบบสำหรับดูแลรักษาสินทรัพย์ดิจิทัลของลูกค้า ในส่วนของ Hot Wallet
A7: ตัวอย่าง | B7: Customized/In-house developed system (ระบบพัฒนาขึ้นเอง) | C7: ระบบอื่น ๆ | D7: เว็บไซต์ | E7: www.ตัวอย่างเว็บไซต์.co.th | F7: Hybrid | G7: หน้าเว็บไซต์ของบริษัท เพื่อเป็นช่องทางให้ลูกค้าเข้าทำรายการ
A8: 1
A9: 2
A10: 3
A11: 4
A12: 5
A13: 6
A14: 7
A15: 8
A16: 9
A17: 10
A18: 11
A19: 12
... A37: 30

Sheet 3.1 Critical Systems
A1: ประเภทผู้ประกอบธุรกิจ | B1: ระบบ IT ที่มีนัยสำคัญที่ควรอยู่ในขอบเขตการตรวจสอบ | C1: คำอธิบาย
A2: [บล.] นายหน้าซื้อขาย / ค้า /จัดจำหน่ายหลักทรัพย์ | B2: ระบบรับส่งคำสั่งซื้อขาย (Front Office : OMS) | C2: ระบบสำหรับรับส่งคำสั่งซื้อขายหลักทรัพย์จากลูกค้าไปยังศูนย์ซื้อขายหลักทรัพย์ (Trading Venue) และตัวแทนซื้อขายในต่างประเทศ (oversea brokers & dealers)
A3: [บล.] นายหน้าซื้อขาย / ค้า /จัดจำหน่ายหลักทรัพย์ | B3: ระบบ Back Office | C3: ระบบที่เกี่ยวข้องกับการจัดการข้อมูลลูกค้า ข้อมูลการซื้อขาย การชำระราคาและส่งมอบหลักทรัพย์ระหว่างบริษัท ธุรกรรมกับลูกค้าและบุคคลอื่น (เช่น TCH และ TSD) รวมถึงการดูแลทรัพย์สินของลูกค้า เช่น การฝากถอนเงิน และการวางหลักประกันของลูกค้า เป็นต้น
A4: [บล.] ตัวแทนซื้อขายสัญญาซื้อขายล่วงหน้า | B4: ระบบรับส่งคำสั่งซื้อขาย (Front Office : OMS) | C4: ระบบสำหรับรับส่งคำสั่งซื้อขายสัญญาซื้อขายล่วงหน้าจากลูกค้าไปยังศูนย์ซื้อขายสัญญาซื้อขายล่วงหน้า (Trading Venue) และตัวแทนซื้อขายในต่างประเทศ (oversea brokers & dealers)
A5: [บล.] ตัวแทนซื้อขายสัญญาซื้อขายล่วงหน้า | B5: ระบบ Back Office | C5: ระบบที่เกี่ยวข้องกับการจัดการข้อมูลลูกค้า ข้อมูลการซื้อขาย การวางหลักประกันระหว่างบริษัท ธุรกรรมกับลูกค้าและบุคคลอื่น (เช่น TCH) รวมถึงการดูแลทรัพย์สินของลูกค้า เช่น การฝากถอนเงิน เป็นต้น
A6: [บลจ.] การจัดการกองทุนรวม / การจัดการกองทุนส่วนบุคคล | B6: ระบบรับคำสั่งซื้อขายหน่วยลงทุน (Selling Agent) | C6: ระบบที่เกี่ยวข้องกับการรับคำสั่งซื้อขายหน่วยลงทุนจากลูกค้า
A7: [บลจ.] การจัดการกองทุนรวม / การจัดการกองทุนส่วนบุคคล | B7: ระบบจัดการกองทุน (Portfolio Management) | C7: ระบบที่เกี่ยวข้องกับการบริหารจัดการกองทุน
A8: [บลจ.] การจัดการกองทุนรวม / การจัดการกองทุนส่วนบุคคล | B8: ระบบ Back Office | C8: ระบบที่เกี่ยวข้องกับการชำระราคา การจัดสรรหน่วยลงทุน การเก็บรักษาทรัพย์สินของผู้ลงทุน และการคำนวณมูลค่าทรัพย์สิน
A9: [บลน. / LBDU] นายหน้าซื้อขาย / ค้า /จัดจำหน่ายหลักทรัพย์ ที่เป็นหน่วยลงทุน | B9: ระบบรับคำสั่งซื้อขายหน่วยลงทุน (Selling Agent) | C9: ระบบที่เกี่ยวข้องกับการรับคำสั่งซื้อขายหน่วยลงทุนจากลูกค้า
A10: [บลน. / LBDU] นายหน้าซื้อขาย / ค้า /จัดจำหน่ายหลักทรัพย์ ที่เป็นหน่วยลงทุน | B10: ระบบ Back Office | C10: ระบบที่เกี่ยวข้องกับการชำระราคา การจัดสรรหน่วยหน่วยลงทุน การเก็บรักษาทรัพย์สินของผู้ลงทุน และการจัดทำทะเบียนผู้ถือหน่วยลงทุน (กรณี omnibus)
A11: [Digital Asset Exchange] ศูนย์ซื้อขายสินทรัพย์ดิจิทัล | B11: ระบบซื้อขายสินทรัพย์ดิจิทัล | C11: ระบบสำหรับการซื้อขาย ระบบงานที่ช่วยเสริมสร้างและรักษากลไกการทำงานของระบบซื้อขาย ให้มีความเป็นระเบียบเรียบร้อย (market surveillance) ระบบชำระราคาและส่งมอบสินทรัพย์ดิจิทัล
A12: [Digital Asset Exchange] ศูนย์ซื้อขายสินทรัพย์ดิจิทัล | B12: ระบบการรับลูกค้า การพิสูจน์ยืนยันตัวของลูกค้า | C12: ระบบการรับลูกค้า (customer onboarding) และระบบการพิสูจน์ตัวตนของลูกค้า (KYC)
... A38: ธุรกิจอื่น ๆ | B38: ประเมินความเสี่ยงและกำหนดขอบเขตของการตรวจสอบให้ครอบคลุมระบบ IT ที่มีนัยสำคัญ | C38: ระบบที่หากมีการหยุดชะงักจะส่งผลกระทบอย่างมีนัยสำคัญต่อการดำเนินงานหรือความต่อเนื่องในการดำเนินงาน ชื่อเสียง หรือฐานะของผู้ประกอบธุรกิจ หรือการใช้บริการของลูกค้า

Sheet 4. D1
A1: # control ID | B1: H | C1: M | D1: L | E1: S | F1: สธ. 38/2565 (ปรับปรุงแก้ไขโดย สธ. 33/2567) | G1: นป. 6/2567 | H1: การควบคุมที่ สธ. # นป. | I1: การควบคุมที่ควรมี | J1: ระดับความสำคัญของ การควบคุม | K1: ตัวอย่างวิธีการเก็บหลักฐาน (Methods of obtaining audit evidence) สามารถนำไปปรับใช้ประกอบการประเมินได้ | L1: ผลการประเมิน | M1: คำอธิบาย | N1: ประเภทการวัดผล | O1: Maturity Level 1 (M1) | P1: Maturity Level 2 (M2) | Q1: Maturity Level 3 (M3) | R1: Maturity Level 4 (M4) | S1: Maturity Level 5 (M5)
F2: หมวดที่ 1 การกำกับดูแลและบริหารจัดการด้าน IT (Information Technology Governance) | O2: M1 | P2: M2 | Q2: M3 | R2: M4 | S2: M5
F3: ส่วนที่ 1 บทบาทหน้าที่และความรับผิดชอบของคณะกรรมการของผู้ประกอบธุรกิจ
F4: บทบาทหน้าที่และความรับผิดชอบของคณะกรรมการของผู้ประกอบธุรกิจ
A5: D1 #1 | B5: x | C5: x | D5: x | F5: 1.1 | G5: 1 | H5: 1.1 #1 | I5: มีการกำหนดกรอบการกำกับดูแลด้าน IT (governance framework) โดยครอบคลุมถึงรายละเอียด โครงสร้าง บทบาทหน้าที่ และกระบวนการที่เกี่ยวข้องกับการกำกับดูแลด้าน IT | J5: H | K5: 1. สัมภาษณ์คณะกรรมการของผู้ประกอบธุรกิจหรือคณะกรรมการที่ได้รับมอบหมายจากคณะกรรมการของผู้ประกอบธุรกิจ เกี่ยวกับกระบวนการและกรอบการกำกับดูแลด้าน IT เพื่อให้มั่นใจว่าผู้ประกอบธุรกิจมีการจัดทำกรอบการกำกับดูแลด้าน IT 2. สอบทานกรอบการกำกับดูแลด้าน IT เพื่อให้มั่นใจว่า (1) บริษัทมีการกำหนดโครงสร้างการกำกับดูแล บทบาทหน้าที่และความรับผิดชอบของคณะกรรมการของผู้ประกอบธุรกิจ ผู้บริหารระดับสูง และฝ่ายงานที่เกี่ยวข้อง (2) บริษัทมีการกำหนดกระบวนการที่เกี่ยวข้องกับการกำกับดูแลด้าน IT เช่น การจัดทำและขออนุมัติแผนงานด้าน IT การจัดทำและขออนุมัติทรัพยากรด้าน IT และ การติดตามและรายงานผลการดำเนินการด้าน IT เป็นต้น | M5: =IFERROR(IF(N5="Maturity",HLOOKUP(L5,$O$2:$S$200,ROW()-1,0),"N/A"),"") -> N/A | N5: Yes/Partial/No | O5: N/A | P5: N/A | Q5: N/A | R5: N/A | S5: N/A | T5: =IF(OR(L5="Yes",L5="M3",L5="M4",L5="M5"),3,IF(OR(L5="Partial",L5="M2"),2,IF(L5="N/A",0,1))) -> 1 | U5: =IF(L5="M4",1,IF(L5="M5",2,0)) -> 0 | V5: =T5+U5 -> 1 | W5: =IF(ISBLANK(L5),1,0) -> 1
A6: D1 #2 | B6: x | C6: x | D6: x | F6: 1.1 | G6: 2 | H6: 1.1 #2 | I6: มีการจัดทำแผนงานด้าน IT ประจำปีซึ่งสอดรับกับกลยุทธ์ ในการดำเนินธุรกิจ และมีความเหมาะสมเพียงพอที่จะรองรับการเปลี่ยนแปลงด้าน IT และการเปลี่ยนแปลงการดำเนินธุรกิจในอนาคต | J6: H | K6: 1. สัมภาษณ์คณะกรรมการของผู้ประกอบธุรกิจหรือคณะกรรมการที่ได้รับมอบหมายจากคณะกรรมการของผู้ประกอบธุรกิจ เกี่ยวกับกระบวนการกำกับดูแลแผนงานด้าน IT เพื่อให้มั่นใจว่าแผนงานด้าน IT มีความสอดคล้องกับแผนทางธุรกิจและรองรับการเปลี่ยนแปลงทางด้าน IT 2. สอบทาน "แผนงานด้าน IT ประจำปี" เพื่อให้มั่นใจว่า บริษัทมีการจัดทำและอนุมัติแผนงานด้าน IT ที่สอดคล้องกับกลยุทธ์ในการดำเนินธุรกิจและมีความยืดหยุ่นเพียงพอที่จะรองรับการเปลี่ยนแปลงในอนาคต (M4) 3. สอบทาน "หลักฐานการสอบทานแผนงานด้าน IT ประจำปี" เพื่อให้มั่นใจว่ากรอบกำกับดูแลและแผนงานดังกล่าวได้กำหนดกรอบเวลาที่ชัดเจนในการสอบทานและปรับปรุงให้มีความสอดคล้องกับแผนทางธุรกิจ หรือการเปลี่ยนแปลงของการดำเนินธุรกิจอย่างสม่ำเสมอ (M5) 4. สอบทาน "หลักฐานการติดตามเชิงรุกต่อการเปลี่ยนแปลงด้าน IT และการเปลี่ยนแปลงการดำเนินธุรกิจ" เช่น เอกสารที่แสดงให้เห็นว่าคณะกรรมการได้นำปัจจัยการเปลี่ยนแปลงของ IT ที่คาดว่ามีหรือกำลังจะนำมาใช้ หรือกรณีผู้ประกอบธุรกิจมีแผนการขยายธุรกิจ มาพิจารณาถึงผลกระทบต่อแผนงานด้าน IT เพื่อให้มั่นใจว่า คณะกรรมการมีการติดตามเชิงรุกต่อการเปลี่ยนแปลงด้าน IT และการเปลี่ยนแปลงการดำเนินธุรกิจ เพื่อนำไปพัฒนาปรับปรุงแผนงานด้าน IT ประจำปีให้เพียงพอต่อการรองรับการเปลี่ยนแปลงที่อาจเกิดขึ้นในอนาคต | M6: =IFERROR(IF(N6="Maturity",HLOOKUP(L6,$O$2:$S$200,ROW()-1,0),"N/A"),"") | N6: Maturity | O6: ไม่มีการจัดทำแผนงานด้าน IT ประจำปี | P6: มีการจัดทำแผนงานด้าน IT แต่ยังไม่สอดคล้องกับกลยุทธ์หรือแผนการดำเนินธุรกิจ หรือไม่เพียงพอที่จะรองรับการเปลี่ยนแปลงที่อาจเกิดขึ้นในอนาคต | Q6: มีการจัดทำแผนงานด้าน IT ที่สอดคล้องกับกลยุทธ์หรือแผนการดำเนินธุรกิจ และเพียงพอเพื่อรองรับการเปลี่ยนแปลงที่อาจเกิดขึ้นในอนาคต และได้รับการอนุมัติจากคณะกรรมการของผู้ประกอบธุรกิจหรือคณะกรรมการที่ได้รับมอบหมายจากคณะกรรมการของผู้ประกอบธุรกิจ | R6: มีการจัดทำตาม Maturity Level 3 รวมถึงมีการสอบทานแผนงานด้าน IT ระหว่างปี เพื่อให้มั่นใจว่ามีความสอดคล้องกับการดำเนินธุรกิจและ IT ในปัจจุบัน | S6: มีการจัดทำตาม Maturity Level 4 รวมถึงมีการติดตามเชิงรุกต่อการเปลี่ยนแปลงด้าน IT และการเปลี่ยนแปลงการดำเนินธุรกิจที่อาจเกิดขึ้น เพื่อนำไปพัฒนาปรับปรุงแผนงานด้าน IT | T6: =IF(OR(L6="Yes",L6="M3",L6="M4",L6="M5"),3,IF(OR(L6="Partial",L6="M2"),2,IF(L6="N/A",0,1))) -> 1 | U6: =IF(L6="M4",1,IF(L6="M5",2,0)) -> 0 | V6: =T6+U6 -> 1 | W6: =IF(ISBLANK(L6),1,0) -> 1
A7: D1 #3 | B7: x | C7: x | D7: x | F7: 1.2 | G7: 1 | H7: 1.2 #1 | I7: มีการบริหารทรัพยากรทางด้าน IT และทรัพยากรบุคคลให้สอดคล้องกับเป้าหมาย ตามภารกิจ กลยุทธ์ นโยบาย และแผนการดำเนินงานที่กำหนดไว้ | J7: M | K7: 1. สอบทาน “แผนงานด้าน IT” “งบประมาณทางด้าน IT” และ “การบริหารอัตรากำลังของบุคลากรด้าน IT” หรือ “การประเมินอัตรากำลังของเจ้าหน้าที่ IT” เพื่อให้มั่นใจว่าบริษัทมีการจัดสรรงบประมาณและบุคลากรเพียงพอต่อการดำเนินงานตามแผนงานด้าน IT 2. สอบทาน“รายงานการประชุมคณะกรรมการผู้ประกอบธุรกิจ” เพื่อให้มั่นใจว่าคณะกรรมการฯ มีการพิจารณาความเพียงพอของทรัพยากรและบุคคลากรทางด้าน IT ต่อการดำเนินการตามแผนงานทางด้าน IT อย่างเหมาะสม (M4) 3. สอบทาน หลักฐานการสอบทาน “งบประมาณทางด้าน IT” และ “แผนการบริหารอัตรากำลังของบุคลากรด้าน IT” เพื่อให้มั่นใจว่าการบริหารทรัพยากรดังกล่าวได้รับการปรับปรุงให้มีความสอดคล้องกับแผนทางด้าน IT อย่างสม่ำเสมอ (M5) 4. สอบทาน "หลักฐานการติดตามเชิงรุกต่อการเปลี่ยนแปลงแผนงานด้าน IT" เพื่อให้มั่นใจว่า บริษัทมีการติดตามเชิงรุกต่อการเปลี่ยนแปลงแผนทางด้าน IT เพื่อนำไปพัฒนาปรับปรุงแผนการบริหารทรัพยากรทางด้าน IT และทรัพยากรบุคคลให้เพียงพอต่อการรองรับการเปลี่ยนแปลงที่อาจเกิดขึ้นในอนาคต | M7: =IFERROR(IF(N7="Maturity",HLOOKUP(L7,$O$2:$S$200,ROW()-1,0),"N/A"),"") | N7: Maturity | O7: ไม่มีการกำกับดูแลจัดสรรทรัพยากรทางด้าน IT และการจัดสรรทรัพยากรบุคคล | P7: มีการกำกับดูแลจัดสรรทรัพยากรทางด้าน IT และการจัดสรรทรัพยากรบุคคล แต่ไม่สอดคล้องกับแผนงานด้าน IT | Q7: มีการกำกับดูแลจัดสรรทรัพยากรทางด้าน IT และการจัดสรรทรัพยากรบุคคล สอดคล้องกับแผนงานด้าน IT | R7: มีการจัดทำตาม Maturity Level 3 รวมถึงมีการติดตามรายงานผลการดำเนินงานตามแผนสรรทรัพยากรทางด้าน IT และการจัดสรรทรัพยากรบุคคล เพื่อให้มั่นใจว่ามีการจัดสรรดังกล่าวสอดคล้องกับแผนด้าน IT และเพียงพอต่อการดำเนินธุรกิจตามเป้าหมายขององค์กรที่วางไว้ได้ | S7: มีการจัดทำตาม Maturity Level 4 รวมถึงมีการติดตามเชิงรุกต่อการเปลี่ยนแปลงด้าน IT และการเปลี่ยนแปลงการดำเนินธุรกิจที่อาจเกิดขึ้น เพื่อนำไปพัฒนาปรับปรุงแผนการบริหารทรัพยากรทางด้าน IT และทรัพยากรบุคคลให้เพียงพอต่อการรองรับการเปลี่ยนแปลงที่อาจเกิดขึ้นในอนาคต | T7: =IF(OR(L7="Yes",L7="M3",L7="M4",L7="M5"),3,IF(OR(L7="Partial",L7="M2"),2,IF(L7="N/A",0,1))) -> 1 | U7: =IF(L7="M4",1,IF(L7="M5",2,0)) -> 0 | V7: =T7+U7 -> 1 | W7: =IF(ISBLANK(L7),1,0) -> 1
A8: D1 #4 | B8: x | C8: x | D8: x | F8: 1.3 | H8: 1.3 | I8: - อ้างอิงการควบคุมที่ 2.2 - | T8: =IF(OR(L8="Yes",L8="M3",L8="M4",L8="M5"),3,IF(OR(L8="Partial",L8="M2"),2,IF(L8="N/A",0,1))) -> 1 | U8: =IF(L8="M4",1,IF(L8="M5",2,0)) -> 0 | V8: =T8+U8 -> 1 | W8: =IF(ISBLANK(L8),1,0) -> 1
A9: D1 #5 | B9: x | C9: x | D9: x | F9: 1.4 | H9: 1.4 | I9: - อ้างอิงการควบคุมที่ 2.2.1 และ 2.2.2 - | T9: =IF(OR(L9="Yes",L9="M3",L9="M4",L9="M5"),3,IF(OR(L9="Partial",L9="M2"),2,IF(L9="N/A",0,1))) -> 1 | U9: =IF(L9="M4",1,IF(L9="M5",2,0)) -> 0 | V9: =T9+U9 -> 1 | W9: =IF(ISBLANK(L9),1,0) -> 1
A10: D1 #6 | B10: x | C10: x | D10: x | F10: 1.5 | G10: 1 | H10: 1.5 #1 | I10: มีกระบวนการการสร้างความรู้และความตระหนักด้าน IT Risk แก่กรรมการและบุคลากรอย่างต่อเนื่องและมีประสิทธิผล โดยกรรมการของผู้ประกอบธุรกิจ อย่างน้อย 1 ท่าน ได้รับการสร้างความรู้และความตระหนักด้าน IT Risk อย่างเพียงพอ ตามระยะเวลาที่เหมาะสม เพื่อให้เท่าทันกับภัยคุกคามใหม่ และสภาพแวดล้อมด้าน IT ที่เปลี่ยนแปลงไป | J10: M | K10: 1. สัมภาษณ์ คณะกรรมการของผู้ประกอบธุรกิจ หรือคณะกรรมการที่ได้รับมอบหมายจากคณะกรรมการของผู้ประกอบธุรกิจ เกี่ยวกับการสื่อสารสร้างความรู้และความตระหนักรู้ทางด้าน IT Risk ให้แก่กรรมการและบุคลากร 2. สัมภาษณ์ ผู้บริหารหน่วยงานทรัพยากรบุคคล (Human Resource) หรือ ผู้บริหารด้าน IT หรือผู้ที่ได้รับมอบหมายหน้าที่ เกี่ยวกับวิธีการสร้างความรู้และความตระหนักรู้ด้าน IT Risk อย่างเพียงพอต่อกรรมการของผู้ประกอบธุรกิจ 3. สอบทาน "หลักฐานการสร้างความรู้และความตระหนักรู้ด้าน IT Risk " เช่น เอกสารประกอบการอบรม ใบลงชื่อผู้เข้าร่วมอบรมและเอกสารที่เกี่ยวข้องอื่น ๆ เป็นต้น 4. สอบทาน "หลักฐานการสร้างความรู้และความตระหนักรู้ด้าน IT Risk" ต่อกรรมการของผู้ประกอบธุรกิจ เช่น หลักฐานการเข้าร่วมกิจกรรม Cyber Armor : Board Awareness ประจำปี ที่สำนักงาน ก.ล.ต. ได้จัด หลักฐานการเข้าร่วมการอบรม สัมมนา หรือกิจกรรมอื่น ๆ ที่กรรมการได้เข้าร่วมระหว่างปี เป็นต้น (M4) 5. สอบทาน "เอกสารการประเมินผล หรือวัดผลความรู้และความตระหนักรู้ด้าน IT Risk" นำผลลัพธ์มาวิเคราะห์ ปรับปรุงวิธีการ รวมถึงพิจารณาการจัดอบรมเพิ่มเติมเพื่อให้มั่นใจว่า กรรมการและบุคลากรมีความรู้และความตระหนักด้าน IT Risk อย่างมีประสิทธิผลแลเพียงพอในการปฎิบัติงานอย่างต่อเนื่อง (M5) 6. สอบทาน "หลักฐานการปรับปรุง (update) ข้อมูลที่ใช้สื่อสารเพื่อสร้างความรู้และความตระหนักรู้ด้าน IT Risk" ให้เท่าทันกับเทคโนโลยีและความเสี่ยงที่เปลี่ยนแปลงไป | M10: =IFERROR(IF(N10="Maturity",HLOOKUP(L10,$O$2:$S$200,ROW()-1,0),"N/A"),"") | N10: Maturity | O10: ผู้ประกอบธุรกิจไม่มีกระบวนการการสร้างความรู้และความตระหนักด้าน IT Risk แก่กรรมการและบุคลากรอย่างต่อเนื่องและมีประสิทธิผล | P10: ผู้ประกอบธุรกิจมีการสร้างความรู้ด้าน IT Risk แก่กรรมการและบุคลากร แต่ยังไม่ครอบคลุมกรรมการและบุคลากรทุกคน | Q10: ผู้ประกอบธุรกิจมีกระบวนการสร้างความรู้และความตระหนักด้าน IT Risk แก่กรรมการและบุคลากรอย่างต่อเนื่องและมีประสิทธิผล | R10: มีการจัดทำตาม Maturity Level 3 รวมถึงมีการวัดผล ประเมินผล เพื่อนำมาพัฒนากระบวนการสร้างความรู้และความตระหนักด้าน IT Risk | S10: มีการจัดทำตาม Maturity Level 4 รวมถึงมีการปรับปรุงองค์ความรู้ให้เท่าทันกับความเสี่ยงและเทคโนโลยีที่เปลี่ยนแปลงไป เพื่อนำไปสื่อสารให้กรรมการและบุคลากรมีความรู้และความตระหนักที่เป็นปัจจุบันอย่างต่อเนื่อง | T10: =IF(OR(L10="Yes",L10="M3",L10="M4",L10="M5"),3,IF(OR(L10="Partial",L10="M2"),2,IF(L10="N/A",0,1))) -> 1 | U10: =IF(L10="M4",1,IF(L10="M5",2,0)) -> 0 | V10: =T10+U10 -> 1 | W10: =IF(ISBLANK(L10),1,0) -> 1
A11: D1 #7 | B11: x | C11: x | D11: x | F11: 1.6 | G11: 1-2 | H11: 1.6 #1-2 | I11: มีกระบวนการติดตาม ตรวจสอบ และจัดให้มีรายงานผลการปฏิบัติตามนโยบายในการกำกับดูแลและบริหารจัดการ IT ต่อคณะกรรมการของผู้ประกอบธุรกิจ หรือคณะกรรมการที่ได้รับมอบหมายจากคณะกรรมการของ ผู้ประกอบธุรกิจเฉพาะกรณีเป็นสาขาของธนาคารพาณิชย์ต่างประเทศ เมื่อมีเหตุการณ์สำคัญที่มีผลกระทบต่อการกำกับดูแลและบริหารจัดการ IT หรือ อย่างน้อยปีละ 1 ครั้ง | J11: M | K11: 1.สัมภาษณ์คณะกรรมการของผู้ประกอบธุรกิจ หรือคณะกรรมการที่ได้รับมอบหมายจากคณะกรรมการของผู้ประกอบธุรกิจ หรือคณะกรรมการที่ได้รับมอบหมายจากคณะกรรมการของผู้ประกอบธุรกิจเฉพาะกรณีเป็นสาขาของธนาคารพาณิชย์ต่างประเทศ เกี่ยวกับกระบวนการติดตาม และจัดให้มีการรายงานผลการปฏิบัติตามนโยบายการกำกับดูแลและบริหารจัดการด้าน IT เพื่อให้มั่นใจว่ามีข้อมูลเพียงพอต่อการการกำกับดูแลอย่างเหมาะสม 2.สัมภาษณ์ผู้บริหารด้าน IT หรือผู้เกี่ยวข้องในกระบวนการรายงานผลการปฏิบัติตามนโยบายการกำกับดูแลและการบริหารจัดการด้าน IT เพื่อให้มั่นใจว่ามีการรายงานผลการปฏิบัติงานดังกล่าวต่อคณะกรรมการของผู้ประกอบธุรกิจ หรือคณะกรรมการที่ได้รับมอบหมายจากคณะกรรมการของผู้ประกอบธุรกิจเฉพาะกรณีเป็นสาขาของธนาคารพาณิชย์ต่างประเทศ ทราบโดยไม่ชักช้า 3. สอบทาน “รายงานการประชุมคณะกรรมการผู้ประกอบธุรกิจ” หรือ "รายงานการประชุมคณะกรรมการที่ได้รับมอบหมาย" กรณีที่ผู้ประกอบธุรกิจเป็นสาขาของธนาคารพาณิชย์ต่างประเทศ เพื่อให้มั่นใจว่ามีการติดตามและทบทวนการปฏิบัติตามนโยบายการกำกับดูแลและบริหารจัดการด้าน IT อย่างน้อยปีละ 1 ครั้ง โดยประกอบไปด้วยหัวข้อดังต่อไปนี้ (1) ผลการบริหารจัดการด้าน IT Risk โดยหน่วยงานที่ทำหน้าที่บริหารด้าน IT Risk หรือหน่วยงานที่เกี่ยวข้อง (2) ผลการปฏิบัติตามกฎระเบียบ ข้อบังคับ หรือนโยบายการรักษาความมั่นคงปลอดภัยด้าน IT ในภาพรวมขององค์กร โดยหน่วยงานที่ทำหน้าที่กำกับดูแลการปฏิบัติงานด้าน IT หรือหน่วยงานที่เกี่ยวข้อง (3) ผลการตรวจสอบด้าน IT (IT audit) (ถ้ามีการตรวจสอบในรอบปี) เช่น ผลการตรวจสอบด้าน IT ตามข้อกำหนด สธ. 38/2565 ผลการตรวจสอบด้าน IT ตามมาตรฐานอื่น ๆ หรือผลการตรวจสอบสำหรับการใช้งานภายใน เป็นต้น และความคืบหน้าในการดำเนินการแก้ไขข้อบกพร่อง โดยหน่วยงานที่ทำหน้าที่ตรวจสอบด้าน IT หรือหน่วยงานที่เกี่ยวข้อง (4) ผลการปฏิบัติงานด้าน IT ที่สำคัญ เช่น (ก) เหตุการณ์ผิดปกติ หรือปัญหาด้าน IT ที่สำคัญ (ข) ความเพียงพอของทรัพยากรด้าน IT (capacity and system utilization) (ค) ความคืบหน้าของโครงการด้าน IT ในภาพรวมและโครงการที่สำคัญ (ง) การปฏิบัติงานด้าน IT ของบุคคลภายนอก (จ) ผลการทดสอบการปฏิบัติตามแผนฉุกเฉินด้าน IT | M11: =IFERROR(IF(N5="Maturity",HLOOKUP(L5,$O$2:$S$200,ROW()-1,0),"N/A"),"") -> N/A | N11: Yes/Partial/No | O11: N/A | P11: N/A | Q11: N/A | R11: N/A | S11: N/A | T11: =IF(OR(L11="Yes",L11="M3",L11="M4",L11="M5"),3,IF(OR(L11="Partial",L11="M2"),2,IF(L11="N/A",0,1))) -> 1 | U11: =IF(L11="M4",1,IF(L11="M5",2,0)) -> 0 | V11: =T11+U11 -> 1 | W11: =IF(ISBLANK(L11),1,0) -> 1
F12: ส่วนที่ 2 การกำกับดูแลและบริหารจัดการ IT Risk ในระดับองค์กร | T12: =IF(OR(L12="Yes",L12="M3",L12="M4",L12="M5"),3,IF(OR(L12="Partial",L12="M2"),2,IF(L12="N/A",0,1))) -> 1 | U12: =IF(L12="M4",1,IF(L12="M5",2,0)) -> 0 | V12: =T12+U12 -> 1
F13: โครงสร้างการกำกับดูแล | T13: =IF(OR(L13="Yes",L13="M3",L13="M4",L13="M5"),3,IF(OR(L13="Partial",L13="M2"),2,IF(L13="N/A",0,1))) -> 1 | U13: =IF(L13="M4",1,IF(L13="M5",2,0)) -> 0 | V13: =T13+U13 -> 1
A14: D1 #8 | B14: x | C14: x | D14: x | F14: 2.1 | G14: 1 | H14: 2.1 #1 | I14: มีโครงสร้างการกำกับดูแลและบริหารจัดการ IT Risk ที่มีการถ่วงดุลอำนาจ (check and balance) และมีการแบ่งแยกหน้าที่ (segratation of duties) อย่างเหมาะสม ตามหลักการแบ่งแยกหน้าที่ 3 ระดับ (3 Lines of Defense : 3 LoDs) โดยมีการแบ่งแยกหน้าที่อย่างชัดเจน ดังนี้ (1) ระดับที่ 1 (first line of defense) : การปฏิบัติงาน (2) ระดับที่ 2 (second line of defense) : การบริหารความเสี่ยงและกำกับดูแลการปฏิบัติตามกฎหมายและหลักเกณฑ์ที่เกี่ยวข้อง (3) ระดับที่ 3 (third line of defense) : การตรวจสอบ | J14: M | K14: 1. สัมภาษณ์คณะกรรมการของผู้ประกอบธุรกิจหรือคณะกรรมการที่ได้รับมอบหมายจากคณะกรรมการของผู้ประกอบธุรกิจด้านการจัดโครงสร้างองค์กรเพื่อให้มั่นใจว่ามีการถ่วงดุลอย่างอิสระ (check and balance) และมีการแบ่งแยกหน้าที่ (segregation of duties) อย่างเหมาะสม ตามหลักการแบ่งแยกหน้าที่ 3 ระดับด้านการบริหารจัดการ IT Risk 2. สอบทาน “แผนผังองค์กรของบริษัท และแผนผังองค์กรสารสนเทศ” เพื่อให้มั่นใจว่ามีการกำหนดหน่วยงานจัดโครงสร้างองค์กร ตามหลักการถ่วงดุลอำนาจ (check and balance) และมีการแบ่งแยกหน้าที่ (segratation of duties) 3 ระดับ | M14: =IFERROR(IF(N5="Maturity",HLOOKUP(L5,$O$2:$S$200,ROW()-1,0),"N/A"),"") -> N/A | N14: Yes/Partial/No | O14: N/A | P14: N/A | Q14: N/A | R14: N/A | S14: N/A | T14: =IF(OR(L14="Yes",L14="M3",L14="M4",L14="M5"),3,IF(OR(L14="Partial",L14="M2"),2,IF(L14="N/A",0,1))) -> 1 | U14: =IF(L14="M4",1,IF(L14="M5",2,0)) -> 0 | V14: =T14+U14 -> 1 | W14: =IF(ISBLANK(L14),1,0) -> 1
A15: D1 #9 | B15: x | F15: 2.1 | G15: 2 | H15: 2.1 #2 | I15: จัดให้มีกรรมการของผู้ประกอบธุรกิจ หรือที่ปรึกษาของผู้ประกอบธุรกิจ อย่างน้อย 1 ท่านที่มีความรู้หรือประสบการณ์ด้าน IT เพื่อให้คณะกรรมการสามารถกำหนดทิศทางและกำกับดูแลให้มีการใช้ IT ให้สอดรับกับกลยุทธ์ในการดำเนินธุรกิจ และบริหารจัดการด้าน IT Risk ได้อย่างมีประสิทธิภาพ | J15: M | K15: 1. สอบทานกระบวนการสรรหาหรือคุณสมบัติของกรรมการของผู้ประกอบธุรกิจ หรือที่ปรึกษาของผู้ประกอบธุรกิจทางด้าน IT เพื่อให้มั่นใจว่ากรรมการหรือที่ปรึกษาอย่างน้อย 1 ท่าน ที่มีความรู้หรือประสบการณ์ด้าน IT โดยพิจารณาได้จาก (1) สำเร็จการศึกษาในสาขา IT หรือสาขาที่เกี่ยวข้อง หรือ (2) มีประสบการณ์ในตำแหน่งหัวหน้าหน่วยงาน หรือมีหน้าที่รับผิดชอบเป็นผู้บริหารงานหลัก หรือมีประสบการณ์ในด้านการให้คำปรึกษาที่เกี่ยวข้องด้าน IT หรือ (3) มีประสบการณ์หรือได้รับแต่งตั้งเป็นสมาชิกในคณะกรรมการหรือคณะทำงานที่เกี่ยวข้องด้าน IT กรณีที่คณะกรรมการของผู้ประกอบธุรกิจแต่งตั้งคณะกรรมการชุดย่อยเพื่อทำหน้าที่ให้คำปรึกษาด้าน IT แก่คณะกรรมการของผู้ประกอบธุรกิจ ผู้ประกอบธุรกิจควรกำหนดบทบาทหน้าที่คณะกรรมการชุดย่อยอย่างชัดเจนและเป็นลายลักษณ์อักษร โดยคณะกรรมการชุดย่อยควรประกอบด้วยกรรมการที่มีความรู้หรือประสบการณ์ด้าน IT อย่างน้อย 1 ท่าน | M15: =IFERROR(IF(N5="Maturity",HLOOKUP(L5,$O$2:$S$200,ROW()-1,0),"N/A"),"") -> N/A | N15: Yes/Partial/No | O15: N/A | P15: N/A | Q15: N/A | R15: N/A | S15: N/A | T15: =IF(OR(L15="Yes",L15="M3",L15="M4",L15="M5"),3,IF(OR(L15="Partial",L15="M2"),2,IF(L15="N/A",0,1))) -> 1 | U15: =IF(L15="M4",1,IF(L15="M5",2,0)) -> 0 | V15: =T15+U15 -> 1 | W15: =IF(ISBLANK(L15),1,0) -> 1
A16: D1 #10 | B16: x | F16: 2.1 | G16: 3 | H16: 2.1 #3 | I16: จัดให้มีผู้บริหารระดับสูง(chief information security officer : CISO)หรือผู้บริหารที่รับผิดชอบในการบริหารจัดการความมั่นคงปลอดภัยด้าน IT มีคุณสมบัติและอำนาจหน้าที่ที่เหมาะสม | J16: M | K16: 1. สัมภาษณ์ คณะกรรมการของผู้ประกอบธุรกิจหรือคณะกรรมการที่ได้รับมอบหมายจากคณะกรรมการของผู้ประกอบธุรกิจ เกี่ยวกับโครงสร้างองค์กร โครงสร้างของฝ่ายงาน IT ขั้นตอนการกำหนดบทบาท หน้าที่และความรับผิดชอบให้กับหน่วยงานที่เกี่ยวข้องตามข้อกำหนด รวมถึงการตรวจสอบคุณสมบัติ ประสบการณ์ และความเชี่ยวชาญของบุคลากรดังกล่าว 2. สอบทานคุณสมบัติและอำนาจหน้าที่ของผู้บริหารระดับสูง (chief information security officer : CISO) หรือผู้บริหารที่รับผิดชอบในการบริหารจัดการความมั่นคงปลอดภัยด้าน IT ดังนี้ (1) มีความเป็นอิสระจากหน่วยงานที่ทำหน้าที่ปฏิบัติงานด้าน IT (IT operation) และงานด้านพัฒนาระบบด้าน IT (IT development) สอดคล้องตามหลักการถ่วงดุล (check and balance) ที่ดี (2) เป็นผู้ที่มีความรู้ความสามารถหรือมีประสบการณ์ด้าน IT และด้านการบริหารจัดการความมั่นคงปลอดภัยด้าน IT และ (3) มีอำนาจหน้าที่ (authority) เพียงพอในการปฏิบัติหน้าที่ได้อย่างมีประสิทธิภาพและประสิทธิผล โดยสามารถ ดำเนินการอย่างน้อย ดังนี้ (ก) รายงานปัญหาหรือเหตุการณ์ที่มีนัยสำคัญซึ่งกระทบต่อความมั่นคงปลอดภัยด้าน IT ต่อผู้บริหารในตำแหน่งสูงสุดขององค์กร และคณะกรรมการที่เกี่ยวข้องโดยตรง (ข) ให้ความเห็นด้านภัยคุกคามทางไซเบอร์และการบริหารจัดการความเสี่ยงด้านความมั่นคงปลอดภัยด้าน IT ต่อคณะกรรมการของผู้ประกอบธุรกิจ หรือ คณะกรรมการที่เกี่ยวข้องกับการบริหารจัดการและ กำกับดูแลการปฏิบัติงานด้าน IT และร่วมตัดสินใจดำเนินการในเรื่องความมั่นคงปลอดภัยด้าน IT และ ภัยคุกคามทางไซเบอร์ที่มีผลกระทบอย่างมีนัยสำคัญ | M16: =IFERROR(IF(N5="Maturity",HLOOKUP(L5,$O$2:$S$200,ROW()-1,0),"N/A"),"") -> N/A | N16: Yes/Partial/No | O16: N/A | P16: N/A | Q16: N/A | R16: N/A | S16: N/A | T16: =IF(OR(L16="Yes",L16="M3",L16="M4",L16="M5"),3,IF(OR(L16="Partial",L16="M2"),2,IF(L16="N/A",0,1))) -> 1 | U16: =IF(L16="M4",1,IF(L16="M5",2,0)) -> 0 | V16: =T16+U16 -> 1 | W16: =IF(ISBLANK(L16),1,0) -> 1
A17: D1 #11 | B17: x | F17: 2.1 | G17: 4 | H17: 2.1 #4 | I17: คณะกรรมการของผู้ประกอบธุรกิจอาจแต่งตั้งคณะกรรมการเพื่อทำหน้าที่ที่เกี่ยวข้องกับการกำกับดูแลด้าน IT Risk | J17: M | K17: 1. สอบทาน "เอกสารแต่งตั้งคณะกรรมการหรือคณะทำงานเกี่ยวกับการกำกับดูแลด้าน IT Risk" เพื่อให้มั่นใจว่ามีการกำหนดอำนาจ หน้าที่ และความรับผิดชอบของคณะทำงานด้านการกำกับดูแลด้าน IT Risk เพียงพอต่อการกำกับดูแลด้าน IT Risk เช่น (1) คณะกรรมการกำกับดูแลและบริหารจัดการด้าน IT (เช่น IT steering committee หรือคณะกรรมการที่ได้รับ มอบหมาย เป็นต้น) เพื่อดูแลให้มีการใช้งาน IT ที่สอดคล้องกับกลยุทธ์ของผู้ประกอบธุรกิจ (2) คณะกรรมการกำกับดูแลการบริหารความเสี่ยงด้าน IT (เช่น คณะกรรมการบริหารความเสี่ยง หรือ คณะกรรมการที่ได้รับมอบหมาย เป็นต้น) เพื่อดูแลให้มีการกำหนดนโยบายการบริหาร IT Risk รวมทั้ง กำกับดูแลและติดตามให้เป็นไปตามนโยบายที่กำหนดไว้ (3) คณะกรรมการกำกับดูแลการตรวจสอบด้าน IT (เช่น คณะกรรมการตรวจสอบ หรือคณะกรรมการที่ได้รับ มอบหมาย เป็นต้น) เพื่อให้ผู้ประกอบธุรกิจมีการตรวจสอบด้าน IT อย่างเป็นอิสระ ครอบคลุมถึงการปฏิบัติงานการบริหาร IT Risk และการกำกับดูแลการปฏิบัติตามกฎหมายและหลักเกณฑ์ที่เกี่ยวข้องกับ IT กรณีที่ไม่มีการแต่งตั้งคณะกรรมการใด ๆ เนื่องจากไม่มีความจำเป็นในบริบทขององค์กร ให้ผลการประเมินเป็น N/A | M17: =IFERROR(IF(N5="Maturity",HLOOKUP(L5,$O$2:$S$200,ROW()-1,0),"N/A"),"") -> N/A | N17: Yes/Partial/No | O17: N/A | P17: N/A | Q17: N/A | R17: N/A | S17: N/A | T17: =IF(OR(L17="Yes",L17="M3",L17="M4",L17="M5"),3,IF(OR(L17="Partial",L17="M2"),2,IF(L17="N/A",0,1))) -> 1 | U17: =IF(L17="M4",1,IF(L17="M5",2,0)) -> 0 | V17: =T17+U17 -> 1 | W17: =IF(ISBLANK(L17),1,0) -> 1
F18: นโยบายที่เกี่ยวข้องกับการกำกับดูแล IT Risk | T18: =IF(OR(L18="Yes",L18="M3",L18="M4",L18="M5"),3,IF(OR(L18="Partial",L18="M2"),2,IF(L18="N/A",0,1))) -> 1 | U18: =IF(L18="M4",1,IF(L18="M5",2,0)) -> 0 | V18: =T18+U18 -> 1
A19: D1 #12 | B19: x | C19: x | D19: x | F19: 2.2 | H19: 2.2 | I19: มีการจัดทำนโยบายการบริหารจัดการด้าน IT Risk (IT risk management policy) เป็นลายลักษณ์อักษร โดยต้องได้รับความเห็นชอบจากคณะกรรมการของผู้ประกอบธุรกิจหรือคณะกรรมการที่ได้รับมอบหมายจากคณะกรรมการของผู้ประกอบธุรกิจ | J19: H | K19: 1. สัมภาษณ์ ผู้บริหารหน่วยงานที่เกี่ยวข้องเกี่ยวกับขั้นตอนการจัดทำ ปรับปรุง และสื่อสารนโยบายการบริหารจัดการด้าน IT Risk (IT risk management policy) 2. สอบทาน “นโยบายการบริหารจัดการด้าน IT Risk (IT risk management policy)” เพื่อให้มั่นใจว่ามีการจัดทำนโยบายที่เกี่ยวข้องกับการกำกับดูแลด้าน IT Risk ที่สอดคล้องกับมาตรฐานที่เกี่ยวข้องเป็นลายลักษณ์อักษร และได้รับการอนุมัติโดยคณะกรรมการของผู้ประกอบธุรกิจ หรือคณะกรรมการที่ได้รับมอบหมายจากคณะกรรมการของผู้ประกอบธุรกิจ | M19: =IFERROR(IF(N5="Maturity",HLOOKUP(L5,$O$2:$S$200,ROW()-1,0),"N/A"),"") -> N/A | N19: Yes/Partial/No | O19: N/A | P19: N/A | Q19: N/A | R19: N/A | S19: N/A | T19: =IF(OR(L19="Yes",L19="M3",L19="M4",L19="M5"),3,IF(OR(L19="Partial",L19="M2"),2,IF(L19="N/A",0,1))) -> 1 | U19: =IF(L19="M4",1,IF(L19="M5",2,0)) -> 0 | V19: =T19+U19 -> 1 | W19: =IF(ISBLANK(L19),1,0) -> 1
A20: D1 #13 | B20: x | C20: x | D20: x | F20: 2.2.1 | H20: 2.2.1 | I20: มีการจัดทำนโยบายการบริหารจัดการด้าน IT Risk (IT risk management policy) เป็นลายลักษณ์อักษร โดยต้องได้รับความเห็นชอบจากคณะกรรมการของผู้ประกอบธุรกิจหรือคณะกรรมการที่ได้รับมอบหมายจากคณะกรรมการของผู้ประกอบธุรกิจ อย่างน้อยต้องครอบคลุมในเรื่องดังนี้ (1) บทบาทหน้าที่ของผู้ที่เกี่ยวข้องในการบริหารจัดการด้าน IT Risk (2) กระบวนการบริหารจัดการด้าน IT Risk เพื่อให้อยู่ในระดับที่องค์กรยอมรับได้ | J20: H | K20: 1. สอบทาน “นโยบายการบริหารจัดการด้าน IT Risk (IT risk management policy)” เพื่อให้มั่นใจว่านโยบายที่เกี่ยวข้องกับการกำกับดูแลด้าน IT Risk มีเนื้อหาครอบคลุมอย่างน้อย ดังนี้ (1) บทบาทหน้าที่ของผู้ที่เกี่ยวข้องในการบริหารจัดการ IT Risk (2) กระบวนการบริหารจัดการด้าน IT Risk เพื่อให้อยู่ในระดับที่องค์กรยอมรับได้ | M20: =IFERROR(IF(N5="Maturity",HLOOKUP(L5,$O$2:$S$200,ROW()-1,0),"N/A"),"") -> N/A | N20: Yes/Partial/No | O20: N/A | P20: N/A | Q20: N/A | R20: N/A | S20: N/A | T20: =IF(OR(L20="Yes",L20="M3",L20="M4",L20="M5"),3,IF(OR(L20="Partial",L20="M2"),2,IF(L20="N/A",0,1))) -> 1 | U20: =IF(L20="M4",1,IF(L20="M5",2,0)) -> 0 | V20: =T20+U20 -> 1 | W20: =IF(ISBLANK(L20),1,0) -> 1
A21: D1 #14 | B21: x | C21: x | D21: x | F21: 2.2.1(2) | G21: 1 | H21: 2.2.1(2) #1 | I21: มีการจัดทำเกณฑ์ความเสี่ยง (risk criteria) ที่ครอบคลุมถึงโอกาสหรือความถี่ที่จะเกิดเหตุการณ์ความเสี่ยง และความมีนัยสำคัญหรือผลกระทบที่จะเกิดขึ้นเพื่อจัดลำดับความสำคัญในการบริหารจัดการความเสี่ยง | J21: M | K21: 1. สอบทาน นโยบายการบริหารจัดการด้าน IT Risk (IT risk management policy ในหัวข้อ "เกณฑ์ความเสี่ยง (risk criteria)" เพื่อให้มั่นใจว่าเกณฑ์ครอบคลุมถึงโอกาสหรือความถี่ที่จะเกิดเหตุการณ์ความเสี่ยง (likelihood) และความมีนัยสำคัญหรือผลกระทบที่จะเกิดขึ้นเพื่อจัดลำดับความสำคัญในการบริหารจัดการความเสี่ยง (impact) | M21: =IFERROR(IF(N5="Maturity",HLOOKUP(L5,$O$2:$S$200,ROW()-1,0),"N/A"),"") -> N/A | N21: Yes/Partial/No | O21: N/A | P21: N/A | Q21: N/A | R21: N/A | S21: N/A | T21: =IF(OR(L21="Yes",L21="M3",L21="M4",L21="M5"),3,IF(OR(L21="Partial",L21="M2"),2,IF(L21="N/A",0,1))) -> 1 | U21: =IF(L21="M4",1,IF(L21="M5",2,0)) -> 0 | V21: =T21+U21 -> 1 | W21: =IF(ISBLANK(L21),1,0) -> 1
A22: D1 #15 | B22: x | C22: x | D22: x | F22: 2.2.1(2) | G22: 2 | H22: 2.2.1(2) #2 | I22: มีการกำหนดระดับความเสี่ยงที่ยอมรับได้ (IT risk appetite) ที่ผ่านการพิจารณาโดยคณะกรรมการบริหารความเสี่ยง (ถ้ามี) และได้รับการอนุมัติจากคณะกรรมการของผู้ประกอบธุรกิจ ทั้งนี้ ระดับความเสี่ยงที่ยอมรับได้ควรสอดคล้องกับการบริหารและจัดการความเสี่ยงขององค์กร (enterprise risk management) (ถ้ามี) | J22: M | K22: 1. สอบทาน นโยบายการบริหารจัดการด้าน IT Risk (IT risk management policy ในหัวข้อ "ระดับความเสี่ยงที่ยอมรับได้ (IT risk appetite)" เพื่อให้มั่นใจว่าผ่านการพิจารณาโดยคณะกรรมการบริหารความเสี่ยง (ถ้ามี) และได้รับการอนุมัติจากคณะกรรมการของผู้ประกอบธุรกิจ ทั้งนี้ ระดับความเสี่ยงที่ยอมรับได้ควรสอดคล้องกับการบริหารและจัดการความเสี่ยงขององค์กร (enterprise risk management) (ถ้ามี) | M22: =IFERROR(IF(N5="Maturity",HLOOKUP(L5,$O$2:$S$200,ROW()-1,0),"N/A"),"") -> N/A | N22: Yes/Partial/No | O22: N/A | P22: N/A | Q22: N/A | R22: N/A | S22: N/A | T22: =IF(OR(L22="Yes",L22="M3",L22="M4",L22="M5"),3,IF(OR(L22="Partial",L22="M2"),2,IF(L22="N/A",0,1))) -> 1 | U22: =IF(L22="M4",1,IF(L22="M5",2,0)) -> 0 | V22: =T22+U22 -> 1 | W22: =IF(ISBLANK(L22),1,0) -> 1
A23: D1 #16 | B23: x | C23: x | D23: x | F23: 2.2.1(2) | G23: 3 | H23: 2.2.1(2) #3 | I23: มีการจัดทำกระบวนการบริหารจัดการด้าน IT Risk และมีการประเมินความเสี่ยงอย่างน้อยปีละ 1 ครั้ง และเมื่อมีการเปลี่ยนแปลงระบบ IT อย่างมีนัยสำคัญ โดยมีรายละเอียดอย่างน้อย ดังนี้ (1) การระบุความเสี่ยง (risk identification) (2) การวิเคราะห์ความเสี่ยง (risk analysis) (3) การประเมินค่าความเสี่ยง (risk evaluation) (4) การจัดการความเสี่ยง (risk treatment) (5) การจัดทำทะเบียนความเสี่ยง (risk register) (6) การติดตามและทบทวนความเสี่ยง (risk monitor and review) (7) การรายงานความเสี่ยง (risk reporting) | J23: H | K23: 1. สอบทาน "นโยบายการบริหารจัดการด้าน IT Risk (IT risk management policy)" เพื่อให้มั่นใจว่ามีการประเมินความเสี่ยงอย่างน้อยปีละ 1 ครั้ง เมื่อมีการเปลี่ยนแปลงระบบ IT อย่างมีนัยสำคัญ และมีการจัดทำนโยบายดังกล่าวเพื่อให้ครอบคลุมหัวข้อที่สำคัญอย่างน้อยในเรื่องดังต่อไปนี้ (1) การระบุความเสี่ยง (risk identification) (2) การวิเคราะห์ความเสี่ยง (risk analysis) (3) การประเมินค่าความเสี่ยง (risk evaluation) (4) การจัดการความเสี่ยง (risk treatment) (5) การจัดทำทะเบียนความเสี่ยง (risk register) (6) การติดตามและทบทวนความเสี่ยง (risk monitor and review) (7) การรายงานความเสี่ยง (risk reporting) | M23: =IFERROR(IF(N5="Maturity",HLOOKUP(L5,$O$2:$S$200,ROW()-1,0),"N/A"),"") -> N/A | N23: Yes/Partial/No | O23: N/A | P23: N/A | Q23: N/A | R23: N/A | S23: N/A | T23: =IF(OR(L23="Yes",L23="M3",L23="M4",L23="M5"),3,IF(OR(L23="Partial",L23="M2"),2,IF(L23="N/A",0,1))) -> 1 | U23: =IF(L23="M4",1,IF(L23="M5",2,0)) -> 0 | V23: =T23+U23 -> 1 | W23: =IF(ISBLANK(L23),1,0) -> 1
A24: D1 #17 | B24: x | C24: x | D24: x | F24: 2.2.1(2) | G24: 3 | H24: 2.2.1(2) #3 | I24: การระบุความเสี่ยง (risk identification) จัดให้มีการระบุเหตุการณ์ความเสี่ยง (risk scenario) ด้าน IT ที่อาจจะเกิดขึ้นหรือที่เคยเกิดขึ้นจริงกับผู้ประกอบธุรกิจเอง หรือเกิดกับผู้อื่นที่ใช้งาน IT ในลักษณะเดียวกัน รวมถึงภัยคุกคามทางไซเบอร์และช่องโหว่ต่าง ๆ ที่ส่งผลกระทบต่อการดำเนินธุรกิจ โดยเหตุการณ์ความเสี่ยงดังกล่าวอาจมีสาเหตุมาจากปัจจัยภายใน (internal factor) เช่น กระบวนการปฏิบัติงาน ระบบงาน บุคลากร เป็นต้น รวมถึงปัจจัยภายนอกอื่น ๆ (external factor) เช่น การปฏิบัติตามกฎหมาย การใช้บริการ การเชื่อมต่อ หรือการเข้าถึงข้อมูลจากบุคคลภายนอก เป็นต้น | J24: M | K24: 1. สอบทาน "ทะเบียนความเสี่ยง (risk register)" เพื่อให้มั่นใจว่ามีการระบุเหตุการณ์ความเสี่ยง (risk scenario) ครอบคลุมเหตุการณืที่อาจจะเกิดขึ้นหรือที่เคยเกิดขึ้นจริงกับผู้ประกอบธุรกิจเอง หรือเกิดกับผู้อื่นที่ใช้งาน IT ในลักษณะเดียวกัน รวมถึงภัยคุกคามทางไซเบอร์และช่องโหว่ต่าง ๆ อันมีสาเหตุมาจากทั้งปัจจัยภายในและภายนอก | M24: =IFERROR(IF(N5="Maturity",HLOOKUP(L5,$O$2:$S$200,ROW()-1,0),"N/A"),"") -> N/A | N24: Yes/Partial/No | O24: N/A | P24: N/A | Q24: N/A | R24: N/A | S24: N/A | T24: =IF(OR(L24="Yes",L24="M3",L24="M4",L24="M5"),3,IF(OR(L24="Partial",L24="M2"),2,IF(L24="N/A",0,1))) -> 1 | U24: =IF(L24="M4",1,IF(L24="M5",2,0)) -> 0 | V24: =T24+U24 -> 1 | W24: =IF(ISBLANK(L24),1,0) -> 1
A25: D1 #18 | B25: x | C25: x | D25: x | F25: 2.2.1(2) | G25: 3 | H25: 2.2.1(2) #3 | I25: การวิเคราะห์ความเสี่ยง (risk analysis) จัดให้มีการวิเคราะห์ IT Risk เพื่อหาแนวทางในการจัดการความเสี่ยงอย่างเหมาะสม โดยครอบคลุมการดำเนินการอย่างน้อย ดังนี้ (1) กำหนดผู้รับผิดชอบต่อความเสี่ยง หรือเจ้าของความเสี่ยง (risk owner) (2) ระบุการควบคุมที่มีอยู่ในปัจจุบัน (existing control) (3) วิเคราะห์โอกาสหรือความถี่ที่จะเกิดเหตุการณ์ความเสี่ยง (likelihood) และความมีนัยสำคัญหรือผลกระทบที่จะเกิดขึ้น (potential impact) จากเหตุการณ์ดังกล่าว | J25: M | K25: 1. สอบทาน "ทะเบียนความเสี่ยง (risk register)" เพื่อให้มั่นใจว่ามีการวิเคราะห์ IT Risk อย่างเหมาะสมโดยพิจารณาดังนี้ (1) มีการกำหนดผู้รับผิดชอบต่อความสี่ยง หรือเจ้าของความเสี่ยง (risk owner) ครบทุกเหตุการณ์ความเสี่ยง (Risk Scenario) (2) มีการระบุการควบคุมที่มีอยู่ในปัจจุบัน (existing control) (3) มีการวิเคราะห์โอกาสหรือความถี่ที่จะเกิดเหตุการณ์ความเสี่ยง (likelihood) และความมีนัยสำคัญหรือผลกระทบที่จะเกิดขึ้น (potential impact) จากเหตุการณ์ดังกล่าวโดยอ้างอิงเกณฑ์ความเสี่ยง (risk criteria) ของบริษัท | M25: =IFERROR(IF(N5="Maturity",HLOOKUP(L5,$O$2:$S$200,ROW()-1,0),"N/A"),"") -> N/A | N25: Yes/Partial/No | O25: N/A | P25: N/A | Q25: N/A | R25: N/A | S25: N/A | T25: =IF(OR(L25="Yes",L25="M3",L25="M4",L25="M5"),3,IF(OR(L25="Partial",L25="M2"),2,IF(L25="N/A",0,1))) -> 1 | U25: =IF(L25="M4",1,IF(L25="M5",2,0)) -> 0 | V25: =T25+U25 -> 1 | W25: =IF(ISBLANK(L25),1,0) -> 1
A26: D1 #19 | B26: x | C26: x | D26: x | F26: 2.2.1(2) | G26: 3 | H26: 2.2.1(2) #3 | I26: การประเมินค่าความเสี่ยง (risk evaluation) จัดให้มีประเมินค่า IT Risk เพื่อจัดลำดับในการบริหารความเสี่ยงอย่างเหมาะสม โดยครอบคลุมการดำเนินการอย่างน้อย ดังนี้ (1) ประเมินผลลัพธ์ที่ได้จากการวิเคราะห์ความเสี่ยง ได้แก่ ค่าโอกาสและผลกระทบ (likelihood และ potential impact) กับเกณฑ์ความเสี่ยง (risk criteria) ที่กำหนดไว้ เพื่อระบุระดับค่าความเสี่ยงของแต่ละเหตุการณ์ด้าน IT Risk (2) จัดลำดับด้าน IT Risk | J26: M | K26: 1. สอบทาน นโยบายการบริหารจัดการด้าน IT Risk (IT risk management policy และ "เอกสารผลการประเมินด้าน IT Risk" ที่เกี่ยวข้องกับ " การประเมินค่าความเสี่ยง (risk evaluation)" เพื่อให้มั่นใจว่า มีการประเมินค่าด้าน IT Risk เพื่อจัดลำดับในการบริหารความเสี่ยงอย่างเหมาะสม โดยครอบคลุมการดำเนินการอย่างน้อย ดังนี้ (1) ประเมินผลลัพธ์ที่ได้จากการวิเคราะห์ความเสี่ยง ได้แก่ ค่าโอกาสและผลกระทบ (likelihood และ potential impact) กับเกณฑ์ความเสี่ยง (risk criteria) ที่กำหนดไว้ เพื่อระบุระดับค่าความเสี่ยงของแต่ละเหตุการณ์ IT Risk (2) จัดลำดับด้าน IT Risk 2. สอบทาน "ทะเบียนความเสี่ยง (risk register)" เพื่อให้มั่นใจว่ามีการประเมินค่า IT Risk เพื่อจัดลำดับในการบริหารความเสี่ยงอย่างเหมาะสม โดยพิจารณาดังนี้ (1) มีการประเมินผลลัพธ์ที่ได้จากการวิเคราะห์ความเสี่ยง เพื่อระบุระดับค่าความเสี่ยงของแต่ละเหตุการณ์ IT Risk (2) มีการจัดลำดับด้าน IT Risk | M26: =IFERROR(IF(N5="Maturity",HLOOKUP(L5,$O$2:$S$200,ROW()-1,0),"N/A"),"") -> N/A | N26: Yes/Partial/No | O26: N/A | P26: N/A | Q26: N/A | R26: N/A | S26: N/A | T26: =IF(OR(L26="Yes",L26="M3",L26="M4",L26="M5"),3,IF(OR(L26="Partial",L26="M2"),2,IF(L26="N/A",0,1))) -> 1 | U26: =IF(L26="M4",1,IF(L26="M5",2,0)) -> 0 | V26: =T26+U26 -> 1 | W26: =IF(ISBLANK(L26),1,0) -> 1
A27: D1 #20 | B27: x | F27: 2.2.1(2) | G27: 4 | H27: 2.2.1(2) #4 | I27: มีการประเมินด้าน IT Risk ให้เท่าทันต่อการเปลี่ยนแปลงความเสี่ยงขององค์กร (company risk profile) อันอาจจะเกิดจากปัจจัยทั้งภายในและภายนอกองค์กร เช่น การออกผลิตภัณฑ์ใหม่ การเปลี่ยนแปลงมาตรฐานและข้อกำหนดทางด้าน IT ในอุตสาหกรรม หรือการตรวจพบหรือมีข้อบ่งชี้ด้านความเสี่ยงทางด้าน IT ใหม่เกิดขึ้น เป็นต้น | J27: M | K27: 1. สอบทาน นโยบายการบริหารจัดการด้าน IT Risk (IT risk management policy) หรือวิธีปฏิบัติในการบริหารจัดการความเสี่ยง เพื่อให้มั่นใจว่า บริษัทจัดให้มีการประเมินด้าน IT Risk ให้เท่าทันต่อการเปลี่ยนแปลงความเสี่ยงขององค์กร (company risk profile) อันอาจจะเกิดจากปัจจัยทั้งภายในและภายนอกองค์กร เช่น การออกผลิตภัณฑ์ใหม่ การเปลี่ยนแปลงมาตรฐานและข้อกำหนดทางด้าน IT ในอุตสาหกรรม หรือการตรวจพบหรือมีข้อบ่งชี้ด้านความเสี่ยงทางด้าน IT ใหม่เกิดขึ้น เป็นต้น | M27: =IFERROR(IF(N5="Maturity",HLOOKUP(L5,$O$2:$S$200,ROW()-1,0),"N/A"),"") -> N/A | N27: Yes/Partial/No | O27: N/A | P27: N/A | Q27: N/A | R27: N/A | S27: N/A | T27: =IF(OR(L27="Yes",L27="M3",L27="M4",L27="M5"),3,IF(OR(L27="Partial",L27="M2"),2,IF(L27="N/A",0,1))) -> 1 | U27: =IF(L27="M4",1,IF(L27="M5",2,0)) -> 0 | V27: =T27+U27 -> 1 | W27: =IF(ISBLANK(L27),1,0) -> 1
A28: D1 #21 | B28: x | C28: x | D28: x | F28: 2.2.1(2) | G28: 5 | H28: 2.2.1(2) #5 | I28: การจัดการความเสี่ยง (risk treatment) มีการกำหนดให้มีแนวทางในการจัดการด้าน IT Risk อย่างเหมาะสมและสอดคล้องกับผลการประเมินความเสี่ยง (risk assessment) เพื่อให้ความเสี่ยงที่เหลืออยู่ (residual risk) อยู่ในระดับความเสี่ยงที่ยอมรับได้ (risk appetite) โดยครอบคลุมการดำเนินการอย่างน้อย ดังนี้ (1) การกำหนดแนวทางในการจัดการความเสี่ยง โดยพิจารณาถึงความคุ้มค่าและวิธีการที่เหมาะสมกับผู้ประกอบธุรกิจ เช่น การหยุดหรือหลีกเลี่ยงความเสี่ยง (risk avoidance) การลดหรือบรรเทาความเสี่ยง (risk mitigation) การโอนย้ายความเสี่ยงให้กับผู้อื่น (risk transference) และการยอมรับความเสี่ยงโดยการเสนอเหตุผลผู้บริหารเพื่อตัดสินใจ (risk acceptance) เป็นต้น (2) การระบุรายละเอียดของงานที่ต้องดำเนินการ ผู้รับผิดชอบ และระยะเวลาที่ใช้ในการดำเนินการ (3) การประเมินระดับค่าความเสี่ยงที่เหลืออยู่ (residual risk) ว่าอยู่ในระดับความเสี่ยงที่ยอมรับได้ (4) การขออนุมัติแผนการบริหารจัดการความเสี่ยงจากคณะกรรมการหรือผู้บริหารระดับสูงที่ได้รับมอบหมาย (5) การสื่อสารแผนการบริหารจัดการความเสี่ยงให้ผู้ที่เกี่ยวข้องรับทราบ | J28: M | K28: 1. สอบทาน นโยบายการบริหารจัดการด้าน IT Risk (IT risk management policy และ "เอกสารผลการประเมินด้าน IT Risk" ที่เกี่ยวข้องกับ "การจัดการความเสี่ยง (risk treatment)" เพื่อให้มั่นใจว่า มีแนวทางในการจัดการด้าน IT Risk อย่างเหมาะสมและสอดคล้องกับผลการประเมินความเสี่ยง (risk assessment) หลังได้รับการรับรองจากเจ้าของความเสี่ยง เพื่อให้ความเสี่ยงที่เหลืออยู่ (residual risk) อยู่ในระดับความเสี่ยงที่ยอมรับได้ (risk appetite) โดยครอบคลุมการดำเนินการอย่างน้อย ดังนี้ (1) การกำหนดแนวทางในการจัดการความเสี่ยง โดยพิจารณาถึงความคุ้มค่าและวิธีการที่เหมาะสมกับผู้ประกอบธุรกิจ (2) การระบุรายละเอียดของงานที่ต้องดำเนินการ ผู้รับผิดชอบ และระยะเวลาที่ใช้ในการดำเนินการ (3) การประเมินระดับค่าความเสี่ยงที่เหลืออยู่ (residual risk) ว่าอยู่ในระดับความเสี่ยงที่ยอมรับได้ (4) การขออนุมัติแผนการบริหารจัดการความเสี่ยงจากคณะกรรมการหรือผู้บริหารระดับสูงที่ได้รับมอบหมาย (5) การสื่อสารแผนการบริหารจัดการความเสี่ยงให้ผู้ที่เกี่ยวข้องรับทราบ 2. สอบทาน "ทะเบียนความเสี่ยง (risk register)" หรือเอกสารเกี่ยวกับแผนการจัดการความเสี่ยง (risk treatment plan) เพื่อให้มั่นใจว่ามีการจัดการด้าน IT Risk อย่างเหมาะสมและสอดคล้องกับผลการประเมินความเสี่ยง (risk assessment) เพื่อให้ความเสี่ยงที่เหลืออยู่ (residual risk) อยู่ในระดับความเสี่ยงที่ยอมรับได้ (risk appetite) โดยพิจารณาดังนี้ (1) มีการกำหนดแนวทางในการจัดการความเสี่ยง โดยพิจารณาถึงความคุ้มค่าและวิธีการที่เหมาะสมกับผู้ประกอบธุรกิจ เช่น การหยุดหรือหลีกเลี่ยงความเสี่ยง (risk avoidance) การลดหรือบรรเทาความเสี่ยง (risk mitigation) การโอนย้ายความเสี่ยงให้กับผู้อื่น (risk transference) และการยอมรับความเสี่ยงโดยการเสนอเหตุผลผู้บริหารเพื่อตัดสินใจ (risk acceptance) เป็นต้น (2) มีการระบุรายละเอียดของงานที่ต้องดำเนินการ ผู้รับผิดชอบ และระยะเวลาที่ใช้ในการดำเนินการ (3) มีการประเมินระดับค่าความเสี่ยงที่เหลืออยู่ (residual risk) ว่าอยู่ในระดับความเสี่ยงที่ยอมรับได้ (4) มีการขออนุมัติแผนการบริหารจัดการความเสี่ยงจากคณะกรรมการหรือผู้บริหารระดับสูงที่ได้รับมอบหมาย (5) มีการสื่อสารแผนการบริหารจัดการความเสี่ยงให้ผู้ที่เกี่ยวข้องรับทราบ | M28: =IFERROR(IF(N5="Maturity",HLOOKUP(L5,$O$2:$S$200,ROW()-1,0),"N/A"),"") -> N/A | N28: Yes/Partial/No | O28: N/A | P28: N/A | Q28: N/A | R28: N/A | S28: N/A | T28: =IF(OR(L28="Yes",L28="M3",L28="M4",L28="M5"),3,IF(OR(L28="Partial",L28="M2"),2,IF(L28="N/A",0,1))) -> 1 | U28: =IF(L28="M4",1,IF(L28="M5",2,0)) -> 0 | V28: =T28+U28 -> 1 | W28: =IF(ISBLANK(L28),1,0) -> 1
A29: D1 #22 | B29: x | C29: x | D29: x | F29: 2.2.1(2) | G29: 6 | H29: 2.2.1(2) #6 | I29: การจัดทำทะเบียนความเสี่ยง (risk register) ควรจัดให้มีทะเบียนความเสี่ยง (risk register) เพื่อบันทึกผลการประเมินความเสี่ยง และแนวทางในการจัดการความเสี่ยง โดยมีตัวอย่างรายละเอียด ดังนี้ (1) วันที่ประเมินความเสี่ยง (2) รายละเอียดเหตุการณ์ความเสี่ยง (3) โอกาสหรือความถี่ที่จะเกิดเหตุการณ์ความเสี่ยง (likelihood) (4) ความมีนัยสำคัญหรือผลกระทบที่จะเกิดขึ้น (potential impact) (5) ระดับค่าความเสี่ยงก่อนการควบคุม (inherent risk) (6) แนวทางจัดการความเสี่ยง (risk treatment) (7) เจ้าของความเสี่ยง (risk owner) (8) ระดับความเสี่ยงที่เหลืออยู่ (residual risk) (9) สถานะของการจัดการความเสี่ยง (status of risk treatment) | J29: H | K29: 1. สอบทาน "เอกสารผลการประเมินด้าน IT Risk" หรือ "ทะเบียนความเสี่ยง (risk register)" เพื่อให้มั่นใจว่า มีการบันทึกผลการประเมินความเสี่ยง และแนวทางในการจัดการความเสี่ยง โดยมีตัวอย่างรายละเอียด ดังนี้ (1) วันที่ประเมินความเสี่ยง (2) รายละเอียดเหตุการณ์ความเสี่ยง (3) โอกาสหรือความถี่ที่จะเกิดเหตุการณ์ความเสี่ยง (likelihood) (4) ความมีนัยสำคัญหรือผลกระทบที่จะเกิดขึ้น (potential impact) (5) ระดับค่าความเสี่ยงก่อนการควบคุม (inherent risk) (6) แนวทางจัดการความเสี่ยง (risk treatment) (7) เจ้าของความเสี่ยง (risk owner) (8) ระดับความเสี่ยงที่เหลืออยู่ (residual risk) (9) สถานะของการจัดการความเสี่ยง (status of risk treatment) | M29: =IFERROR(IF(N5="Maturity",HLOOKUP(L5,$O$2:$S$200,ROW()-1,0),"N/A"),"") -> N/A | N29: Yes/Partial/No | O29: N/A | P29: N/A | Q29: N/A | R29: N/A | S29: N/A | T29: =IF(OR(L29="Yes",L29="M3",L29="M4",L29="M5"),3,IF(OR(L29="Partial",L29="M2"),2,IF(L29="N/A",0,1))) -> 1 | U29: =IF(L29="M4",1,IF(L29="M5",2,0)) -> 0 | V29: =T29+U29 -> 1 | W29: =IF(ISBLANK(L29),1,0) -> 1
A30: D1 #23 | B30: x | C30: x | D30: x | F30: 2.2.1(2) | G30: 7 | H30: 2.2.1(2) #7 | I30: การติดตามและทบทวนความเสี่ยง (risk monitor and review) ควรจัดให้มีกระบวนการติดตามและทบทวน IT Risk โดยครอบคลุมการดำเนินการ ดังนี้ (1) การกำหนดผู้รับผิดชอบในการติดตามและทบทวนความเสี่ยง (2) การกำหนดดัชนีชี้วัดด้าน IT Risk ที่สำคัญ (IT key risk indicator) เพื่อให้สามารถติดตามแนวโน้มของ ความเสี่ยง และสามารถทบทวนมาตรการควบคุมความเสี่ยงได้อย่างมีประสิทธิภาพ (3) การติดตามความคืบหน้าของการดำเนินงานตามแผนการบริหารจัดการด้าน IT Risk | J30: M | K30: 1. สอบทาน "นโยบายการบริหารจัดการด้าน IT Risk (IT risk management policy)" เพื่อให้มั่นใจว่า มีกระบวนการติดตามและทบทวน IT Risk โดยครอบคลุมการดำเนินการ ดังนี้ (1) การกำหนดผู้รับผิดชอบในการติดตามและทบทวนความเสี่ยง (2) การติดตามความคืบหน้าของการดำเนินงานตามแผนการบริหารจัดการด้าน IT Risk 2. สอบทาน "หลักฐานการติดตามและทบทวนความเสี่ยง" เช่น "ดัชนีชี้วัดด้าน IT Risk ที่สำคัญ (IT key risk indicator)" เป็นต้น เพื่อให้มั่นใจว่าบริษัทมีการติดตามและทบทวนความเสี่ยงตามนโยบายที่กำหนดไว้ | M30: =IFERROR(IF(N5="Maturity",HLOOKUP(L5,$O$2:$S$200,ROW()-1,0),"N/A"),"") -> N/A | N30: Yes/Partial/No | O30: N/A | P30: N/A | Q30: N/A | R30: N/A | S30: N/A | T30: =IF(OR(L30="Yes",L30="M3",L30="M4",L30="M5"),3,IF(OR(L30="Partial",L30="M2"),2,IF(L30="N/A",0,1))) -> 1 | U30: =IF(L30="M4",1,IF(L30="M5",2,0)) -> 0 | V30: =T30+U30 -> 1 | W30: =IF(ISBLANK(L30),1,0) -> 1
A31: D1 #24 | B31: x | C31: x | D31: x | F31: 2.2.1(2) | G31: 8 | H31: 2.2.1(2) #8 | I31: การรายงานความเสี่ยง (risk reporting) ควรจัดให้มีการรายงานผลการประเมิน IT Risk และผลการบริหารจัดการ IT Risk ต่อคณะกรรมการของผู้ประกอบธุรกิจอย่างน้อยปีละ 1 ครั้ง | J31: M | K31: 1. สอบทาน "รายงานผลการประเมินความเสี่ยง" และ "รายงานผลการบริหารจัดการความเสี่ยง" เพื่อให้มั่นใจว่ามีการรายงานผลการประเมินด้าน IT Risk และผลการบริหารจัดการ IT Risk ต่อคณะกรรมการของผู้ประกอบธุรกิจ หรือ (ถ้ามี) คณะกรรมการตรวจสอบ อย่างน้อยปีละ 1 ครั้ง | M31: =IFERROR(IF(N5="Maturity",HLOOKUP(L5,$O$2:$S$200,ROW()-1,0),"N/A"),"") -> N/A | N31: Yes/Partial/No | O31: N/A | P31: N/A | Q31: N/A | R31: N/A | S31: N/A | T31: =IF(OR(L31="Yes",L31="M3",L31="M4",L31="M5"),3,IF(OR(L31="Partial",L31="M2"),2,IF(L31="N/A",0,1))) -> 1 | U31: =IF(L31="M4",1,IF(L31="M5",2,0)) -> 0 | V31: =T31+U31 -> 1 | W31: =IF(ISBLANK(L31),1,0) -> 1
A32: D1 #25 | B32: x | C32: x | D32: x | F32: 2.2.2 | H32: 2.2.2 | I32: นโยบายการรักษาความมั่นคงปลอดภัยด้าน IT (IT security policy) อย่างน้อยต้องครอบคลุมในเรื่องดังนี้ (1) โครงสร้างการบริหารงานเพื่อการรักษาความมั่นคงปลอดภัยด้าน IT (2) การบริหารจัดการบุคลากรที่ปฏิบัติงานด้าน IT หรือบุคคลภายนอก (3) การบริหารจัดการทรัพย์สินด้าน IT (4) การรักษาความมั่นคงปลอดภัยของข้อมูล (5) การควบคุมการเข้าถึงและระบบ IT (6) การควบคุมการเข้ารหัส (7) การรักษาความมั่นคงปลอดภัยทางกายภาพและสภาพแวดล้อม (8) มาตรการรักษาความมั่นคงปลอดภัยในการปฏิบัติงานด้าน IT (9) มาตรการรักษาความมั่นคงปลอดภัยเกี่ยวกับระบบเครือข่ายสื่อสาร (10) การบริหารจัดการโครงการด้าน IT และการจัดหา พัฒนาและบำรุงรักษาระบบ IT (11) การบริหารจัดการเหตุการณ์ผิดปกติด้าน IT และปัญหาด้าน IT (12) การจัดทำแผนฉุกเฉินด้าน IT | J32: H | K32: 1. สอบทาน “นโยบายการรักษาความมั่นคงปลอดภัยด้าน IT (IT security policy)” เพื่อให้มั่นใจว่ามีการจัดทำครอบคลุมทั้ง 12 หัวข้อ อย่างเป็นลายลักษณ์อักษร และได้รับการอนุมัติโดยคณะกรรมการของผู้ประกอบธุรกิจ หรือคณะกรรมการที่ได้รับมอบหมายจากคณะกรรมการของผู้ประกอบธุรกิจ | M32: =IFERROR(IF(N5="Maturity",HLOOKUP(L5,$O$2:$S$200,ROW()-1,0),"N/A"),"") -> N/A | N32: Yes/Partial/No | O32: N/A | P32: N/A | Q32: N/A | R32: N/A | S32: N/A | T32: =IF(OR(L32="Yes",L32="M3",L32="M4",L32="M5"),3,IF(OR(L32="Partial",L32="M2"),2,IF(L32="N/A",0,1))) -> 1 | U32: =IF(L32="M4",1,IF(L32="M5",2,0)) -> 0 | V32: =T32+U32 -> 1 | W32: =IF(ISBLANK(L32),1,0) -> 1
A33: D1 #26 | B33: x | C33: x | D33: x | F33: 2.3.1 | G33: 1 | H33: 2.3.1 #1 | I33: มีกระบวนการสื่อสารสร้างความตระหนักและทราบถึงนโยบายการบริหารจัดการ IT Risk และนโยบายการรักษาความมั่นคงปลอดภัยด้าน IT ของบริษัท เพื่อให้มั่นใจว่าพนักงานในบริษัท รวมถึงผู้ที่เกี่ยวข้องรับทราบตามบทบาทหน้าที่ ความรับผิดชอบ และสิทธิการเข้าถึงข้อมูล ในลักษณะที่สามารถเข้าถึงได้ง่าย และจะปฏิบัติตามนโยบายดังกล่าว ของบริษัท เช่น การลงนามรับทราบ การอบรม หรือ การตอบรับต่างๆ ให้แก่บุคคลที่เกี่ยวข้องรับทราบ | J33: M | K33: 1. สัมภาษณ์ผู้บริหารด้าน IT คณะกรรมการของผู้ประกอบธุรกิจหรือคณะกรรมการที่ได้รับมอบหมายจากคณะกรรมการของผู้ประกอบธุรกิจ เกี่ยวกับการสื่อสารและสร้างความตระหนักถึงการปฏิบัติตามนโยบายในการกำกับดูแลและบริหารจัดการ IT เพื่อให้มั่นใจว่ามีการสื่อสารนโยบายให้บุคคลที่เกี่ยวข้องเข้าใจและสามารถปฏิบัติตามนโยบายฯ ได้อย่างถูกต้อง 2. สอบทานเอกสารการประกาศใช้งานนโยบายในการกำกับดูแลและบริหารจัดการ IT ประกอบด้วย (1) นโยบายการบริหารจัดการ IT Risk (IT risk management policy) (2) นโยบายการรักษาความมั่นคงปลอดภัยด้าน IT (IT security policy) 3. สอบทาน “หลักฐานการรับทราบนโยบายการกำกับดูแลและบริหารจัดการ IT ของบริษัท” เพื่อให้มั่นใจว่าพนักงานในบริษัท รวมถึงผู้ที่เกี่ยวข้องรับทราบนโยบายและยอมรับที่จะปฏิบัติตามนโยบายดังกล่าว ตามบทบาทหน้าที่ ความรับผิดชอบ และสิทธิการเข้าถึงข้อมูล เช่น เอกสารลงนามในกรณีเป็นการลงนามรับทราบ เอกสารลงนามเข้าอบรมในกรณีเป็นการสื่อสารผ่านการอบรม อีเมลหรือรายงานทางอิเล็กทรอนิกส์ ในกรณีเป็นการตอบรับผ่านอีเมล หรือ เวบไซต์ภายในองค์กร ฯลฯ | M33: =IFERROR(IF(N5="Maturity",HLOOKUP(L5,$O$2:$S$200,ROW()-1,0),"N/A"),"") -> N/A | N33: Yes/Partial/No | O33: N/A | P33: N/A | Q33: N/A | R33: N/A | S33: N/A | T33: =IF(OR(L33="Yes",L33="M3",L33="M4",L33="M5"),3,IF(OR(L33="Partial",L33="M2"),2,IF(L33="N/A",0,1))) -> 1 | U33: =IF(L33="M4",1,IF(L33="M5",2,0)) -> 0 | V33: =T33+U33 -> 1 | W33: =IF(ISBLANK(L33),1,0) -> 1
A34: D1 #27 | B34: x | C34: x | D34: x | F34: 2.3.1 | G34: 1 | H34: 2.3.1 #1 | I34: สื่อสารนโยบายให้กับบุคคลภายนอก โดยพิจารณาถึงรายละเอียดที่บุคคลภายนอกควรรู้เพื่อให้สามารถปฏิบัติงานได้สอดคล้องกับนโยบายของผู้ประกอบธุรกิจ โดยคำนึงถึงความลับของการเปิดเผยข้อมูลด้วย | J34: M | K34: 1. สัมภาษณ์ คณะกรรมการของผู้ประกอบธุรกิจหรือคณะกรรมการที่ได้รับมอบหมายจากคณะกรรมการของผู้ประกอบธุรกิจ เกี่ยวกับนโยบายการบริหารจัดการ IT Risk และนโยบายการรักษาความมั่นคงปลอดภัยที่บุคคลภายนอกควรรรับทราบ รวมถึงกระบวนการสื่อสารนโยบายไปยังบุคคลดังกล่าว 2. สอบทาน "หลักฐานการสื่อสารนโยบายให้กับบุคคลภายนอก" เช่น ช่องทางอีเมล หรือเอกสารแนบท้ายของสัญญา เป็นต้น | M34: =IFERROR(IF(N5="Maturity",HLOOKUP(L5,$O$2:$S$200,ROW()-1,0),"N/A"),"") -> N/A | N34: Yes/Partial/No | O34: N/A | P34: N/A | Q34: N/A | R34: N/A | S34: N/A | T34: =IF(OR(L34="Yes",L34="M3",L34="M4",L34="M5"),3,IF(OR(L34="Partial",L34="M2"),2,IF(L34="N/A",0,1))) -> 1 | U34: =IF(L34="M4",1,IF(L34="M5",2,0)) -> 0 | V34: =T34+U34 -> 1 | W34: =IF(ISBLANK(L34),1,0) -> 1
A35: D1 #28 | B35: x | C35: x | D35: x | F35: 2.3.2 | G35: 1 | H35: 2.3.2 #1 | I35: มีการจัดทำและอนุมัติรายละเอียดขั้นตอนและวิธีปฏิบัติงานที่เกี่ยวข้องกับระบบ IT เป็นลายลักษณ์อักษร ตามนโยบายการบริหารจัดการด้าน IT Risk และนโยบายการรักษาความมั่นคงปลอดภัยด้าน IT เพื่อให้เจ้าหน้าที่ผู้ปฏิบัติงานด้าน IT สามารถปฏิบัติงานได้อย่างถูกต้อง รวมถึงมีการปรับปรุงขั้นตอนและวิธีปฏิบัติงานให้สอดคล้องกับนโยบายดังกล่าว | J35: M | K35: 1. สอบทานรายละเอียดขั้นตอนและวิธีปฏิบัติงานตามนโยบายการบริหารจัดการ IT Risk และนโยบายการรักษาความมั่นคงปลอดภัยด้าน IT เพื่อให้มั่นใจว่ามีการจัดทำรายละเอียดขั้นตอนและวิธีปฏิบัติงานตามนโยบายการบริหารจัดการ IT Risk และการรักษาความมั่นคงปลอดภัยด้าน IT อย่างเป็นลายลักษณ์อักษรเพียงพอต่อการดำเนินการต่างๆ 2. สอบทานผู้ลงนามอนุมัติรายละเอียดขั้นตอนและวิธีปฏิบัติงานการบริหารจัดการ IT Risk และนโยบายการรักษาความมั่นคงปลอดภัยด้าน IT เพื่อให้มั่นใจว่ารายละเอียดขั้นตอนและวิธีปฏิบัติงานฯ ได้รับการพิจารณาความเหมาะสม และลงนามอนุมัติโดยผู้บริหารที่เกี่ยวข้อง 3. สอบทานวันที่ และ รายละเอียดการปรับปรุงของเอกสารขั้นตอนและวิธีปฏิบัติงาน ที่เกี่ยวข้องกับ นโยบายการบริหารจัดการ IT Risk และนโยบายการรักษาความมั่นคงปลอดภัยด้าน IT ที่มีการเปลี่ยนแปลง เพื่อให้มั่นใจว่ามีการปรับปรุงขั้นตอนและวิธีปฏิบัติงานให้สอดคล้องกับนโยบายฯ ที่มีการเปลี่ยนแปลงและสอดคล้องกับการเปลี่ยนแปลงของความต้องการทางธุรกิจ ภัยคุกคาม เทคโนโลยี และภารกิจขององค์กร | M35: =IFERROR(IF(N5="Maturity",HLOOKUP(L5,$O$2:$S$200,ROW()-1,0),"N/A"),"") -> N/A | N35: Yes/Partial/No | O35: N/A | P35: N/A | Q35: N/A | R35: N/A | S35: N/A | T35: =IF(OR(L35="Yes",L35="M3",L35="M4",L35="M5"),3,IF(OR(L35="Partial",L35="M2"),2,IF(L35="N/A",0,1))) -> 1 | U35: =IF(L35="M4",1,IF(L35="M5",2,0)) -> 0 | V35: =T35+U35 -> 1 | W35: =IF(ISBLANK(L35),1,0) -> 1
A36: D1 #29 | B36: x | C36: x | D36: x | F36: 2.3.2 | G36: 2 | H36: 2.3.2 #2 | I36: กำหนดวิธีปฏิบัติในการขออนุมัติยกเว้น (exception) เพื่อรองรับกรณีผู้ประกอบธุรกิจไม่สามารถปฏิบัติตามนโยบาย ขั้นตอน และวิธีปฏิบัติที่กำหนดไว้ โดยจัดให้มีการประเมินความเสี่ยง กำหนดแนวทางการควบคุมความเสี่ยงอย่างเพียงพอเหมาะสม และขออนุมัติจากผู้มีอำนาจก่อนดำเนินการต่อไป โดยจัดเก็บหลักฐานการอนุมัติยกเว้นดังกล่าวอย่างเป็นลายลักษณ์อักษร * ผู้มีอำนาจในการอนุมัติยกเว้น ไม่ควรเป็นบุคคลที่อาจก่อให้เกิดความขัดแย้งทางผลประโยชน์ (conflict of interest) และการกำหนดผู้มีอำนาจอนุมัติยกเว้น ควรเป็นไปตามหลักการบริหารจัดการความเสี่ยงที่ดี (good governance) ** ผู้ประกอบธุรกิจสามารถให้ผู้บริหารของฝ่ายงาน เช่น Head of IT เป็นต้น เป็นผู้อนุมัติยกเว้นได้ กรณีที่การอนุมัติยกเว้นนั้น ได้รับการประเมินแล้วว่ามีความเสี่ยงต่ำ และผู้บริหารของฝ่ายงานดังกล่าว ได้รับการอนุมัติจากคณะกรรมการหรือผู้บริหารระดับสูงของผู้ประกอบธุรกิจเป็นการล่วงหน้า (pre-authorized) ให้เป็นผู้ที่สามารถอนุมัติยกเว้นข้อกำหนดที่มีความเสี่ยงต่ำได้ โดยผู้ประกอบธุรกิจควรรายงานการอนุมัติยกเว้นดังกล่าวให้คณะกรรมการ หรือผู้บริหารระดับสูงที่เกี่ยวข้องทราบ ตามกรอบระยะเวลาที่เหมาะสม | J36: H | K36: 1. สัมภาษณ์ผู้บริหารด้าน IT เกี่ยวกับกระบวนการขออนุมัติยกเว้น (exception)กรณีไม่สามารถปฏิบัติตามนโยบาย ขั้นตอนและวิธีปฏิบัติที่กำหนดไว้ เพื่อให้มั่นใจว่าการขออนุมัติยกเว้นดังกล่าวได้รับการพิจารณาโดยผู้มีอำนาจอย่างเหมาะสม 2. สอบทาน "วิธีปฏิบัติในการขออนุมัติยกเว้น (exception)" ในรายละเอียดขั้นตอนการปฏิบัติงานเพื่อให้มั่นใจว่า มีการระบุวิธีปฏิบัติในการขออนุมัติยกเว้น (exception) สำหรับกรณีที่มีความจำเป็นไม่สามารถปฏิบัติตามนโยบาย ขั้นตอน และวิธีปฏิบัติที่กำหนดไว้ โดยครอบคลุมถึงการประเมินความเสี่ยง การกำหนดแนวทางการควบคุมความเสี่ยงอย่างเพียงพอและเหมาะสม ได้รับการเห็นและอนุมัติจากผู้มีอำนาจ 3. อ้างอิงจากการตรวจสอบในข้ออื่นๆ หากพบกรณีที่ผู้ประกอบธุรกิจไม่สามารถปฏิบัติตามนโยบาย ขั้นตอน และวิธีปฏิบัติที่กำหนดไว้ ให้สุ่มสอบทาน "เอกสารการขออนุมัติยกเว้น (exception)" ที่ผู้ประกอบธุรกิจจัดทำขึ้น เพื่อให้มั่นใจได้ว่าดำเนินการจัดทำครบถ้วนตามที่ได้กำหนดไว้ในรายละเอียดขั้นตอนการปฏิบัติงาน | M36: =IFERROR(IF(N5="Maturity",HLOOKUP(L5,$O$2:$S$200,ROW()-1,0),"N/A"),"") -> N/A | N36: Yes/Partial/No | O36: N/A | P36: N/A | Q36: N/A | R36: N/A | S36: N/A | T36: =IF(OR(L36="Yes",L36="M3",L36="M4",L36="M5"),3,IF(OR(L36="Partial",L36="M2"),2,IF(L36="N/A",0,1))) -> 1 | U36: =IF(L36="M4",1,IF(L36="M5",2,0)) -> 0 | V36: =T36+U36 -> 1 | W36: =IF(ISBLANK(L36),1,0) -> 1
A37: D1 #30 | B37: x | C37: x | D37: x | F37: 2.3.2 | G37: 3 | H37: 2.3.2 #3 | I37: มีการสอบทานความเหมาะสมของรายการขออนุมัติยกเว้น ตลอดจนแนวทางการควบคุมความเสี่ยงอย่างน้อยปีละ 1 ครั้ง เพื่อทบทวนแนวทางการดำเนินการให้มีความเหมาะสมต่อความเสี่ยงที่อาจมีการเปลี่ยนแปลงไปตามสภาพแวดล้อมการประกอบธุรกิจและการใช้งานเทคโนโลยีสารสนเทศในการประกอบธุรกิจ | J37: H | K37: 1. สอบทานหลักฐานการทบทวนรายการการขออนุมัติยกเว้น (exception) ซึ่งได้รับการอนุมัติจากผู้มีอำนาจ | M37: =IFERROR(IF(N5="Maturity",HLOOKUP(L5,$O$2:$S$200,ROW()-1,0),"N/A"),"") -> N/A | N37: Yes/Partial/No | O37: N/A | P37: N/A | Q37: N/A | R37: N/A | S37: N/A | T37: =IF(OR(L37="Yes",L37="M3",L37="M4",L37="M5"),3,IF(OR(L37="Partial",L37="M2"),2,IF(L37="N/A",0,1))) -> 1 | U37: =IF(L37="M4",1,IF(L37="M5",2,0)) -> 0 | V37: =T37+U37 -> 1 | W37: =IF(ISBLANK(L37),1,0) -> 1
A38: D1 #31 | B38: x | C38: x | D38: x | F38: 2.3.3 | H38: 2.3.3 | I38: มีการสื่อสารให้บุคคลที่เกี่ยวข้องได้รับทราบเกี่ยวกับการเปลี่ยนแปลงนโยบายการบริหารจัดการ IT Risk และนโยบายการรักษาความมั่นคงปลอดภัยด้าน IT อย่างทั่วถึง และมีการปรับปรุงขั้นตอนและวิธีปฏิบัติงานให้สอดคล้องกับการเปลี่ยนแปลงดังกล่าว | J38: M | K38: 1. สัมภาษณ์ผู้บริหารเกี่ยวกับวิธีการสื่อสารนโยบายการบริหารจัดการด้าน IT Risk และนโยบายการรักษาความมั่นคงปลอดภัยด้าน IT เมื่อมีการปรับปรุง (update) นโยบายดังกล่าว 2. สอบทานหลักฐานการสื่อสารนโยบายที่มีการปรับปรุง และเอกสารการรับทราบนโยบายฯ ของพนักงาน เพื่อให้มั่นใจว่าบุคคลที่เกี่ยวข้องได้รับทราบอย่างทั่วถึง 3. สอบทานขั้นตอนการปฏิบัติงานที่เกี่ยวข้อง เพื่อให้มั่นใจว่า มีปรับปรุงขั้นตอนและวิธีปฏิบัติงานให้สอดคล้องกับการเปลี่ยนแปลงดังกล่าว | M38: =IFERROR(IF(N5="Maturity",HLOOKUP(L5,$O$2:$S$200,ROW()-1,0),"N/A"),"") -> N/A | N38: Yes/Partial/No | O38: N/A | P38: N/A | Q38: N/A | R38: N/A | S38: N/A | T38: =IF(OR(L38="Yes",L38="M3",L38="M4",L38="M5"),3,IF(OR(L38="Partial",L38="M2"),2,IF(L38="N/A",0,1))) -> 1 | U38: =IF(L38="M4",1,IF(L38="M5",2,0)) -> 0 | V38: =T38+U38 -> 1 | W38: =IF(ISBLANK(L38),1,0) -> 1
A39: D1 #32 | B39: x | C39: x | D39: x | F39: 2.4 | H39: 2.4 | I39: มีการทบทวนหรือปรับปรุงนโยบายการบริหารจัดการ IT Risk และนโยบายการรักษาความมั่นคงปลอดภัยด้าน ITอย่างน้อยปีละ 1 ครั้งโดยไม่ชักช้าเมื่อมีเหตุการณ์ใด ๆ ซึ่งอาจส่งผลกระทบต่อการกำกับดูแลและบริหารจัดการ IT Risk อย่างมีนัยสำคัญ | J39: M | K39: 1. สอบทานหลักฐานการทบทวนหรือปรับปรุงประสิทธิผลและความเหมาะสมของนโยบายการบริหารจัดการ IT Risk และนโยบายการรักษาความมั่นคงปลอดภัยด้าน IT จากคณะกรรมการของผู้ประกอบธุรกิจ เพื่อให้มีความเพียงพอ และสอดคล้องต่อความต้องการของธุรกิจ รวมทั้งการทบทวนเพื่อให้มั่นใจว่ามีการจัดทำกระบวนการดังกล่าวอย่างน้อยปีละ 1 ครั้ง โดยไม่ชักช้าเมื่อมีเหตุการณ์ใด ๆ ซึ่งอาจส่งผลกระทบต่อการกำกับดูแลและบริหารจัดการ IT Risk อย่างมีนัยสำคัญ | M39: =IFERROR(IF(N5="Maturity",HLOOKUP(L5,$O$2:$S$200,ROW()-1,0),"N/A"),"") -> N/A | N39: Yes/Partial/No | O39: N/A | P39: N/A | Q39: N/A | R39: N/A | S39: N/A | T39: =IF(OR(L39="Yes",L39="M3",L39="M4",L39="M5"),3,IF(OR(L39="Partial",L39="M2"),2,IF(L39="N/A",0,1))) -> 1 | U39: =IF(L39="M4",1,IF(L39="M5",2,0)) -> 0 | V39: =T39+U39 -> 1 | W39: =IF(ISBLANK(L39),1,0) -> 1
W40: =SUM(W5:W39) -> 32
L42: Remarks | M42: =IF(W40>0,"โปรดระวัง ท่านยังไม่ได้บันทึกผลการประเมินในข้อดังนี้","ตอบแบบประเมินครบถ้วน") -> โปรดระวัง ท่านยังไม่ได้บันทึกผลการประเมินในข้อดังนี้ | X42: =COUNTIF(N5:N39,"Maturity") -> 3
M43: =IF(ISBLANK(L5),_xlfn.CONCAT(A5," , "),"")& IF(ISBLANK(L6),_xlfn.CONCAT(A6," , "),"")& IF(ISBLANK(L7),_xlfn.CONCAT(A7," , "),"")& IF(ISBLANK(L8),_xlfn.CONCAT(A8," , "),"")& IF(ISBLANK(L9),_xlfn.CONCAT(A9," , "),"")& IF(ISBLANK(L10),_xlfn.CONCAT(A10," , "),"")& IF(ISBLANK(L11),_xlfn.CONCAT(A11," , "),"")& IF(ISBLANK(L14),_xlfn.CONCAT(A14," , "),"")& IF(ISBLANK(L15),_xlfn.CONCAT(A15," , "),"")& IF(ISBLANK(L16),_xlfn.CONCAT(A16," , "),"")& IF(ISBLANK(L17),_xlfn.CONCAT(A17," , "),"")& IF(ISBLANK(L19),_xlfn.CONCAT(A19," , "),"")& IF(ISBLANK(L20),_xlfn.CONCAT(A20," , "),"")& IF(ISBLANK(L21),_xlfn.CONCAT(A21," , "),"")& IF(ISBLANK(L22),_xlfn.CONCAT(A22," , "),"")& IF(ISBLANK(L23),_xlfn.CONCAT(A23," , "),"")& IF(ISBLANK(L24),_xlfn.CONCAT(A24," , "),"")& IF(ISBLANK(L25),_xlfn.CONCAT(A25," , "),"")& IF(ISBLANK(L26),_xlfn.CONCAT(A26," , "),"")& IF(ISBLANK(L27),_xlfn.CONCAT(A27," , "),"")& IF(ISBLANK(L28),_xlfn.CONCAT(A28," , "),"")& IF(ISBLANK(L29),_xlfn.CONCAT(A29," , "),"")& IF(ISBLANK(L30),_xlfn.CONCAT(A30," , "),"")& IF(ISBLANK(L31),_xlfn.CONCAT(A31," , "),"")& IF(ISBLANK(L32),_xlfn.CONCAT(A32," , "),"")& IF(ISBLANK(L33),_xlfn.CONCAT(A33," , "),"")& IF(ISBLANK(L34),_xlfn.CONCAT(A34," , "),"")& IF(ISBLANK(L35),_xlfn.CONCAT(A35," , "),"")& IF(ISBLANK(L36),_xlfn.CONCAT(A36," , "),"")& IF(ISBLANK(L37),_xlfn.CONCAT(A37," , "),"")& IF(ISBLANK(L38),_xlfn.CONCAT(A38," , "),"")& IF(ISBLANK(L39),A39,"") -> D1 #1 , D1 #2 , D1 #3 , D1 #4 , D1 #5 , D1 #6 , D1 #7 , D1 #8 , D1 #9 , D1 #10 , D1 #11 , D1 #12 , D1 #13 , D1 #14 , D1 #15 , D1 #16 , D1 #17 , D1 #18 , D1 #19 , D1 #20 , D1 #21 , D1 #22 , D1 #23 , D1 #24 , D1 #25 , D1 #26 , D1 #27 , D1 #28 , D1 #29 , D1 #30 , D1 #31 , D1 #32

Sheet D2.1
A1: # control ID | B1: H | C1: M | D1: L | E1: S | F1: สธ. 38/2565 (ปรับปรุงแก้ไขโดย สธ. 33/2567) | G1: นป. 6/2567 | H1: การควบคุมที่ สธ. # นป. | I1: การควบคุมที่ควรมี | J1: ระดับความสำคัญของ การควบคุม | K1: ตัวอย่างวิธีการเก็บหลักฐาน (Methods of obtaining audit evidence) สามารถนำไปปรับใช้ประกอบการประเมินได้ | L1: ผลการประเมิน | M1: คำอธิบาย | N1: ประเภทการวัดผล | O1: Maturity Level 1 (M1) | P1: Maturity Level 2 (M2) | Q1: Maturity Level 3 (M3) | R1: Maturity Level 4 (M4) | S1: Maturity Level 5 (M5)
F2: หมวดที่ 2 การรักษาความมั่นคงปลอดภัยด้าน IT (Information Technology Security) | O2: M1 | P2: M2 | Q2: M3 | R2: M4 | S2: M5
F3: ส่วนที่ 1 โครงสร้างการบริหารงานเพื่อการรักษาความมั่นคงปลอดภัยด้าน IT (organization of information technology security)
F4: โครงสร้างการบริหารงานเพื่อการรักษาความมั่นคงปลอดภัยด้าน IT
A5: D2.1 #1 | B5: x | C5: x | D5: x | F5: 1.1 | H5: 1.1 | I5: มีการกำหนดโครงสร้างภายในองค์กร (organizational structure) ในการปฏิบัติงานด้าน IT โดยมีรายละเอียดหน้าที่และความรับผิดชอบของบุคลากรอย่างเป็นลายลักษณ์อักษร | J5: M | K5: 1. สัมภาษณ์ ผู้บริหารที่เกี่ยวข้องกับการจัดทำโครงสร้างองค์กรของฝ่ายปฏิบัติงานด้าน IT รวมถึงขั้นตอนการกำหนดบทบาท หน้าที่และความรับผิดชอบให้กับบุคคลากรผู้ปฏิบัติงานด้าน IT 2. สอบทาน "แผนผังองค์กรสารสนเทศ (IT organization chart)" เทียบกับ "คำบรรยายลักษณะงาน (job description)" เพื่อให้มั่นใจว่ามีการจัดทำเอกสารคำบรรยายลักษณะงานที่ระบุบทบาทหน้าที่และความรับผิดชอบครบถ้วนตามแผนผังองค์กรสารสนเทศ รวมทั้งได้รับการอนุมัติโดยผู้บริหารที่เกี่ยวข้อง (M4) 3. สอบทาน "หลักฐานการสอบทานเอกสารคำบรรยายลักษณะงาน (job description)" เพื่อให้มั่นใจว่า มีการปรับปรุงรายละเอียดบทบาทหน้าที่ และความรับผิดชอบให้เป็นปัจจุบันอยู่เสมอ (M5) 4. สอบทาน "หลักฐานการติดตามเชิงรุกต่อการเปลี่ยนแปลงบทบาทหน้าที่ผู้ปฏิบัติงานด้าน IT" เพื่อให้มั่นใจว่า มีการติดตามเชิงรุกต่อการเปลี่ยนแปลงบทบาทหน้าที่ผู้ปฏิบัติงานด้าน IT เช่น เมื่อมีการเพิ่มหรือลดตำแหน่ง/เจ้าหน้าที่ จะมีการปรับปรุงเอกสารคำบรรยายลักษณะงานให้มีความเป็นปัจจุบันได้อย่างทันท่วงที | M5: =IFERROR(IF(N5="Maturity",HLOOKUP(L5,$O$2:$S$200,ROW()-1,0),"N/A"),"") | N5: Maturity | O5: ผู้ประกอบธุรกิจไม่มีการกำหนดโครงสร้างภายในองค์กรในการปฏิบัติงานด้าน IT | P5: ผู้ประกอบธุรกิจกำหนดโครงสร้างในการปฏิบัติงานด้าน ITแต่ไม่มีการระบุรายละเอียดหน้าที่และความรับผิดชอบของบุคลากรไว้เป็นลายลักษณ์อักษร หรือมีการระบุรายละเอียดหน้าที่และความรับผิดชอบแต่เนื้อหาไม่ครบถ้วนสมบูรณ์ หรือไม่ได้รับการอนุมัติจากกรรมการบริษัท | Q5: ผู้ประกอบธุรกิจกำหนดโครงสร้างภายในองค์กรในการปฏิบัติงานด้าน IT โดยมีรายละเอียดบทบาท หน้าที่และความรับผิดชอบของบุคลากรครบถ้วน และเป็นลายลักษณ์อักษร | R5: มีการจัดทำตาม Maturity Level 3 รวมถึงมีการสอบทานรายละเอียดบทบาท หน้าที่และความรับผิดชอบของผู้ปฏิบัติงานด้าน IT ให้เป็นปัจจุบันอยู่เสมอ | S5: มีการจัดทำตาม Maturity Level 4 รวมถึงมีการติดตามเชิงรุกต่อการเปลี่ยนแปลงบทบาทหน้าที่ผู้ปฏิบัติงานด้าน IT เพื่อนำไปปรับปรุงเอกสารคำบรรยายลักษณะงานให้มีความเป็นปัจจุบันได้อย่างทันท่วงที | T5: =IF(OR(L5="Yes",L5="M3",L5="M4",L5="M5"),3,IF(OR(L5="Partial",L5="M2"),2,IF(L5="N/A",0,1))) -> 1 | U5: =IF(L5="M4",1,IF(L5="M5",2,0)) -> 0 | V5: =T5+U5 -> 1 | W5: =IF(ISBLANK(L5),1,0) -> 1
A6: D2.1 #2 | B6: x | C6: x | D6: x | F6: 1.2 | G6: 1 | H6: 1.2 #1 | I6: มีการแบ่งแยกหน้าที่ในการปฏิบัติงานด้านต่าง ๆ ที่เกี่ยวกับความมั่นคงปลอดภัยของระบบเทคโนโลยีสารสนเทศ อย่างชัดเจน เพื่อให้มีการสอบทานการปฏิบัติงานระหว่างกัน เพื่อลดข้อผิดพลาดในการปฏิบัติงานและลดโอกาสการกระทำผิด (fraud) เช่น แบ่งแยกผู้พัฒนาระบบงาน (developer) ออกจากผู้มีสิทธิในการนำระบบขึ้นใช้งานจริง เป็นต้น หรือจัดให้มีมาตรการควบคุมทดแทน เช่น การจัดให้มีกระบวนการติดตามและตรวจสอบการปฏิบัติงานของบุคลากรที่เกี่ยวข้องอย่างใกล้ชิดและสม่ำเสมอ เป็นต้น กรณีที่ไม่สามารถแบ่งแยกหน้าที่ความรับผิดชอบได้เนื่องจากข้อจำกัดทางด้านขนาดของธุรกิจหรือบุคลากร | J6: H | K6: 1. สัมภาษณ์ ผู้บริหารด้าน IT ผู้บริหารที่เกี่ยวข้องเกี่ยวโครงสร้างองค์กรของฝ่ายปฏิบัติงานด้าน IT เพื่อให้มั่นใจว่ามีการแบ่งแยกหน้าที่และความรับผิดชอบของผู้ปฏิบัติงานด้าน IT อย่างชัดเจน 2. สอบทาน "แผนผังองค์กรสารสนเทศ (IT organization chart)" เทียบกับ "คำบรรยายลักษณะงาน (job description)" เพื่อให้มั่นใจว่า มีการแบ่งแยกหน้าที่และความรับผิดชอบตามหลักการแบ่งแยกหน้าที่ที่ดี เช่น แยกผู้พัฒนาระบบงาน (developer) ออกจากผู้มีสิทธิในการนำระบบขึ้นใช้งานจริง 3. สอบทานสิทธิ์ หรือ log บนระบบเพื่อให้มั่นใจว่ามีการแบ่งแยกหน้าที่และสอบทานการปฏิบัติงานที่สำคัญ เช่น การนำระบบขึ้นใช้งานจริง เป็นต้น 4. สอบทานการควบคุมทดแทน เช่น การจัดให้มีกระบวนการติดตามและตรวจสอบการปฏิบัติงานของบุคลากรที่เกี่ยวข้องอย่างใกล้ชิดและสม่ำเสมอ เป็นต้น กรณีที่ไม่สามารถแบ่งแยกหน้าที่ความรับผิดชอบได้เนื่องจากข้อจำกัดทางด้านขนาดของธุรกิจหรือบุคลากร (M4) 5. สอบทาน "หลักฐานการสอบทานการปฏิบัติงานด้าน IT" โดยบุคคลหรือหน่วยงานที่มีความเป็นอิสระจากหน่วยงานที่ทำหน้าที่ปฏิบัติงาน เพื่อให้มั่นใจว่าการปฏิบัติงานด้าน IT ที่สำคัญมีผู้ปฏิบัติและผู้ตรวจสอบ ตามหลักการแบ่งแยกหน้าที่/การสอบทานงานที่ดี (M5) 6. สอบทาน การใช้เครื่องมืออัตโนมัติในการสอบทานการทำงานของผู้ปฏิบัติงานด้าน IT เช่น ระบบติดตามการทำงานของผู้ปฏิบัติงานที่เกี่ยวกับ IT Security เพื่อป้องกันการปฏิบัติงานดังกล่าวโดยไม่ได้รับอนุญาต | M6: =IFERROR(IF(N6="Maturity",HLOOKUP(L6,$O$2:$S$200,ROW()-1,0),"N/A"),"") | N6: Maturity | O6: ผู้ประกอบธุรกิจไม่มีการแบ่งแยกหน้าที่ในการปฏิบัติงานที่เกี่ยวกับความมั่นคงปลอดภัยของระบบเทคโนโลยีสารสนเทศ และไม่มีมาตรการควบคุมทดแทนในกรณีที่ไม่สามารถแบ่งแยกหน้าที่ตามข้อกำหนดได้ | P6: ผู้ประกอบธุรกิจมีการแบ่งแยกบางหน้าที่งานในการปฏิบัติงานที่เกี่ยวกับความมั่นคงปลอดภัยของระบบเทคโนโลยีสารสนเทศ | Q6: ผู้ประกอบธุรกิจมีการแบ่งแยกหน้าที่ในการปฏิบัติงานที่เกี่ยวกับความมั่นคงปลอดภัยของระบบเทคโนโลยี อย่างชัดเจน และมีมาตรการควบคุมทดแทนในกรณีที่ไม่สามารถแบ่งแยกหน้าที่ตามข้อกำหนดได้ | R6: มีการจัดทำตาม Maturity Level 3 รวมถึงมีการสอบทานการทำงานโดย บุคคลหรือหน่วยงานที่มีความเป็นอิสระจากหน่วยงานที่ทำหน้าที่ปฏิบัติงาน เพื่อให้มั่นใจว่าผู้ปฏิบัติงานดังกล่าวมีการปฏิบัติงานตามหลักการแบ่งแยกหน้าที่ที่ดี | S6: มีการจัดทำตาม Maturity Level 4 โดยการใช้เครื่องมืออัตโนมัติ (automated monitoring) ในการติดตามการทำงานของผู้ปฏิบัติงานที่เกี่ยวกับความมั่นคงปลอดภัยของระบบเทคโนโลยีสารสนเทศ เพื่อให้มั่นใจว่าผู้ปฏิบัติงานดังกล่าว ปฏิบัติงานตามหลักการแบ่งแยกหน้าที่ที่ดี เช่น มีการตั้งค่าให้แจ้งเตือนอัตโนมัติหากผู้ปฏิบัติงานทำรายการที่ผิดหลักการแบ่งแยกหน้าที่งานในระบบ เป็นต้น | T6: =IF(OR(L6="Yes",L6="M3",L6="M4",L6="M5"),3,IF(OR(L6="Partial",L6="M2"),2,IF(L6="N/A",0,1))) -> 1 | U6: =IF(L6="M4",1,IF(L6="M5",2,0)) -> 0 | V6: =T6+U6 -> 1 | W6: =IF(ISBLANK(L6),1,0) -> 1
W7: =SUM(W5:W6) -> 2 | Y7: =COUNTIF(N5:N6,"Maturity") -> 2
L8: Remarks | M8: =IF(W7>0,"โปรดระวัง ท่านยังไม่ได้บันทึกผลการประเมินในข้อดังนี้","ตอบแบบประเมินครบถ้วน") -> โปรดระวัง ท่านยังไม่ได้บันทึกผลการประเมินในข้อดังนี้
M9: =IF(ISBLANK(L5),_xlfn.CONCAT(A5," , "),"")& IF(ISBLANK(L6),A6,"") -> D2.1 #1 , D2.1 #2

Sheet D2.2
A1: # control ID | B1: H | C1: M | D1: L | E1: S | F1: สธ. 38/2565 (ปรับปรุงแก้ไขโดย สธ. 33/2567) | G1: นป. 6/2567 | H1: การควบคุมที่ สธ. # นป. | I1: การควบคุมที่ควรมี | J1: ระดับความสำคัญของ การควบคุม | K1: ตัวอย่างวิธีการเก็บหลักฐาน (Methods of obtaining audit evidence) สามารถนำไปปรับใช้ประกอบการประเมินได้ | L1: ผลการประเมิน | M1: คำอธิบาย | N1: ประเภทการวัดผล | O1: Maturity Level 1 (M1) | P1: Maturity Level 2 (M2) | Q1: Maturity Level 3 (M3) | R1: Maturity Level 4 (M4) | S1: Maturity Level 5 (M5)
F2: หมวดที่ 2 การรักษาความมั่นคงปลอดภัยด้าน IT (Information Technology Security) | O2: M1 | P2: M2 | Q2: M3 | R2: M4 | S2: M5
F3: ส่วนที่ 2 การบริหารจัดการบุคลากร และบุคคลภายนอก
F4: การบริหารจัดการบุคลากร
A5: D2.2 #1 | B5: x | C5: x | D5: x | F5: 2.1(1) | H5: 2.1(1) | I5: มีการจัดทำกระบวนการคัดเลือกบุคลากรในการปฏิบัติหน้าที่โดยคำนึงถึงความรู้ ความสามารถ และความเพียงพอในการปฏิบัติงาน รวมถึง มีการพิจารณารับพนักงานเข้าทำงานหรือการว่าจ้างหน่วยงานให้มีการตรวจสอบประวัติและคุณสมบัติเพื่อให้เพียงพอและสอดคล้องกับความเสี่ยงของตำแหน่งงานและหน้าที่ความรับผิดชอบ | J5: M | K5: 1. สัมภาษณ์ ผู้บริหารหน่วยงานทรัพยากรบุคคล (Human Resource) เกี่ยวกับกระบวนการคัดเลือกบุคลากรในการปฎิบัติหน้าที่ เพื่อให้มั่นใจว่ามีการกำหนดหลักเกณฑ์การพิจารณารับพนักงานเข้าทำงาน ที่คำนึงถึงความรู้ ความสามารถของผู้ปฏิบัติงาน มีการตรวจสอบประวัติและคุณสมบัติที่สอดคล้องกับตำแหน่งงานและหน้าที่ความรับผิดชอบ โดยมีการจัดเก็บหลักฐานที่เกี่ยวข้องเป็นลายลักษณ์อักษรอย่างเหมาะสม เช่น (1) การตรวจสอบบุคคลอ้างอิง (2) การตรวจสอบความครบถ้วนและความถูกต้องของประวัติผู้สมัคร (3) ใบรับรองการศึกษาและใบรับรองทางด้านความเชี่ยวชาญในสายงานเทคโนโลยีสารสนเทศ (4) ประวัติอาชญากร 2. สอบทานหลักฐาน "เอกสารประกอบการจ้างงาน" เพื่อให้มั่นใจว่ามีการตรวจสอบประวัติและคุณสมบัติตามเกณฑ์ที่กำหนด | M5: =IFERROR(IF(N5="Maturity",HLOOKUP(L5,$O$2:$S$200,ROW()-1,0),"N/A"),"") -> N/A | N5: Yes/Partial/No | O5: N/A | P5: N/A | Q5: N/A | R5: N/A | S5: N/A | T5: =IF(OR(L5="Yes",L5="M3",L5="M4",L5="M5"),3,IF(OR(L5="Partial",L5="M2"),2,IF(L5="N/A",0,1))) -> 1 | U5: =IF(L5="M4",1,IF(L5="M5",2,0)) -> 0 | V5: =T5+U5 -> 1 | W5: =IF(ISBLANK(L5),1,0) -> 1
A6: D2.2 #2 | B6: x | C6: x | D6: x | F6: 2.1(2) | G6: 1 | H6: 2.1(2) #1 | I6: มีการกำหนดข้อตกลงการจ้างงาน หรือระเบียบข้อบังคับภายในองค์กร นโยบายการรักษาความมั่นคงปลอดภัยด้าน IT และข้อตกลงการไม่เปิดเผยข้อมูล เพื่อป้องกันการละเมิดหรือความเสียหายที่อาจเกิดขึ้นต่อทรัพย์สินด้าน IT ของผู้ประกอบธุรกิจ และให้บุคลากรที่ได้รับการว่าจ้างทำความเข้าใจ รับทราบ และลงนายอมรับ โดยมีเนื้อหาที่ครอบคลุม ดังนี้ (1) บทบาทหน้าที่และความรับผิดชอบของบุคลากรดังกล่าวและขององค์กร เกี่ยวกับการรักษาความมั่นคงปลอดภัยด้าน IT (2) ข้อตกลงการไม่เปิดเผยข้อมูล non-disclosure agreement | J6: M | K6: 1. สัมภาษณ์ผู้บริหารหน่วยงานทรัพยากรบุคคล (HR) เกี่ยวกับการกำหนดข้อตกลงการจ้างงานและข้อตกลงการไม่เปิดเผยข้อมูล (non-disclosure agreement) 2. สุ่มสอบทาน "ข้อตกลงการจ้างงาน" เพื่อให้มั่นใจว่ามีการลงนามในเอกสารดังกล่าวเพื่อรับทราบอย่างเป็นลายลักษณ์อักษร และมีเนื้อหาครอบคลุมหัวข้อที่สำคัญอย่างน้อยดังต่อไปนี้ (1) บทบาทหน้าที่และความรับผิดชอบของบุคลากรดังกล่าวเกี่ยวกับการรักษาความมั่นคงปลอดภัยด้าน IT (2) ข้อตกลงการไม่เปิดเผยข้อมูล (non-disclosure agreement) | M6: =IFERROR(IF(N6="Maturity",HLOOKUP(L6,$O$2:$S$200,ROW()-1,0),"N/A"),"") -> N/A | N6: Yes/Partial/No | O6: N/A | P6: N/A | Q6: N/A | R6: N/A | S6: N/A | T6: =IF(OR(L6="Yes",L6="M3",L6="M4",L6="M5"),3,IF(OR(L6="Partial",L6="M2"),2,IF(L6="N/A",0,1))) -> 1 | U6: =IF(L6="M4",1,IF(L6="M5",2,0)) -> 0 | V6: =T6+U6 -> 1 | W6: =IF(ISBLANK(L6),1,0) -> 1
A7: D2.2 #3 | B7: x | C7: x | D7: x | F7: 2.1(2) | G7: 2 | H7: 2.1(2) #2 | I7: มีการจัดทำข้อตกลงการไม่เปิดเผยความลับ (non-disclosure agreement) โดยครอบคลุมเนื้อหาขั้นต่ำ ดังนี้ (1) ความเป็นเจ้าของข้อมูลสำคัญทางธุรกิจ ทรัพย์สินทางปัญญา และการป้องกันการรั่วไหลของข้อมูล (2) ความรับผิดชอบในการเก็บรักษาความลับ และไม่เปิดเผยข้อมูลโดยไม่ได้รับอนุญาต (3) การแจ้งเตือนและรายงานผู้เกี่ยวข้องหากพบการรั่วไหลหรือเปิดเผยข้อมูลโดยไม่ได้รับอนุญาต (4) การดำเนินการกรณีละเมิดหรือยกเลิกข้อตกลง รวมทั้งข้อกำหนดในการคืนหรือทำลายข้อมูลที่มีความสำคัญเมื่อสิ้นสุดข้อตกลง | J7: H | K7: 1. สอบทานเอกสารข้อตกลงการไม่เปิดเผยข้อมูล (non-disclosure agreement) เพื่อให้มั่นใจว่ามีการจัดทำครอบคลุมหัวข้อที่สำคัญอย่างน้อยในเรื่องดังต่อไปนี้ (1) ความเป็นเจ้าของข้อมูลสำคัญทางธุรกิจ ทรัพย์สินทางปัญญา และการป้องกันการรั่วไหลของข้อมูล (2) ความรับผิดชอบในการเก็บรักษาความลับ และไม่เปิดเผยข้อมูลโดยไม่ได้รับอนุญาต (3) การแจ้งเตือนและรายงานผู้เกี่ยวข้องหากพบการรั่วไหลหรือเปิดเผยข้อมูลโดยไม่ได้รับอนุญาต (4) การดำเนินการกรณีละเมิดหรือยกเลิกข้อตกลง รวมทั้งข้อกำหนดในการคืนหรือทำลายข้อมูลที่มีความสำคัญเมื่อสิ้นสุดข้อตกลง | M7: =IFERROR(IF(N7="Maturity",HLOOKUP(L7,$O$2:$S$200,ROW()-1,0),"N/A"),"") -> N/A | N7: Yes/Partial/No | O7: N/A | P7: N/A | Q7: N/A | R7: N/A | S7: N/A | T7: =IF(OR(L7="Yes",L7="M3",L7="M4",L7="M5"),3,IF(OR(L7="Partial",L7="M2"),2,IF(L7="N/A",0,1))) -> 1 | U7: =IF(L7="M4",1,IF(L7="M5",2,0)) -> 0 | V7: =T7+U7 -> 1 | W7: =IF(ISBLANK(L7),1,0) -> 1
A8: D2.2 #4 | B8: x | C8: x | D8: x | F8: 2.1(3) | G8: 1 | H8: 2.1(3) #1 | I8: มีการอบรมสร้างความตระหนักรู้ด้าน IT Risk แก่พนักงานที่ใช้งานระบบสารสนเทศของบริษัทรับทราบอย่างสม่ำเสมอ เช่น การจัดการอบรมภายในองค์กร หรือ การส่งบุคลากรเข้าร่วมฝึกอบรมภายนอกองค์กร เป็นต้น เพื่อให้บุคลากรดังกล่าวสามารถใช้งานระบบ IT ได้อย่างปลอดภัย โดยมีเนื้อหาครอบคลุม ดังนี้ (1) การรักษาความมั่นคงปลอดภัยด้าน IT (2) IT Risk และภัยคุกคามทางไซเบอร์ (3) หลักเกณฑ์และกฎหมายที่เกี่ยวข้องกับ IT | J8: M | K8: 1. สอบทาน “เอกสารการปฐมนิเทศ/อบรมก่อนเริ่มงาน (orientation)” และ “เอกสารประกอบการอบรมประจำปี”รวมทั้ง "เอกสารอบรมสร้างความตระหนักรู้ด้าน IT Risk" เพื่อให้มั่นใจว่ามีจัดทำสื่อการอบรมให้ครอบคลุมถึง (1) การรักษาความมั่นคงปลอดภัยด้าน IT (IT Security) (2) IT Risk และภัยคุกคามทางไซเบอร์ (IT & Cyber risk) (3) หลักเกณฑ์และกฎหมายที่เกี่ยวข้องกับ IT 2. สุ่มสอบทาน “หลักฐานเข้าร่วมการอบรมการสร้างตระหนักรู้ด้าน IT Risk” จากรายชื่อพนักงานหรือผู้ปฏิบัติงานที่สามารถเข้าถึงระบบ IT เพื่อมั่นใจว่ามีการอบรมสร้างความตระหนักรู้ด้าน IT Security และ IT/Cyber risk ให้พนักงานหรือผู้ปฏิบัติงานให้มีความรู้และทักษะที่เพียงพอ (M4) 3. สอบทาน “เอกสารวัดความรู้ด้าน IT Security และ IT Risk" เพื่อให้มั่นใจได้ว่าบุคลากรมีความรู้ ความเข้าใจเนื้อหาการอบรมอย่างถูกต้องและมีประสิทธิภาพ (M5) 4. สอบทาน "เอกสารการอบรมสร้างความตระหนักรู้ IT Risk หรือภัยคุกคามทางไซเบอร์ใหม่ ๆ" เพื่อให้มั่นใจว่าพนักงานมีความรู้เพียงพอที่จะรับมือ IT Risk หรือภัยคุกคามทางไซเบอร์ที่มีการเปลี่ยนแปลงตลอดเวลา | M8: =IFERROR(IF(N8="Maturity",HLOOKUP(L8,$O$2:$S$200,ROW()-1,0),"N/A"),"") | N8: Maturity | O8: ไม่มีการอบรมให้ความรู้ หรือสื่อสารเกี่ยวกับการสร้างความตระหนักรู้ด้าน IT Risk/IT Security แก่พนักงานและผู้ปฏิบัติงาน | P8: มีการอบรมให้ความรู้ หรือสื่อสารเกี่ยวกับการสร้างความตระหนักรู้ด้าน IT Risk/IT Securityแก่พนักงานผู้ปฏิบัติงาน แต่ยังไม่ครอบคลุมเนื้อหาขั้นต่ำที่ควรมี | Q8: มีการอบรมให้ความรู้ หรือสื่อสารเกี่ยวกับการสร้างความตระหนักรู้ด้าน IT Risk/IT Security แก่พนักงานและผู้ปฏิบัติงาน โดยครอบคลุมถึงเนื้อหาขั้นต่ำที่ควรมี | R8: มีการจัดทำตาม Maturity Level 3 รวมถึงการประเมินความตระหนักรู้ด้าน IT Risk/IT Security เพื่อให้มั่นใจได้ว่าบุคลากรมีความรู้ ความเข้าใจการอบรมอย่างถูกต้อง | S8: มีการจัดทำตาม Maturity Level 4 รวมถึงมีการติดตาม IT Risk หรือภัยคุกคามทางไซเบอร์ใหม่ ๆ ที่อาจส่งผลกระทบต่อความมั่นคงปลอดภัยสารสนเทศของบริษัท พร้อมทั้งจัดให้มีการอบรมสร้างความตระหนักรู้ในเรื่องดังกล่าวทันที | T8: =IF(OR(L8="Yes",L8="M3",L8="M4",L8="M5"),3,IF(OR(L8="Partial",L8="M2"),2,IF(L8="N/A",0,1))) -> 1 | U8: =IF(L8="M4",1,IF(L8="M5",2,0)) -> 0 | V8: =T8+U8 -> 1 | W8: =IF(ISBLANK(L8),1,0) -> 1
A9: D2.2 #5 | B9: x | C9: x | D9: x | F9: 2.1(3) | G9: 2 | H9: 2.1(3) #2 | I9: มีการทบทวนแผนการส่งเสริมและพัฒนาความรู้ด้าน IT (training program) อย่างน้อยปีละ 1 ครั้ง เพื่อให้มั่นใจว่าเนื้อหาและรายละเอียดของแผนงานที่เกี่ยวข้องยังคงเพียงพอและเหมาะสมกับแนวโน้ม IT Risk ในปัจจุบัน | J9: M | K9: 1. สอบทาน "เอกสารการทบทวนแผนการส่งเสริมและพัฒนาความรู้ด้าน IT" เพื่อให้มั่นใจว่าเนื้อหาและรายละเอียดของแผนงานที่เกี่ยวข้องยังคงเพียงพอและเหมาะสมกับแนวโน้ม IT Risk ในปัจจุบัน อย่างน้อยปีละ 1 ครั้ง | M9: =IFERROR(IF(N9="Maturity",HLOOKUP(L9,$O$2:$S$200,ROW()-1,0),"N/A"),"") -> N/A | N9: Yes/Partial/No | O9: N/A | P9: N/A | Q9: N/A | R9: N/A | S9: N/A | T9: =IF(OR(L9="Yes",L9="M3",L9="M4",L9="M5"),3,IF(OR(L9="Partial",L9="M2"),2,IF(L9="N/A",0,1))) -> 1 | U9: =IF(L9="M4",1,IF(L9="M5",2,0)) -> 0 | V9: =T9+U9 -> 1 | W9: =IF(ISBLANK(L9),1,0) -> 1
A10: D2.2 #6 | B10: x | C10: x | D10: x | F10: 2.1(3) | G10: 3 | H10: 2.1(3) #3 | I10: มีการเสริมสร้างความตระหนักรู้เรื่องการรักษาความมั่นคงปลอดภัยด้าน IT และ IT Risk อย่างสม่ำเสมอ ให้แก่บุคลากร (user) ที่สามารถเข้าถึงข้อมูลที่มีความสำคัญของผู้ประกอบธุรกิจหรือข้อมูลของผู้ใช้บริการ เช่น การทดสอบเรื่องอีเมลหลอกลวง (phishing) การทดสอบเรื่องภัยคุกคามแบบวิศวกรรมสังคม (social engineering) และการซักซ้อมแผนเพื่อเตรียมรับมือจากการโจมตีทางไซเบอร์ เป็นต้น | J10: M | K10: 1. สอบทาน "หลักฐานการเสริมสร้างความตระหนักรู้ด้าน IT Security และ IT Risk" เช่น การทดสอบเรื่องอีเมลหลอกลวง (phishing) การทดสอบเรื่องภัยคุกคามแบบวิศวกรรมสังคม (social engineering) และการซักซ้อมแผนเพื่อเตรียมความพร้อมรับมือจากการโจมตีทางไซเบอร์ เป็นต้น ให้แก่บุคลากรที่สามารถเข้าถึงข้อมูลที่มีความสำคัญของบริษัท เพื่อให้มั่นใจว่าบุคลากรดังกล่าวมีความพร้อมในการรับมือภัยคุกคามทางไซเบอร์ | M10: =IFERROR(IF(N10="Maturity",HLOOKUP(L10,$O$2:$S$200,ROW()-1,0),"N/A"),"") -> N/A | N10: Yes/Partial/No | O10: N/A | P10: N/A | Q10: N/A | R10: N/A | S10: N/A | T10: =IF(OR(L10="Yes",L10="M3",L10="M4",L10="M5"),3,IF(OR(L10="Partial",L10="M2"),2,IF(L10="N/A",0,1))) -> 1 | U10: =IF(L10="M4",1,IF(L10="M5",2,0)) -> 0 | V10: =T10+U10 -> 1 | W10: =IF(ISBLANK(L10),1,0) -> 1
A11: D2.2 #7 | B11: x | C11: x | D11: x | F11: 2.1(4) | G11: 1-2 | H11: 2.1(4) #1-2 | I11: มีนโยบายการใช้งาน IT ที่ยอมรับได้ (acceptable use policy) ที่มีรายละเอียดครอบคลุมขอบเขตความรับผิดชอบของผู้ใช้งาน IT สิ่งที่ผู้ใช้งานพึงปฏิบัติ และสิ่งที่ผู้ใช้งานห้ามปฏิบัติ และมีการสื่อสารนโยบายการใช้งาน IT ที่ยอมรับได้ (acceptable use policy) ให้ผู้ใช้งานรับทราบ และลงนามยอมรับนโยบายดังกล่าว | J11: M | K11: 1. สอบทาน “เอกสารนโยบายการใช้งาน IT ที่ยอมรับได้ (acceptable use policy: AUP)” เพื่อให้มั่นใจว่ามีการกำหนดวิธีการการใช้งานและการรักษาความปลอดภัยของการใช้งานทรัพย์สินทางด้านสารสนเทศเพื่อให้เป็นไปตามวัตถุประสงค์การใช้งานที่กำหนด และ เพื่อให้ผู้ใช้งานสามารถใช้งานได้อย่างถูกวิธี โดยอาจรวมถึงการใช้งานทรัพย์สินสารสนเทศบนเครือข่ายสาธารณะ เช่น อินเทอร์เนต อีเมล โซเชียลมีเดีย 2. สอบทาน “หลักฐานการสื่อสารเอกสารนโยบายการใช้งาน IT ที่ยอมรับได้ (acceptable use policy: AUP)” เพื่อให้มั่นใจว่า พนักงานที่เกี่ยวข้องรับทราบถึงวิธีการใช้งานทรัพย์สินทางด้านสารสนเทศ รวมทั้ง มีการกำหนดการรักษาความมั่นคงปลอดภัยจากการเข้าถึงข้อมูลและระบบสารสนเทศ โดยอาจเป็นวิธีการจัดการอบรม เอกสารคู่มือ หรือ เอกสารเผยแพร่บน intranet ของบริษัท 3. สอบทานการลงนามใน “เอกสารนโยบายการใช้งาน IT ที่ยอมรับได้ (acceptable use policy: AUP)" เพื่อให้มั่นใจว่า พนักงานของบริษัทได้รับทราบข้อกำหนดวิธีการการใช้งานและการรักษาความมั่นคงปลอดภัยของการใช้งานทรัพย์สินทางด้านสารสนเทศ ซึ่งรวมถึงการใช้งานทรัพย์สินทางด้านสารสนเทศในการใช้งานเครือข่ายสาธารณะ เช่น อินเทอร์เนต อีเมล โซเชียลมีเดีย | M11: =IFERROR(IF(N11="Maturity",HLOOKUP(L11,$O$2:$S$200,ROW()-1,0),"N/A"),"") -> N/A | N11: Yes/Partial/No | O11: N/A | P11: N/A | Q11: N/A | R11: N/A | S11: N/A | T11: =IF(OR(L11="Yes",L11="M3",L11="M4",L11="M5"),3,IF(OR(L11="Partial",L11="M2"),2,IF(L11="N/A",0,1))) -> 1 | U11: =IF(L11="M4",1,IF(L11="M5",2,0)) -> 0 | V11: =T11+U11 -> 1 | W11: =IF(ISBLANK(L11),1,0) -> 1
A12: D2.2 #8 | B12: x | C12: x | D12: x | F12: 2.1(5) | H12: 2.1(5) | I12: มีการกำหนดมาตรการในการลงโทษบุคลากรที่มีพฤติกรรมฝ่าฝืนหรือไม่ปฏิบัติตามนโยบายและมาตรการรักษาความมั่นคงปลอดภัยในการปฏิบัติงานด้าน IT | J12: M | K12: 1. สัมภาษณ์ ผู้บริหารหน่วยงานทรัพยากรบุคคล (HR) เกี่ยวกับการกำหนดและสื่อสารบทลงโทษบุคลากร กรณีฝ่าฝืนไม่ปฏิบัติตามนโยบายหรือหลักเกณฑ์การรักษาความมั่นคงปลอดภัย IT 2. สอบทาน “นโยบายและมาตรการการรักษาความมั่นคงปลอดภัยของระบบสารสนเทศ” หรือ เอกสารที่เกี่ยวข้อง เพื่อให้มั่นใจว่ามีการกำหนดและสื่อสารบทลงโทษทางวินัย กรณีฝ่าฝืนไม่ปฏิบัติตามนโยบายการรักษาความมั่นคงปลอดภัย IT 3. สอบทาน “เอกสารการประกาศใช้งานนโยบายและมาตรการการรักษาความมั่นคงปลอดภัยของระบบสารสนเทศ” หรือ การลงนามรับทราบในเอกสารที่เกี่ยวข้องอื่น ๆ เพื่อให้มั่นใจว่าพนักงานรับทราบบทลงโทษที่กำหนดไว้ | M12: =IFERROR(IF(N12="Maturity",HLOOKUP(L12,$O$2:$S$200,ROW()-1,0),"N/A"),"") -> N/A | N12: Yes/Partial/No | O12: N/A | P12: N/A | Q12: N/A | R12: N/A | S12: N/A | T12: =IF(OR(L12="Yes",L12="M3",L12="M4",L12="M5"),3,IF(OR(L12="Partial",L12="M2"),2,IF(L12="N/A",0,1))) -> 1 | U12: =IF(L12="M4",1,IF(L12="M5",2,0)) -> 0 | V12: =T12+U12 -> 1 | W12: =IF(ISBLANK(L12),1,0) -> 1
A13: D2.2 #9 | B13: x | C13: x | D13: x | F13: 2.1(6) | G13: 1 | H13: 2.1(6) #1 | I13: มีกระบวนการจัดการเกี่ยวกับการเปลี่ยนแปลงตำแหน่งงานหรือสิ้นสุดการจ้างงานและมอบหมายให้มีผู้รับผิดชอบอย่างชัดเจน เช่น การคืนทรัพย์สินขององค์กร การปรับปรุงสิทธิให้เป็นปัจจุบัน และยกเลิกสิทธิเมื่อสิ้นสุดการจ้างงาน รวมทั้งมีการสื่อสารให้ผู้ที่เกี่ยวข้องรับทราบถึงการเปลี่ยนแปลงสิทธิ หน้าที่ และความรับผิดชอบ | J13: M | K13: 1. สัมภาษณ์ ผู้บริหารหน่วยงานทรัพยากรบุคคล (HR) เกี่ยวกับกระบวนจัดการเมื่อพนักงานมีการเปลี่ยนตำแหน่งงาน หรือสิ้นสุดการจ้างงาน 2. สอบทาน ขั้นตอนการปฏิบัติเมื่อมีการเปลี่ยนแปลงตำแหน่งงานหรือสิ้นสุดการจ้างงาน เพื่อให้มั่นใจว่ามีการป้องกันการละเมิดหรือความเสียหายที่อาจเกิดขึ้นต่อทรัพย์สินด้าน IT 3. สุ่มสอบทาน สิทธิการเข้าถึงระบบสารสนเทศของพนักงานที่มีการเปลี่ยนแปลงตำแหน่งงานหรือสิ้นสุดการจ้างงาน เพื่อให้มั่นใจว่ามีการปรับปรุงสิทธิให้เป็นปัจจุบัน 4. สุ่มสอบทาน การคืนทรัพย์สินของพนักงานทิ่สิ้นสุดการจ้างงาน เพื่อให้มั่นใจว่ามีการคืนทรัพย์สินของบริษัทครบถ้วน 5. สอบทาน "หลักฐานการสื่อสารให้ผู้ที่เกี่ยวข้องรับทราบถึงการเปลี่ยนแปลงสิทธิ หน้าที่ และความรับผิดชอบของพนักงาน" เพื่อให้มั่นใจว่ามีการสื่อสารการปรับเปลี่ยนหน้าที่ ความรับผิดชอบให้ผู้ที่เกี่ยวข้องรับทราบอย่างถูกต้องเหมาะสม (M4) 6. สอบทาน "รายงานการสอบทานการปฏิบัติตามวิธีปฏิบัติเมื่อมีการเปลี่ยนแปลงตำแหน่งงานหรือสิ้นสุดการจ้างงาน" โดยบุคคลหรือหน่วยงานที่มีความเป็นอิสระจากหน่วยงานที่ทำหน้าที่ปฏิบัติงาน เพื่อให้มั่นใจว่ามีการสอบทานการปฏิบัติตามวิธีปฏิบัติเมื่อมีการเปลี่ยนแปลงตำแหน่งงานหรือสิ้นสุดการจ้างงาน อย่างเหมาะสม (M5) 7. สอบทาน "หลักฐานการใช้เครื่องมือในการตรวจจับและปรับปรุงสิทธิอัตโนมัติ" เช่น identity & access management tools role-based access control tools (RBAC tools) เป็นต้น เพื่อให้มั่นใจว่า มีการใช้เครื่องมือในการเปลี่ยนแปลงและยกเลิกสิทธิ ป้องกันการเข้าถึงที่ไม่เหมาะสมของพนักงานที่พ้นสภาพหรือสิ้นสุดการจ้างงาน | M13: =IFERROR(IF(N13="Maturity",HLOOKUP(L13,$O$2:$S$200,ROW()-1,0),"N/A"),"") | N13: Maturity | O13: ไม่มีกระบวนการจัดการเกี่ยวกับการเปลี่ยนแปลงตำแหน่งงานหรือสิ้นสุดการจ้างงาน | P13: มีกระบวนการจัดการเกี่ยวกับการเปลี่ยนแปลงตำแหน่งงานหรือสิ้นสุดการจ้างงาน แต่ไม่มีการสื่อสารให้ผู้ที่เกี่ยวข้องทราบถึงข้อมูลกระบวนการเปลี่ยนแปลงดังกล่าวอย่างเป็นลายลักษณ์อักษร หรือการปรับปรุงสิทธิการเข้าใช้งานยังไม่เป็นปัจจุบัน หรือการเรียกคืนทรัพย์สินของบริษัทยังไม่ครบถ้วน | Q13: มีกระบวนการจัดการเกี่ยวกับการเปลี่ยนแปลงตำแหน่งงานหรือสิ้นสุดการจ้างงาน และสื่อสารให้ผู้ที่เกี่ยวข้องทราบถึงข้อมูลกระบวนการเปลี่ยนแปลงดังกล่าวอย่างเป็นลายลักษณ์อักษร ตลอดจนมีการปรับปรุงสิทธิให้เป็นปัจจุบันและมีการเรียกคืนทรัพย์สินของบริษัทครบถ้วน | R13: มีการจัดทำตาม Maturity Level 3 รวมถึงมีการสอบทานการปฏิบัติตามวิธีปฏิบัติเมื่อมีการเปลี่ยนแปลงตำแหน่งงานหรือสิ้นสุดการจ้างงาน โดยบุคคลหรือหน่วยงานที่มีความเป็นอิสระจากหน่วยงานที่ทำหน้าที่ปฏิบัติงาน เพื่อให้มั่นใจว่ามีการสอบทานการปฏิบัติตามวิธีปฏิบัติเมื่อมีการเปลี่ยนแปลงตำแหน่งงานหรือสิ้นสุดการจ้างงาน อย่างเหมาะสม | S13: มีการจัดทำตาม Maturity Level 4 โดยใช้เครื่องมือหรือกลไกอัตโนมัติ (monitoring mechanism) ในการตรวจจับและปรับปรุงสิทธิสำหรับพนักงานที่เปลี่ยนตำแหน่งงานหรือสิ้นสุดการจ้างงาน | T13: =IF(OR(L13="Yes",L13="M3",L13="M4",L13="M5"),3,IF(OR(L13="Partial",L13="M2"),2,IF(L13="N/A",0,1))) -> 1 | U13: =IF(L13="M4",1,IF(L13="M5",2,0)) -> 0 | V13: =T13+U13 -> 1 | W13: =IF(ISBLANK(L13),1,0) -> 1
F14: การบริหารจัดการบุคคลภายนอก (third-party management) | T14: =IF(OR(L14="Yes",L14="M3",L14="M4",L14="M5"),3,IF(OR(L14="Partial",L14="M2"),2,IF(L14="N/A",0,1))) -> 1 | U14: =IF(L14="M4",1,IF(L14="M5",2,0)) -> 0 | V14: =T14+U14 -> 1 | W14: =SUM(W5:W13) -> 9
A15: D2.2 #10 | B15: x | C15: x | D15: x | E15: x | F15: 2.2(1) | G15: 1-2 | H15: 2.2(1) #1-2 | I15: มีการประเมินความเสี่ยงจากการใช้บริการ การเชื่อมต่อหรือการเข้าถึงข้อมูลจากบุคคลภายนอก รวมถึงผู้รับดำเนินการช่วง (subcontract) จากบุคคลภายนอก (ถ้ามี) เพื่อจัดระดับความสำคัญของบุคคลภายนอก โดยคำนึงถึงความเสี่ยงดังต่อไปนี้ (1) ความเสี่ยงด้านกฎหมาย (2) ความเสี่ยงจากการกำกับดูแลและบริหารจัดการบุคคลภายนอกที่ไม่รัดกุมเพียงพอ (3) ความเสี่ยงจากการกระจุกตัว (concentration risk) (4) ความเสี่ยงจากการพึ่งพาบุคคลภายนอกรายใดรายหนึ่งเป็นหลัก (third party/vendor locked-in) (5) ความเสี่ยงด้าน IT และภัยทางไซเบอร์ (6) ความเสี่ยงกรณีบุคคลภายนอกให้ผู้อื่นดำเนินการแทน (subcontractor risk) | J15: M | K15: 1. สัมภาษณ์ ผู้บริหารด้าน IT เพื่อให้เข้าใจถึงขั้นตอนการประเมินความเสี่ยงจากการใช้บริการ การเชื่อมต่อหรือการเข้าถึงข้อมูลจากบุคคลภายนอก โดยคำนึงถึงความเสี่ยง ดังนี้ (1) ความเสี่ยงด้านกฎหมาย และกฎเกณฑ์ที่เกี่ยวข้องทั้งในประเทศและต่างประเทศ เช่น กฎหมายเกี่ยวกับการกระทำความผิดเกี่ยวกับคอมพิวเตอร์ กฎหมายเกี่ยวกับการคุ้มครองข้อมูลส่วนบุคคล กฎหมายเกี่ยวกับธุรกรรมทางอิเล็กทรอนิกส์ และ The EU General Data Protection Regulation (GDPR) เป็นต้น (2) ความเสี่ยงจากการกำกับดูแลและบริหารจัดการบุคคลภายนอกที่ไม่รัดกุมเพียงพอ เช่น การไม่สามารถตรวจสอบการดำเนินงานของบุคคลภายนอกได้ด้วยตนเอง เป็นต้น (3) ความเสี่ยงจากการกระจุกตัว (concentration risk) เช่น ผู้ประกอบธุรกิจและบริษัทในกลุ่มธุรกิจเดียวกันใช้บริการจากบุคคลภายนอกเพียงรายเดียว เป็นต้น (4) ความเสี่ยงจากการพึ่งพาบุคคลภายนอกรายใดรายหนึ่งเป็นหลัก (third party/vendor locked-in) ซึ่งทำให้มีข้อจำกัดในการเปลี่ยนแปลงเทคโนโลยี ผู้ให้บริการ หรือข้อจำกัดในการนำระบบหรือข้อมูลกลับมาดำเนินการเอง (5) ความเสี่ยงด้าน IT และภัยทางไซเบอร์ เช่น ระบบที่ให้บริการโดยบุคคลภายนอกเกิดขัดข้อง ระบบของบุคคลภายนอกมีช่องโหว่ทำให้ข้อมูลเกิดการสูญหายหรือรั่วไหล เป็นต้น (6) ความเสี่ยงกรณีบุคคลภายนอกให้ผู้อื่นดำเนินการแทน (sub contractor risk) เช่น subcontractor ปฏิบัติงานบกพร่องเป็นต้น 2. สอบทาน "นโยบายการบริหารจัดการผู้ให้บริการภายนอก" เพื่อให้มั่นใจว่ามีการระบุให้ประเมินความเสี่ยงและผลกระทบก่อน (1) การใช้บริการงานด้าน IT จากบุคคลภายนอก (2) การเชื่อมต่อระบบ IT กับบุคคลภายนอก และ (3) การอนุญาตให้บุคคลภายนอกสามารถเข้าถึงข้อมูลสำคัญหรือข้อมูลของลูกค้าที่ควบคุมดูแลโดยผู้ประกอบธุรกิจได้ 3. สอบทาน "รายงานผลการประเมินความเสี่ยงของบุคคลภายนอก" เพื่อให้มั่นใจว่า มีการกำหนดระดับความมีนัยสำคัญของบุคคลภายนอกแต่ละราย และมีการจัดทำการประเมินความเสี่ยงและผลกระทบก่อนการใช้บุคคลภายนอก โดยคำนึงถึงความเสี่ยงที่เกี่ยวข้อง | M15: =IFERROR(IF(N15="Maturity",HLOOKUP(L15,$O$2:$S$200,ROW()-1,0),"N/A"),"") -> N/A | N15: Yes/Partial/No | O15: N/A | P15: N/A | Q15: N/A | R15: N/A | S15: N/A | T15: =IF(OR(L15="Yes",L15="M3",L15="M4",L15="M5"),3,IF(OR(L15="Partial",L15="M2"),2,IF(L15="N/A",0,1))) -> 1 | U15: =IF(L15="M4",1,IF(L15="M5",2,0)) -> 0 | V15: =T15+U15 -> 1 | W15: =IF(ISBLANK(L15),1,0) -> 1
A16: D2.2 #11 | B16: x | C16: x | D16: x | E16: x | F16: 2.2(2) | G16: 1 | H16: 2.2(2) #1 | I16: มีการกำหนดกระบวนการและหลักเกณฑ์ในการคัดเลือกบุคคลภายนอกอย่างชัดเจนและเป็นลายลักษณ์อักษร เพื่อให้มั่นใจว่าผู้ให้บริการภายนอกจะสามารถให้บริการได้ตรงตามความต้องการของผู้ประกอบธุรกิจ โดยการตัดสินใจในการใช้บริการ การเชื่อมต่อ หรือการเข้าถึงข้อมูลจากบุคคลภายนอกที่มีความเสี่ยงหรือมีนัยสำคัญ ควรได้รับความเห็นชอบจากคณะกรรมการหรือผู้บริหารระดับสูงที่ได้รับมอบหมาย | J16: H | K16: 1. สัมภาษณ์ ผู้บริหารด้าน IT เพื่อให้เข้าใจถึงขั้นตอนและหลักเกณฑ์การคัดเลือกบุคคลภายนอก 2. สอบทาน "วิธีปฏิบัติและหลักเกณฑ์ในการคัดเลือกบุคคลภายนอก" เพื่อให้มั่นใจว่า (1) มีการกำหนดกระบวนการและหลักเกณฑ์การคัดเลือกบุคคลภายนอกอย่างชัดเจน และเป็นลายลักษณ์อักษร (2) มีการระบุให้คณะกรรมการหรือผู้บริหารระดับสูงที่ได้รับมอบหมายเห็นชอบกรณีที่มีการตัดสินใจใช้บริการ การเชื่อมต่อ หรือการเข้าถึงข้อมูลจากบุคคลภายนอกที่มีความเสี่ยงหรือมีนัยสำคัญ | M16: =IFERROR(IF(N16="Maturity",HLOOKUP(L16,$O$2:$S$200,ROW()-1,0),"N/A"),"") -> N/A | N16: Yes/Partial/No | O16: N/A | P16: N/A | Q16: N/A | R16: N/A | S16: N/A | T16: =IF(OR(L16="Yes",L16="M3",L16="M4",L16="M5"),3,IF(OR(L16="Partial",L16="M2"),2,IF(L16="N/A",0,1))) -> 1 | U16: =IF(L16="M4",1,IF(L16="M5",2,0)) -> 0 | V16: =T16+U16 -> 1 | W16: =IF(ISBLANK(L16),1,0) -> 1
A17: D2.2 #12 | B17: x | C17: x | D17: x | E17: x | F17: 2.2(2) | G17: 2 | H17: 2.2(2) #2 | I17: มีการกำหนดวิธีปฏิบัติและหลักเกณฑ์ในการคัดเลือกบุคคลภายนอก โดยคำนึงถึงเรื่องดังนี้ (1) ฐานะทางการเงิน ชื่อเสียง ความรู้ความเชี่ยวชาญ ประสบการณ์ และความสามารถในการให้บริการในช่วงที่ผ่านมา และระบบการบริหารงานภายใน (2) การบริหารจัดการความเสี่ยง การควบคุมภายใน การตรวจสอบภายใน และการติดตามผลการปฏิบัติงาน (3) การรักษาความมั่นคงปลอดภัยด้าน IT (4) การบริหารจัดการความต่อเนื่องทางธุรกิจ และความพร้อมรับมือภัยหรือเหตุการณ์ต่าง ๆ (5) การปฏิบัติตามกฎหมายและกฎเกณฑ์ที่เกี่ยวข้อง (6) การปฏิบัติตามมาตรฐานสากลด้าน IT (7) การใช้ IT แบบเปิด (open technology) เพื่อให้สามารถนำระบบไปใช้งานหรือเชื่อมโยงกับระบบอื่นได้ (interoperability) และลดข้อจำกัดในการย้ายหรือเปลี่ยนแปลง IT ผู้ให้บริการหรือพันธมิตร รวมถึงข้อจำกัดในการนำระบบหรือข้อมูลกลับมาดำเนินการเอง (8) การที่บุคคลภายนอกมอบหมายการปฏิบัติงานที่สำคัญให้กับบุคคลอื่นต่อ (sub-contractor to another supplier) | J17: H | K17: 1. สัมภาษณ์ ผู้บริหารด้าน IT เพื่อให้เข้าใจถึงขั้นตอนและหลักเกณฑ์การคัดเลือกบุคคลภายนอก 2. สอบทาน "วิธีปฏิบัติและหลักเกณฑ์ในการคัดเลือกบุคคลภายนอก" เพื่อให้มั่นใจว่า มีการกำหนดกระบวนการและหลักเกณฑ์การคัดเลือกบุคคลภายนอก (due diligence) โดยมีการคำนึงถึง (1) ฐานะทางการเงิน ชื่อเสียง ความรู้ความเชี่ยวชาญ ประสบการณ์ และความสามารถในการให้บริการในช่วงที่ผ่านมา และระบบการบริหารงานภายใน (2) การบริหารจัดการความเสี่ยง การควบคุมภายใน การตรวจสอบภายใน และการติดตามผลการปฏิบัติงาน (3) การรักษาความมั่นคงปลอดภัยด้าน IT (4) การบริหารจัดการความต่อเนื่องทางธุรกิจ และความพร้อมรับมือภัยหรือเหตุการณ์ต่าง ๆ (5) การปฏิบัติตามกฎหมายและกฎเกณฑ์ที่เกี่ยวข้อง เช่น การขอตรวจสอบเอกสารหลักฐานหรือใบรับรองจากบุคคลภายนอกในการดำเนินการตามกฎหมายและกฎเกณฑ์ที่เกี่ยวข้อง หรือการตรวจสอบประวัติด้านการกระทำความผิด เป็นต้น (6) การปฏิบัติตามมาตรฐานสากลด้าน IT เช่น การตรวจสอบเอกสารหลักฐานการได้รับการรองรับตามมาตรฐาน ISO 27001 เป็นต้น โดยการรับรองการปฏิบัติตามมาตรฐานสากล ผู้ประกอบธุรกิจควรพิจารณาว่า บุคคลภายนอกได้รับการรับรองในส่วนระบบที่สำคัญ หรือระบบที่ผู้ประกอบธุรกิจใช้บริการ เชื่อมต่อ หรือเข้าถึงข้อมูล หรือได้รับการรับรองครอบคลุมทั้งองค์กร (7) การใช้ IT แบบเปิด (open technology) เพื่อให้สามารถนำระบบไปใช้งานหรือเชื่อมโยงกับระบบอื่นได้ (interoperability) และลดข้อจำกัดในการย้ายหรือเปลี่ยนแปลง IT ผู้ให้บริการหรือพันธมิตร รวมถึงข้อจำกัดในการนำระบบหรือข้อมูลกลับมาดำเนินการเอง 3. สุ่มสอบทาน "รายงานผลการคัดเลือกบุคคลภายนอก" เพื่อให้มั่นใจว่า การคัดเลือกบุคคลภายนอกสอดคล้องกับกระบวนการและหลักเกณฑ์การคัดเลือกบุคคลภายนอก (due diligence) อย่างถูกต้องและครบถ้วนตามที่ได้กำหนดไว้ | M17: =IFERROR(IF(N17="Maturity",HLOOKUP(L17,$O$2:$S$200,ROW()-1,0),"N/A"),"") -> N/A | N17: Yes/Partial/No | O17: N/A | P17: N/A | Q17: N/A | R17: N/A | S17: N/A | T17: =IF(OR(L17="Yes",L17="M3",L17="M4",L17="M5"),3,IF(OR(L17="Partial",L17="M2"),2,IF(L17="N/A",0,1))) -> 1 | U17: =IF(L17="M4",1,IF(L17="M5",2,0)) -> 0 | V17: =T17+U17 -> 1 | W17: =IF(ISBLANK(L17),1,0) -> 1
A18: D2.2 #13 | B18: x | F18: 2.2(2) | G18: 2(9) | H18: 2.2(2) #2(9) | I18: มีการประเมินด้านคุณภาพและความน่าเชื่อถือของบุคคลภายนอก โดยพิจารณาจากประสบการณ์ คุณภาพของบริการและผลงานที่ส่งมอบ ตลอดจนมาตรฐานด้านความปลอดภัย IT ที่เกี่ยวข้องกับสินค้าและบริการ และจัดทำเป็นรายชื่อบุคคลภายนอกที่เชื่อถือได้ (trusted third-party/trusted vendor) เพื่อใช้เป็นส่วนหนึ่งของเกณฑ์การคัดเลือกผู้ให้บริการในอนาคต | J18: L | K18: 1. สอบทาน "วิธีปฏิบัติและหลักเกณฑ์ในการคัดเลือกบุคคลภายนอก" เพื่อให้มั่นใจว่า มีการกำหนดกระบวนการการประเมินคุณภาพและความน่าเชื่อถือของบุคลภายนอก โดยครอบคลุมเรื่องการปฏิบัติตามข้อผูกพันทางสัญญาไว้ในวิธีปฏิบัติและหลักเกณฑ์ในการคัดเลือกบุคคลภายนอก 2. สุ่มสอบทาน "ผลการประเมินด้านคุณภาพและความน่าเชื่อของบุคคภายนอก" เพื่อให้มั่นใจว่า มีการประเมินคุณภาพและความน่าเชื่อถือของบุคคลภายนอก ที่ครอบคลุมเรื่องการปฏิบัติตามข้อผูกพันทางสัญญา สอดคล้องกับข้อกำหนดในวิธีปฏิบัติและหลักเกณฑ์ในการคัดเลือกบุคคลภายนอก 3. สอบทาน "รายชื่อบุคคลภายนอกที่เชื่อถือได้ (trusted third-party/trusted vendor)" เพื่อให้มั่นใจว่า มีการจัดทำรายชื่อบุคคลภายนอกที่เชื่อถือได้ (trusted third-party/trusted vendor) เพื่อใช้เป็นส่วนหนึ่งของเกณฑ์การคัดเลือกผู้ให้บริการในอนาคต | M18: =IFERROR(IF(N18="Maturity",HLOOKUP(L18,$O$2:$S$200,ROW()-1,0),"N/A"),"") -> N/A | N18: Yes/Partial/No | O18: N/A | P18: N/A | Q18: N/A | R18: N/A | S18: N/A | T18: =IF(OR(L18="Yes",L18="M3",L18="M4",L18="M5"),3,IF(OR(L18="Partial",L18="M2"),2,IF(L18="N/A",0,1))) -> 1 | U18: =IF(L18="M4",1,IF(L18="M5",2,0)) -> 0 | V18: =T18+U18 -> 1 | W18: =IF(ISBLANK(L18),1,0) -> 1
A19: D2.2 #14 | B19: x | C19: x | D19: x | E19: x | F19: 2.2(3) | G19: 1 | H19: 2.2(3) #1 | I19: มีการกำหนดบทบาท หน้าที่ และความรับผิดชอบของผู้ประกอบธุรกิจและบุคคลภายนอกอย่างชัดเจน เป็นลายลักษณ์อักษร และมีการลงนามร่วมกันระหว่างผู้ประกอบธุรกิจและบุคคลภายนอก เช่นการทำสัญญาหรือข้อตกลงการใช้บริการ การเชื่อมต่อ หรือการเข้าถึงข้อมูลจากบุคคลภายนอก เพื่อให้มั่นใจได้ว่าบุคคลภายนอกมีหน้าที่รับผิดชอบในการรักษาความมั่นคงปลอดภัยของระบบ IT ในระดับที่เหมาะสม โดยควรพิจารณาการกำหนดรายละเอียด ดังนี้ (1) ขอบเขตการให้บริการ การเชื่อมต่อ และการเข้าถึงข้อมูลจากบุคคลภายนอก (2) บทบาท หน้าที่ และความรับผิดชอบ (3) มาตรฐานขั้นต่ำในการปฏิบัติงานของบุคคลภายนอก (4) ข้อตกลงระดับการให้บริการด้าน IT (SLA) และความรับผิดชอบของบุคคลภายนอกต่อความเสียหายที่เกิดจากบุคคลภายนอก เช่น กรณีการให้บริการที่ไม่เป็นไปตาม SLA ที่กำหนดไว้ เป็นต้น (5) การติดตามและรายงานผลการปฏิบัติงานของบุคคลภายนอก (6) รายชื่อ และช่องทางการติดต่อในกรณีเกิดปัญหาเกี่ยวกับการรักษาความมั่นคงปลอดภัยของระบบ IT (7) การทำลายข้อมูลเมื่อสิ้นสุดสัญญาหรือข้อตกลง (8) เงื่อนไขหรือสิทธิของผู้ประกอบธุรกิจในการเปลี่ยนแปลง ยุติ หรือยกเลิกสัญญาหรือข้อตกลงกับบุคคลภายนอก (9) การจัดให้มีทรัพยากร เช่น บุคลากร ระบบงาน และเทคโนโลยี เป็นต้น ที่สอดรับกับแผนฉุกเฉินด้าน IT ของผู้ประกอบธุรกิจ (Recovery Point Objective (RPO) Maximum Tolerable Downtime (MTD) และ Recovery Time Objective (RTO)) โดยมีการประเมินความเสี่ยงและแนวทางควบคุมความเสี่ยง พร้อมทั้งขออนุมัติยกเว้นจากผู้มีอำนาจ หากมีข้อจำกัดในการระบุรายละเอียดและกำหนดเงื่อนไขที่สำคัญลงในข้อตกลงหรือสัญญา | J19: M | K19: 1. สัมภาษณ์ ผู้บริหารด้าน IT เพื่อให้เข้าใจถึงการกำหนดข้อตกลงที่จัดทำขึ้นระหว่างบุคคลภายนอกและผู้ประกอบธุรกิจ และให้มั่นใจได้ว่าบุคคลภายนอกมีหน้าที่รับผิดชอบในการรักษาความมั่นคงปลอดภัยของระบบ IT ในระดับที่เหมาะสมโดยมีการสื่อสารให้เข้าใจเพื่อบริหารจัดการความเสี่ยงต่อความมั่นคงปลอดภัยสารสนเทศที่เกี่ยวข้องอย่างมีประสิทธิภาพ 2. สอบทาน “สัญญาหรือข้อตกลงกับบุคคลภายนอก” เพื่อให้มั่นใจว่า มีการจัดทำข้อตกลงอย่างเป็นลายลักษณ์อักษร และครอบคลุมถึงรายละเอียดดังต่อไปนี้ (1) ขอบเขตการให้บริการ การเชื่อมต่อ และการเข้าถึงข้อมูลจากบุคคลภายนอก (2) บทบาท หน้าที่ และความรับผิดชอบของบุคคลภายนอกและผู้ประกอบธุรกิจ (3) มาตรฐานขั้นต่ำในการปฏิบัติงานของบุคคลภายนอก เช่น การรักษาความปลอดภัยของระบบ IT การรักษาความลับของข้อมูล และการไม่นำข้อมูลไปใช้นอกเหนือจากที่ระบุไว้ในสัญญาหรือข้อตกลงการให้บริการ เป็นต้น (4) ข้อตกลงระดับการให้บริการด้าน IT (service level agreement: SLA) สำหรับการใช้บริการจากบุคคลภายนอก และความรับผิดชอบของบุคคลภายนอกต่อความเสียหายที่เกิดจากบุคคลภายนอกนั้น เช่น กรณีการให้บริการไม่เป็นไปตาม SLA ที่กำหนดไว้ เป็นต้น (5) การให้บุคคลภายนอกรายงานผลการปฏิบัติงาน การแจ้งการเปลี่ยนแปลงที่มีนัยสำคัญ และการรายงานเหตุการณ์ผิดปกติอย่างทันการณ์ต่อผู้ประกอบธุรกิจ (6) รายชื่อ และช่องทางการติดต่อในกรณีเกิดปัญหาเกี่ยวกับการรักษาความมั่นคงปลอดภัยของระบบ IT (7) การทำลายข้อมูลเมื่อสิ้นสุดหรือยกเลิกการใช้บริการ การเชื่อมต่อ และการเข้าถึงข้อมูลจากบุคคลภายนอก (8) เงื่อนไขหรือสิทธิของผู้ประกอบธุรกิจในการเปลี่ยนแปลง ยุติ หรือยกเลิกสัญญาหรือข้อตกลงกับบุคคลภายนอก เช่น กรณีที่บุคคลภายนอกมีการละเมิดสัญญาหรือข้อตกลง เป็นต้น (9) การจัดให้มีทรัพยากร ที่สอดรับกับแผนฉุกเฉินด้าน IT ของผู้ประกอบธุรกิจ อย่างมีประสิทธิภาพ 3. สอบทาน หลักฐานการขออนุมัติยกเว้นจากผู้มีอำนาจ กรณีไม่สามารถระบุรายละเอียดและกำหนดเงื่อนไขสำคัญในข้อตกลงหรือสัญญาที่จัดทำกับบุคคลภายนอก | M19: =IFERROR(IF(N19="Maturity",HLOOKUP(L19,$O$2:$S$200,ROW()-1,0),"N/A"),"") -> N/A | N19: Yes/Partial/No | O19: N/A | P19: N/A | Q19: N/A | R19: N/A | S19: N/A | T19: =IF(OR(L19="Yes",L19="M3",L19="M4",L19="M5"),3,IF(OR(L19="Partial",L19="M2"),2,IF(L19="N/A",0,1))) -> 1 | U19: =IF(L19="M4",1,IF(L19="M5",2,0)) -> 0 | V19: =T19+U19 -> 1 | W19: =IF(ISBLANK(L19),1,0) -> 1
A20: D2.2 #15 | B20: x | C20: x | D20: x | E20: x | F20: 2.2(4) | G20: 1 | H20: 2.2(4) #1 | I20: ข้อตกลงหรือสัญญาการให้บริการระหว่างผู้ประกอบธุรกิจและบุคคลภายนอกที่เป็นผู้ให้บริการงานด้าน IT รายที่มีนัยสำคัญ มีการระบุสิทธิให้ผู้ประกอบธุรกิจ สำนักงาน และผู้ตรวจสอบภายนอกที่ได้รับการแต่งตั้งจากผู้ประกอบธุรกิจหรือสำนักงาน สามารถเข้าตรวจสอบการดำเนินงานและการควบคุมภายในของบุคคลภายนอกดังกล่าวได้ กรณีที่ไม่สามารถระบุสิทธิข้างต้น การเลือกใช้บุคคลภายนอกจะมีการพิจารณาอย่างรัดกุมและเหมาะสมกับความเสี่ยง เช่น พิจารณาจากผลการตรวจสอบด้าน IT ของบุคคลภายนอกที่ดำเนินการโดยผู้ตรวจสอบภายนอกที่มีความเป็นอิสระและได้มาตรฐานสากล | J20: M | K20: 1. สอบทาน "สัญญาจ้างหรือข้อตกลงเรื่องการใช้บริการในงานที่เกี่ยวกับระบบสารสนเทศ" เพื่อให้มั่นใจว่ามีข้อกำหนดให้ผู้ประกอบธุรกิจ สำนักงานและผู้ตรวจสอบภายนอกที่ได้รับการแต่งตั้งจากผู้ประกอบธุรกิจหรือสำนักงาน สามารถเข้าตรวจสอบกระบวนการปฏิบัติงานของผู้รับดำเนินการไว้ในสัญญาหรือข้อตกลงในการใช้บริการ 2. สอบทาน หลักฐานการจัดให้มีมาตรการทดแทนในกรณีที่ไม่สามารถระบุสิทธิในการเข้าตรวจสอบดังกล่าวไว้ในข้อตกลงหรือสัญญาได้ เช่น เอกสารการเลือกบุคคลภายนอก ที่มีการพิจารณาผลการตรวจสอบด้าน IT ซึ่งจัดทำโดย independent third party auditors เช่น ผลการตรวจสอบตามมาตรฐาน SSAE 18 (SOC 2 Type 2 Report) หรือ PCI-DSS Attestation of Compliance (AOC) เป็นต้น | M20: =IFERROR(IF(N20="Maturity",HLOOKUP(L20,$O$2:$S$200,ROW()-1,0),"N/A"),"") -> N/A | N20: Yes/Partial/No | O20: N/A | P20: N/A | Q20: N/A | R20: N/A | S20: N/A | T20: =IF(OR(L20="Yes",L20="M3",L20="M4",L20="M5"),3,IF(OR(L20="Partial",L20="M2"),2,IF(L20="N/A",0,1))) -> 1 | U20: =IF(L20="M4",1,IF(L20="M5",2,0)) -> 0 | V20: =T20+U20 -> 1 | W20: =IF(ISBLANK(L20),1,0) -> 1
A21: D2.2 #16 | B21: x | C21: x | D21: x | E21: x | F21: 2.2(5) | G21: 1 | H21: 2.2(5) #1 | I21: มีการจัดทำข้อตกลงการไม่เปิดเผยความลับ (non-disclosure agreement) สำหรับบุคคลภายนอกหรือผู้รับดำเนินการช่วงของบุคคลภายนอก ในกรณีที่บุคคลดังกล่าวสามารถเข้าถึงข้อมูลสำคัญของผู้ประกอบธุรกิจหรือข้อมูลของลูกค้าที่อยู่ในรูปแบบอิเล็กทรอนิกส์และอยู่ภายใต้การควบคุมดูแลของผู้ประกอบธุรกิจ | J21: H | K21: 1. สัมภาษณ์ ผู้บริหารด้าน IT เกี่ยวกับกระบวนการจัดทำข้อตกลงการไม่เปิดเผยข้อมูล (non-disclosure agreement) กับบุคคลภายนอกที่สามารถเข้าถึงข้อมูลสำคัญของผู้ประกอบธุรกิจ หรือข้อมูลลูกค้าที่อยู่ในรูปแบบอิเล็กทรอนิกส์และอยู่ภายใต้การควบคุมดูแลของผู้ประกอบธุรกิจ ถ้ามี บริษัทควรจัดทำข้อตกลงการไม่เปิดเผยข้อมูล (non-disclosure agreement) กับบุคคลภายนอก 2.สัมภาษณ์ ผู้บริหารด้าน IT เกี่ยวกับกระบวนการหรือวิธีการที่ทำให้ผู้ประกอบธุรกิจมั่นใจได้ว่า หากข้อมูลสำคัญของผู้ประกอบธุรกิจหรือข้อมูลของลูกค้าที่อยู่ในรูปแบบอิเล็กทรอนิกส์และอยู่ภายใต้การควบคุมดูแลของผู้ประกอบธุรกิจ สามารถถูกเข้าถึงได้โดยผู้รับดำเนินการช่วงของบุคคลภายนอก ข้อมูลดังกล่าวจะได้รับการเก็บรักษาความลับอย่างเพียงพอเหมาะสม เช่น กระบวนการสื่อสารจากผู้ประกอบธุรกิจไปยังบุคคลภายนอก หากบุุคคลภายนอกทำสัญญากับผู้รับดำเนินการช่วง บุคคลภายนอกต้องคำนึงถึงการเก็บรักษาความลับของข้อมูลผู้ประกอบธุรกิจด้วย และให้ผู้ประกอบธุรกิจแสดงเอกสารหลักฐานในเรื่องดังกล่าว (ถ้ามี) 3. สอบทาน "สัญญาหรือข้อตกลงกับบุคคลภายนอก" เพื่อให้มั่นใจว่า มีกำหนดข้อตกลงการไม่เปิดเผยความลับ (non-disclosure agreement) โดยรายละเอียดครอบคลุมถึง (1) ขอบเขตความรับผิดชอบในการเก็บรักษาความลับ (2) การไม่เปิดเผยข้อมูลโดยไม่ได้รับอนุญาต (3) การรายงานผู้ประกอบธุรกิจเมื่อพบการรั่วไหลหรือเปิดเผยข้อมูลโดยไม่ได้รับอนุญาต (4) การทำลายข้อมูลที่มีความสำคัญเมื่อสิ้นสุดข้อตกลงหรือสัญญา ทั้งนี้ข้อตกลงการไม่เปิดเผยความลับ (non-disclosure agreement) อาจกำหนดไว้เป็นส่วนหนึ่งของสัญญาหรือข้อตกลงกับบุคคลภายนอกได้ | M21: =IFERROR(IF(N21="Maturity",HLOOKUP(L21,$O$2:$S$200,ROW()-1,0),"N/A"),"") -> N/A | N21: Yes/Partial/No | O21: N/A | P21: N/A | Q21: N/A | R21: N/A | S21: N/A | T21: =IF(OR(L21="Yes",L21="M3",L21="M4",L21="M5"),3,IF(OR(L21="Partial",L21="M2"),2,IF(L21="N/A",0,1))) -> 1 | U21: =IF(L21="M4",1,IF(L21="M5",2,0)) -> 0 | V21: =T21+U21 -> 1 | W21: =IF(ISBLANK(L21),1,0) -> 1
A22: D2.2 #17 | B22: x | C22: x | D22: x | E22: x | F22: 2.2(6) | G22: 1(1) | H22: 2.2(6) #1(1) | I22: มีการกำหนดผู้รับผิดชอบในการกำกับดูแล และติดตามผลการปฏิบัติงานของบุคคลภายนอกอย่างต่อเนื่อง โดยพิจารณาตามขอบเขต ระดับความเสี่ยงและความมีนัยสำคัญของการใช้บริการ การเชื่อมต่อ หรือการเข้าถึงข้อมูลจากบุคคลภายนอก | J22: M | K22: 1. สัมภาษณ์ผู้บริหารด้าน IT เกี่ยวกับการกำหนดผู้รับผิดชอบในการกำกับดูแล และติดตามผลการปฏิบัติงานของบุคคลภายนอกอย่างต่อเนื่อง โดยพิจารณาตามขอบเขต ระดับความเสี่ยงและความมีนัยสำคัญของการใช้บริการ การเชื่อมต่อ หรือการเข้าถึงข้อมูลจากบุคคลภายนอก | M22: =IFERROR(IF(N22="Maturity",HLOOKUP(L22,$O$2:$S$200,ROW()-1,0),"N/A"),"") -> N/A | N22: Yes/Partial/No | O22: N/A | P22: N/A | Q22: N/A | R22: N/A | S22: N/A | T22: =IF(OR(L22="Yes",L22="M3",L22="M4",L22="M5"),3,IF(OR(L22="Partial",L22="M2"),2,IF(L22="N/A",0,1))) -> 1 | U22: =IF(L22="M4",1,IF(L22="M5",2,0)) -> 0 | V22: =T22+U22 -> 1 | W22: =IF(ISBLANK(L22),1,0) -> 1
A23: D2.2 #18 | B23: x | C23: x | D23: x | E23: x | F23: 2.2(6) | G23: 1(2) | H23: 2.2(6) #1(2) | I23: มึการจัดทำทะเบียนบุคคลภายนอกเพื่อใช้ในการบริหารจัดการความเสี่ยง ติดตามและตรวจสอบการปฏิบัติงานของบุคคลภายนอกได้อย่างครบถ้วนต่อเนื่อง โดยมีรายละเอียดครอบคลุม (1) ชื่อบุคคลภายนอก (2) รายละเอียดของการใช้บริการ การเชื่อมต่อ หรือการเข้าถึงข้อมูลจากบุคคลภายนอก (3) ระดับความเสี่ยงและระดับความมีนัยสำคัญ (4) วันเริ่มต้นและสิ้นสุดสัญญาหรือข้อตกลง | J23: M | K23: 1. สอบทาน "ทะเบียนบุคคลภายนอก" เพื่อให้สามารถใช้ในการบริหารจัดการความเสี่ยง ติดตาม และตรวจสอบการปฏิบัติงานของบุคคลภายนอกได้อย่างครบถ้วนต่อเนื่อง โดยมีรายละเอียดครอบคลุม อย่างน้อยดังนี้ (1) ชื่อบุคคลภายนอก (2) รายละเอียดของการใช้บริการ การเชื่อมต่อ หรือการเข้าถึงข้อมูลจากบุคคลภายนอก (3) ระดับความเสี่ยงและระดับความมีนัยสำคัญ (4) วันเริ่มต้นและสิ้นสุดสัญญาหรือข้อตกลง | M23: =IFERROR(IF(N23="Maturity",HLOOKUP(L23,$O$2:$S$200,ROW()-1,0),"N/A"),"") -> N/A | N23: Yes/Partial/No | O23: N/A | P23: N/A | Q23: N/A | R23: N/A | S23: N/A | T23: =IF(OR(L23="Yes",L23="M3",L23="M4",L23="M5"),3,IF(OR(L23="Partial",L23="M2"),2,IF(L23="N/A",0,1))) -> 1 | U23: =IF(L23="M4",1,IF(L23="M5",2,0)) -> 0 | V23: =T23+U23 -> 1 | W23: =IF(ISBLANK(L23),1,0) -> 1
A24: D2.2 #19 | B24: x | C24: x | D24: x | E24: x | F24: 2.2(6) | G24: 1(3) | H24: 2.2(6) #1(3) | I24: มีการกำหนดมาตรการควบคุมและติดตามสิทธิการเข้าถึงข้อมูลสารสนเทศของบุคคลภายนอกอย่างสม่ำเสมอ เพื่อให้สิทธิดังกล่าวเป็นไปตามหลักความจำเป็นต้องรู้ (need-to-know basis) | J24: M | K24: 1. สอบทาน "การกำหนดสิทธิการเข้าถึงข้อมูลและระบบสารสนเทศของผู้รับดำเนินการ" เพื่อให้มั่นใจว่ามีการจำกัดสิทธิการเข้าถึงเฉพาะที่จำเป็น โดยอาจพิจารณาถึงข้อมูล และระบบงาน ดังนี้ (1) ระบบงาน (application) ที่สำคัญ (2) ระบบปฏิบัติการ และ ระบบฐานข้อมูลของระบบงานที่สำคัญ (3) ระบบเครือข่าย และ อุปกรณ์เครือข่าย (4) การเข้าถึงข้อมูลสำคัญในที่จัดเก็บข้อมูลส่วนกลาง (5) การเข้าถึงสูตรการคำนวณ และ ตรรกะการประมวลผล หรือ ลิขสิทธิ์ต่างๆ | M24: =IFERROR(IF(N24="Maturity",HLOOKUP(L24,$O$2:$S$200,ROW()-1,0),"N/A"),"") -> N/A | N24: Yes/Partial/No | O24: N/A | P24: N/A | Q24: N/A | R24: N/A | S24: N/A | T24: =IF(OR(L24="Yes",L24="M3",L24="M4",L24="M5"),3,IF(OR(L24="Partial",L24="M2"),2,IF(L24="N/A",0,1))) -> 1 | U24: =IF(L24="M4",1,IF(L24="M5",2,0)) -> 0 | V24: =T24+U24 -> 1 | W24: =IF(ISBLANK(L24),1,0) -> 1
A25: D2.2 #20 | B25: x | C25: x | D25: x | E25: x | F25: 2.2(6) | G25: 1(4) | H25: 2.2(6) #1(4) | I25: มีการกำหนดให้บุคคลภายนอกรายงานเหตุการณ์ผิดปกติที่เกิดขึ้นระหว่างการดำเนินงานที่เกี่ยวข้องให้ผู้ประกอบธุรกิจได้รับทราบอย่างทันการณ์ | J25: M | K25: 1. สอบทาน "สัญญาหรือข้อตกลงกับบุคคลภายนอก" เกี่ยวกับหน้าที่ในการแจ้งเหตุการณ์ผิดปกติที่เกิดขึ้นระหว่างการดำเนินงาน เพื่อให้มั่นใจว่าผู้ประกอบธุรกิจได้รับทราบ วิเคราะห์ และรับมือกับเหตุการณ์ผิดปกติอย่างทันการณ์ | M25: =IFERROR(IF(N25="Maturity",HLOOKUP(L25,$O$2:$S$200,ROW()-1,0),"N/A"),"") -> N/A | N25: Yes/Partial/No | O25: N/A | P25: N/A | Q25: N/A | R25: N/A | S25: N/A | T25: =IF(OR(L25="Yes",L25="M3",L25="M4",L25="M5"),3,IF(OR(L25="Partial",L25="M2"),2,IF(L25="N/A",0,1))) -> 1 | U25: =IF(L25="M4",1,IF(L25="M5",2,0)) -> 0 | V25: =T25+U25 -> 1 | W25: =IF(ISBLANK(L25),1,0) -> 1
A26: D2.2 #21 | B26: x | C26: x | D26: x | E26: x | F26: 2.2(6) | G26: 1(5) | H26: 2.2(6) #1(5) | I26: มีการประเมินผลการปฏิบัติงานหรือผลการให้บริการของบุคคลภายนอก ทั้งในด้านประสิทธิภาพของบริการ การรักษา ความมั่นคงปลอดภัยด้าน IT และการปฏิบัติตามกฎหมายที่เกี่ยวข้อง เมื่อจะต่อสัญญาหรือเมื่อถึงรอบระยะเวลา ที่ผู้ประกอบธุรกิจกำหนด | J26: H | K26: 1. สอบทาน "ผลการสอบทานผลการปฏิบัติงานผู้รับดำเนินการ" เพื่อให้มั่นใจว่ามีการติดตาม ตรวจสอบ การดำเนินงานของผู้รับดำเนินการในรูปแบบต่างๆ อาทิ มีการประชุมเพื่อสอบถามและยืนยันกระบวนการปฏิบัติงานอย่างสม่ำเสมอ มีการสอบทานเอกสารคู่มือหรือกระบวนการในการปฏิบัติงานของผู้รับดำเนินการ ฯลฯ เป็นไปตามข้อตกลงระดับการให้บริการด้าน IT (service level agreement: SLA) | M26: =IFERROR(IF(N26="Maturity",HLOOKUP(L26,$O$2:$S$200,ROW()-1,0),"N/A"),"") -> N/A | N26: Yes/Partial/No | O26: N/A | P26: N/A | Q26: N/A | R26: N/A | S26: N/A | T26: =IF(OR(L26="Yes",L26="M3",L26="M4",L26="M5"),3,IF(OR(L26="Partial",L26="M2"),2,IF(L26="N/A",0,1))) -> 1 | U26: =IF(L26="M4",1,IF(L26="M5",2,0)) -> 0 | V26: =T26+U26 -> 1 | W26: =IF(ISBLANK(L26),1,0) -> 1
A27: D2.2 #22 | B27: x | C27: x | D27: x | E27: x | F27: 2.2(6) | G27: 1(6) | H27: 2.2(6) #1(6) | I27: มีการทบทวนคุณสมบัติบุคคลภายนอกอย่างสม่ำเสมอ เพื่อให้มั่นใจว่าบุคคลภายนอกยังคงมีคุณสมบัติที่เหมาะสม | J27: M | K27: 1. สอบทาน "ผลการทบทวนคุณสมบัติบุคคลภายนอก" เพื่อให้มั่นใจบุคคลภายนอกยังคงมีคุณสมบัติที่เหมาะสมตามข้อผูกพันตามสัญญา | M27: =IFERROR(IF(N27="Maturity",HLOOKUP(L27,$O$2:$S$200,ROW()-1,0),"N/A"),"") -> N/A | N27: Yes/Partial/No | O27: N/A | P27: N/A | Q27: N/A | R27: N/A | S27: N/A | T27: =IF(OR(L27="Yes",L27="M3",L27="M4",L27="M5"),3,IF(OR(L27="Partial",L27="M2"),2,IF(L27="N/A",0,1))) -> 1 | U27: =IF(L27="M4",1,IF(L27="M5",2,0)) -> 0 | V27: =T27+U27 -> 1 | W27: =IF(ISBLANK(L27),1,0) -> 1
A28: D2.2 #23 | B28: x | C28: x | D28: x | E28: x | F28: 2.2(7) | G28: 1 | H28: 2.2(7) #1 | I28: มีการรักษาความมั่นคงปลอดภัยด้าน IT จากการใช้บริการ การเชื่อมต่อหรือการเข้าถึงข้อมูลจากบุคคลภายนอก ที่สอดคล้องกับการรักษาความมั่นคงปลอดภัยด้าน IT ของผู้ประกอบธุรกิจ หรือสอดคล้องกับมาตรฐานสากลที่ได้รับการยอมรับโดยทั่วไป | J28: H | K28: 1. สอบทาน "นโยบายเกี่ยวกับการบริหารจัดการผู้ให้บริการภายนอก" เพื่อให้มั่นใจว่านโยบายดังกล่าว ครอบคลุมถึงการรักษาความมั่นคงปลอดภัยด้าน IT จากการใช้บริการ การเชื่อมต่อหรือการเข้าถึงข้อมูลจากบุคคลภายนอกตลอด ที่สอดคล้องกับการรักษาความมั่นคงปลอดภัยด้าน IT ของผู้ประกอบธุรกิจ หรือสอดคล้องกับมาตรฐานสากลที่ได้รับการยอมรับโดยทั่วไป เช่น มาตรฐาน ISO/IEC 27001 เป็นต้น 2. สอบทาน “สัญญาหรือข้อตกลงกับบุคคลภายนอก” เพื่อให้มั่นใจว่า มีการกำหนดหน้าที่ของบุคคลภายนอกในการรักษาความมั่นคงปลอดภัยด้าน IT สอดคล้องกับการรักษาความมั่นคงปลอดภัยด้าน IT ของผู้ประกอบธุรกิจ หรือสอดคล้องกับมาตรฐานสากลที่ได้รับการยอมรับโดยทั่วไป ตามความเสี่ยง และความมีนัยสำคัญของบุคคลภายนอก | M28: =IFERROR(IF(N28="Maturity",HLOOKUP(L28,$O$2:$S$200,ROW()-1,0),"N/A"),"") -> N/A | N28: Yes/Partial/No | O28: N/A | P28: N/A | Q28: N/A | R28: N/A | S28: N/A | T28: =IF(OR(L28="Yes",L28="M3",L28="M4",L28="M5"),3,IF(OR(L28="Partial",L28="M2"),2,IF(L28="N/A",0,1))) -> 1 | U28: =IF(L28="M4",1,IF(L28="M5",2,0)) -> 0 | V28: =T28+U28 -> 1 | W28: =IF(ISBLANK(L28),1,0) -> 1
A29: D2.2 #24 | B29: x | C29: x | D29: x | E29: x | F29: 2.2(8) | G29: 1 | H29: 2.2(8) #1 | I29: มีการเตรียมความพร้อมรับมือต่อเหตุการณ์ผิดปกติด้าน IT และปัญหาด้าน IT ที่อาจเกิดขึ้นและมีผลกระทบอย่างมีนัยสำคัญเพื่อให้สามารถให้บริการหรือดำเนินธุรกิจได้อย่างต่อเนื่อง | J29: M | K29: 1. สอบทาน “แผนรองรับเหตุการณ์ที่อาจส่งผลกระทบต่อความมั่นคงปลอดภัยของระบบสารสนเทศ (incident response plan)” เพื่อให้มั่นใจว่า มีการจัดทำและสื่อสารแผนรองรับในกรณีที่บุคคลภายนอกเกิดเหตุการณ์ผิดปกติด้าน IT ซึ่งมีผลกระทบกับการดำเนินการของผู้ประกอบธุรกิจ โดยครอบคลุมเหตุการณ์ที่เกี่ยวข้องกับเหตุการณ์ความปลอดภัยทางไซเบอร์และเหตุการณ์การละเมิดต่อข้อมูลส่วนบุคคล | M29: =IFERROR(IF(N29="Maturity",HLOOKUP(L29,$O$2:$S$200,ROW()-1,0),"N/A"),"") -> N/A | N29: Yes/Partial/No | O29: N/A | P29: N/A | Q29: N/A | R29: N/A | S29: N/A | T29: =IF(OR(L29="Yes",L29="M3",L29="M4",L29="M5"),3,IF(OR(L29="Partial",L29="M2"),2,IF(L29="N/A",0,1))) -> 1 | U29: =IF(L29="M4",1,IF(L29="M5",2,0)) -> 0 | V29: =T29+U29 -> 1 | W29: =IF(ISBLANK(L29),1,0) -> 1
W30: =SUM(W15:W29) -> 15 | Y30: =COUNTIF(N5:N29,"Maturity") -> 2
L31: Remarks | M31: =IF(W30>0,"โปรดระวัง ท่านยังไม่ได้บันทึกผลการประเมินในข้อดังนี้","ตอบแบบประเมินครบถ้วน") -> โปรดระวัง ท่านยังไม่ได้บันทึกผลการประเมินในข้อดังนี้
M32: =IF(ISBLANK(L5),_xlfn.CONCAT(A5," , "),"")& IF(ISBLANK(L6),_xlfn.CONCAT(A6," , "),"")& IF(ISBLANK(L7),_xlfn.CONCAT(A7," , "),"")& IF(ISBLANK(L8),_xlfn.CONCAT(A8," , "),"")& IF(ISBLANK(L9),_xlfn.CONCAT(A9," , "),"")& IF(ISBLANK(L10),_xlfn.CONCAT(A10," , "),"")& IF(ISBLANK(L11),_xlfn.CONCAT(A11," , "),"")& IF(ISBLANK(L12),_xlfn.CONCAT(A12," , "),"")& IF(ISBLANK(L13),_xlfn.CONCAT(A13," , "),"")& IF(ISBLANK(L15),_xlfn.CONCAT(A15," , "),"")& IF(ISBLANK(L16),_xlfn.CONCAT(A16," , "),"")& IF(ISBLANK(L17),_xlfn.CONCAT(A17," , "),"")& IF(ISBLANK(L18),_xlfn.CONCAT(A18," , "),"")& IF(ISBLANK(L19),_xlfn.CONCAT(A19," , "),"")& IF(ISBLANK(L20),_xlfn.CONCAT(A20," , "),"")& IF(ISBLANK(L21),_xlfn.CONCAT(A21," , "),"")& IF(ISBLANK(L22),_xlfn.CONCAT(A22," , "),"")& IF(ISBLANK(L23),_xlfn.CONCAT(A23," , "),"")& IF(ISBLANK(L24),_xlfn.CONCAT(A24," , "),"")& IF(ISBLANK(L25),_xlfn.CONCAT(A25," , "),"")& IF(ISBLANK(L26),_xlfn.CONCAT(A26," , "),"")& IF(ISBLANK(L27),_xlfn.CONCAT(A27," , "),"")& IF(ISBLANK(L28),_xlfn.CONCAT(A28," , "),"")& IF(ISBLANK(L29),A29,"") -> D2.2 #1 , D2.2 #2 , D2.2 #3 , D2.2 #4 , D2.2 #5 , D2.2 #6 , D2.2 #7 , D2.2 #8 , D2.2 #9 , D2.2 #10 , D2.2 #11 , D2.2 #12 , D2.2 #13 , D2.2 #14 , D2.2 #15 , D2.2 #16 , D2.2 #17 , D2.2 #18 , D2.2 #19 , D2.2 #20 , D2.2 #21 , D2.2 #22 , D2.2 #23 , D2.2 #24

Sheet D2.3
A1: # control ID | B1: H | C1: M | D1: L | E1: S | F1: สธ. 38/2565 (ปรับปรุงแก้ไขโดย สธ. 33/2567) | G1: นป. 6/2567 | H1: การควบคุมที่ สธ. # นป. | I1: การควบคุมที่ควรมี | J1: ระดับความสำคัญของ การควบคุม | K1: ตัวอย่างวิธีการเก็บหลักฐาน (Methods of obtaining audit evidence) สามารถนำไปปรับใช้ประกอบการประเมินได้ | L1: ผลการประเมิน | M1: คำอธิบาย | N1: ประเภทการวัดผล | O1: Maturity Level 1 (M1) | P1: Maturity Level 2 (M2) | Q1: Maturity Level 3 (M3) | R1: Maturity Level 4 (M4) | S1: Maturity Level 5 (M5)
F2: หมวดที่ 2 การรักษาความมั่นคงปลอดภัยด้าน IT (Information Technology Security) | O2: M1 | P2: M2 | Q2: M3 | R2: M4 | S2: M5
F3: ส่วนที่ 3 การบริหารจัดการทรัพย์สินด้าน IT (IT asset management)
A4: D2.3 #1 | B4: x | C4: x | D4: x | F4: 3.1 | G4: 1 | H4: 3.1 #1 | I4: มีการกำหนดระเบียบปฏิบัติเกี่ยวกับการบริหารจัดการทรัพย์สินด้าน IT ครอบคลุมการจัดทำทะเบียนรายการทรัพย์สิน การปรับปรุงทะเบียนรายการทรัพย์สิน การยกเลิกและเรียกคืนทรัพย์สิน | J4: M | K4: 1. สัมภาษณ์ ผู้บริหารด้าน IT และ ผู้ที่มีหน้าที่รับผิดชอบในการดูแลทรัพย์สินทางด้านสารสนเทศ เพื่อให้เข้าใจถึงการบริหารจัดการทรัพย์สินสารสนเทศของผู้ประกอบธุรกิจ ตั้งแต่ การจัดทำทะเบียนรายการทรัพย์สิน การปรับปรุงทะเบียนรายการทรัพย์สิน การยกเลิกและเรียกคืนทรัพย์สิน โดยครอบคลุมทั้งทรัพย์สินที่บริหารจัดการโดยผู้ประกอบธุรกิจเอง และทรัพย์สินที่บริหารจัดการโดยบุคคลภายนอก 2. สอบทาน "ระเบียบปฏิบัติเกี่ยวกับการบริหารจัดการทรัพย์สินด้าน IT" เพื่อให้มั่นใจว่าเนื้อหาครอบคลุมถึง (1) การจัดทำทะเบียนรายการทรัพย์สิน (2) การปรับปรุงทะเบียนรายการทรัพย์สิน อย่างน้อยปีละ 1 ครั้ง และทุกครั้งที่มีการเปลี่ยนแปลงอย่างมีนัยสำคัญ (3) การยกเลิกและเรียกคืนทรัพย์สินเมื่อสิ้นสุดหรือเปลี่ยนการจ้างงาน สัญญาจ้าง หรือข้อตกลงการจ้าง โดยครอบคลุมทั้งทรัพย์สินที่บริหารจัดการโดยผู้ประกอบธุรกิจและโดยบุคคลภายนอก 3. สอบทาน "เอกสารการสอบทานระเบียบปฏิบัติเกี่ยวกับการบริหารจัดการทรัพย์สินด้าน IT" เพื่อให้มั่นใจว่าระเบียบปฏิบัติดังกล่าวได้มีการกำหนดกรอบเวลาที่ชัดเจนในการสอบทานและปรับปรุงให้เป็นปัจจุบันอย่างสม่ำเสมอ 4. สอบทาน "หลักฐานการพิจารณาปัจจัยการเปลี่ยนแปลงด้าน IT" ที่แสดงให้เห็นว่าบริษัทได้มีการนำปัจจัยการเปลี่ยนแปลงของทรัพย์สินด้าน IT ที่คาดว่าหรือกำลังจะนำมาใช้ หรือกรณีผู้ประกอบธุรกิจมีแผนการขยายธุรกิจมาพิจารณาถึงผลกระทบต่อการปรับปรุงระเบียบปฏิบัติเกี่ยวกับการบริหารจัดการทรัพย์สินด้าน IT เพื่อนำไปพัฒนาให้เป็นปัจจุบันอย่างทันท่วงที | M4: =IFERROR(IF(N4="Maturity",HLOOKUP(L4,$O$2:$S$200,ROW()-1,0),"N/A"),"") -> N/A | N4: Yes/Partial/No | O4: N/A | P4: N/A | Q4: N/A | R4: N/A | S4: N/A | T4: =IF(OR(L4="Yes",L4="M3",L4="M4",L4="M5"),3,IF(OR(L4="Partial",L4="M2"),2,IF(L4="N/A",0,1))) -> 1 | U4: =IF(L4="M4",1,IF(L4="M5",2,0)) -> 0 | V4: =T4+U4 -> 1 | W4: =IF(ISBLANK(L4),1,0) -> 1
A5: D2.3 #2 | B5: x | C5: x | D5: x | F5: 3.1 | G5: 2 | H5: 3.1 #2 | I5: มีการจัดทำทะเบียนรายการทรัพย์สินด้าน IT ประเภทอุปกรณ์ (hardware) รวมถึง virtual machine ให้ครบถ้วนและเป็นปัจจุบัน โดยมีตัวอย่างรายละเอียด ดังนี้ (1) เลขทะเบียนทรัพย์สิน (2) ประเภทฮาร์ดแวร์ (3) รายละเอียดทางเทคนิค ยี่ห้อ รุ่น (4) ระบบปฏิบัติการและเวอร์ชัน (5) เจ้าของทรัพย์สิน (6) ผู้ดูแลทรัพย์สิน (7) สถานที่ตั้ง (8) วันที่เริ่มใช้งาน/วันที่ติดตั้ง (9) วันที่สิ้นสุดการรับประกัน หรือสิ้นสุดการใช้งานตามสัญญา (10) ประเภทการครอบครอง (ซื้อ หรือเช่า) | J5: M | K5: 1. สอบทาน "ทะเบียนทรัพย์สินสารสนเทศประเภทอุปกรณ์ (Hardware) รวมถึง virtual machine" เพื่อให้มั่นใจว่าองค์กรมีการบริหารจัดการทรัพย์สินได้อย่างครบถ้วน เหมาะสม และเป็นปัจจุบัน โดยมีตัวอย่างรายละเอียด ดังนี้ (1) เลขทะเบียนทรัพย์สิน (2) ประเภทฮาร์ดแวร์ (3) รายละเอียดทางเทคนิค ยี่ห้อ รุ่น (4) ระบบปฏิบัติการและเวอร์ชัน (5) เจ้าของทรัพย์สิน (6) ผู้ดูแลทรัพย์สิน (7) สถานที่ตั้ง (8) วันที่เริ่มใช้งาน/วันที่ติดตั้ง (9) วันที่สิ้นสุดการรับประกัน หรือสิ้นสุดการใช้งานตามสัญญา (10) ประเภทการครอบครอง (ซื้อ หรือเช่า) | M5: =IFERROR(IF(N5="Maturity",HLOOKUP(L5,$O$2:$S$200,ROW()-1,0),"N/A"),"") -> N/A | N5: Yes/Partial/No | O5: N/A | P5: N/A | Q5: N/A | R5: N/A | S5: N/A | T5: =IF(OR(L5="Yes",L5="M3",L5="M4",L5="M5"),3,IF(OR(L5="Partial",L5="M2"),2,IF(L5="N/A",0,1))) -> 1 | U5: =IF(L5="M4",1,IF(L5="M5",2,0)) -> 0 | V5: =T5+U5 -> 1 | W5: =IF(ISBLANK(L5),1,0) -> 1
A6: D2.3 #3 | B6: x | C6: x | D6: x | F6: 3.1 | G6: 3 | H6: 3.1 #3 | I6: จัดทำทะเบียนรายการทรัพย์สินด้าน IT ประเภทซอฟต์แวร์ (software) ให้ครบถ้วนและเป็นปัจจุบัน โดยมีตัวอย่างรายละเอียด ดังนี้ (1) เลขทะเบียนทรัพย์สิน (2) ชื่อซอฟต์แวร์ (3) รายละเอียดทางเทคนิค / การใช้งาน (4) ระบบปฏิบัติการและเวอร์ชัน (5) หน่วยงานภายในผู้เป็นเจ้าของซอฟต์แวร์ (6) วันลงทะเบียนซอฟต์แวร์ (7) วันที่สิ้นสุดการใช้บริการ (8) เลขทะเบียนทรัพย์สินฮาร์ดแวร์ที่อ้างอิง | J6: M | K6: 1. สอบทาน "ทะเบียนรายการทรัพย์สินด้าน IT ประเภทซอฟต์แวร์ (software)" เพื่อให้มั่นใจว่ามีการจัดทำทะเบียนทรัพย์สินดังกล่าวอย่างครบถ้วนและเป็นปัจจุบัน โดยมีตัวอย่างรายละเอียด ดังนี้ (1) เลขทะเบียนทรัพย์สิน (2) ชื่อซอฟต์แวร์ (3) รายละเอียดทางเทคนิค / การใช้งาน (4) ระบบปฏิบัติการและเวอร์ชัน (5) หน่วยงานภายในผู้เป็นเจ้าของซอฟต์แวร์ (6) วันลงทะเบียนซอฟต์แวร์ (7) วันที่สิ้นสุดการใช้บริการ (8) เลขทะเบียนทรัพย์สินฮาร์ดแวร์ที่อ้างอิง | M6: =IFERROR(IF(N6="Maturity",HLOOKUP(L6,$O$2:$S$200,ROW()-1,0),"N/A"),"") -> N/A | N6: Yes/Partial/No | O6: N/A | P6: N/A | Q6: N/A | R6: N/A | S6: N/A | T6: =IF(OR(L6="Yes",L6="M3",L6="M4",L6="M5"),3,IF(OR(L6="Partial",L6="M2"),2,IF(L6="N/A",0,1))) -> 1 | U6: =IF(L6="M4",1,IF(L6="M5",2,0)) -> 0 | V6: =T6+U6 -> 1 | W6: =IF(ISBLANK(L6),1,0) -> 1
A7: D2.3 #4 | B7: x | C7: x | D7: x | F7: 3.1 | G7: 4 | H7: 3.1 #4 | I7: จัดให้มีการปรับปรุงทะเบียนทรัพย์สินสารสนเทศต่าง ๆ ให้ครบถ้วนและเป็นปัจจุบันอยู่อย่างสม่ำเสมอ อย่างน้อยปีละ 1 ครั้ง และทุกครั้งที่มีการเปลี่ยนแปลงระบบ IT อย่างมีนัยสำคัญ | J7: M | K7: 1. สอบทานหลักฐานการทบทวนและปรับปรุงทะเบียนทรัพย์สินสารสนเทศต่าง ๆ เพื่อให้มั่นใจว่ามีการดำเนินการอย่างน้อยปีละ 1 ครั้ง และทุกครั้งที่มีการเปลี่ยนแปลงระบบ IT อย่างมีนัยสำคัญ (M4) 2. สอบทาน "รายงานผลการสอบทานทะเบียนทรัพย์สินด้าน IT" ทั้งประเภทฮาร์ดแวร์และซอฟต์แวร์โดยบุคคลหรือหน่วยงานที่มีความเป็นอิสระจากหน่วยงานที่ทำหน้าที่ปฏิบัติงานเพื่อให้มั่นใจว่ามีการกำหนดผู้รับผิดชอบทรัพย์สินถูกต้อง ครบถ้วน (M5) 3. สอบทาน "หลักฐานการใช้เครื่องมือหรือกลไกอัตโนมัติ" เพื่อให้มั่นใจว่ามีการใช้เครื่องมือในการสอบทานความถูกต้องของทะเบียนทรัพย์สิน รวมทั้ง มีการแจ้งเตือนกรณีตรวจพบความผิดปกติ เช่น กรณีทรัพย์สินที่ไม่มีผู้ดูแล หรือ ทรัพย์สินที่มีผู้ดูแลมากกว่า 1 คน หรือ ผู้ดูแลที่ดูแลทรัพย์สินมากกว่า 2 รายการ หรือ ทรัพย์สินที่ระบุชื่อผู้ดูแลเป็นพนักงานที่สิ้นสุดการจ้างงาน ให้แก่ผู้ที่เกี่ยวข้องทราบทันที | M7: =IFERROR(IF(N7="Maturity",HLOOKUP(L7,$O$2:$S$200,ROW()-1,0),"N/A"),"") | N7: Maturity | O7: ไม่มีการทบทวนและปรับปรุงทะเบียนทรัพย์สินให้เป็นปัจจุบัน | P7: มีการทบทวนและปรับปรุงทะเบียนทรัพย์สินอย่างน้อยปีละ 1 ครั้ง แต่ข้อมูลไม่ถูกต้อง หรือไม่ครบถ้วน | Q7: มีการปรับปรุงทะเบียนทรัพย์สินครบถ้วนและเป็นปัจจุบันอยู่อย่างสม่ำเสมอ อย่างน้อยปีละ 1 ครั้ง และทุกครั้งที่มีการเปลี่ยนแปลงระบบ IT อย่างมีนัยสำคัญ | R7: มีการจัดทำตาม Maturity Level 3 รวมถึงมีการสอบทานความถูกต้องของทะเบียนทรัพย์สินโดยบุคคลหรือหน่วยงานที่มีความเป็นอิสระจากหน่วยงานที่ทำหน้าที่ปฏิบัติงาน | S7: มีการจัดทำตาม Maturity Level 4 รวมถึงมีการใช้เครื่องมืออัตโนมัติ (automated tools) ในการสอบทานความถูกต้องของทะเบียนทรัพย์สอน รวมทั้ง มีการแจ้งเตือนกรณีตรวจพบความผิดปกติ เช่น กรณีทรัพย์สินที่ไม่มีผู้ดูแล หรือ ทรัพย์สินที่มีผู้ดูแลมากกว่า 1 คน หรือ ผู้ดูแลที่ดูแลทรัพย์สินมากกว่า 2 รายการ หรือ ทรัพย์สินที่ระบุชื่อผู้ดูแลเป็นพนักงานที่สิ้นสุดการจ้างงาน เป็นต้น ให้แก่ผู้ที่เกี่ยวข้องทราบทันที | T7: =IF(OR(L7="Yes",L7="M3",L7="M4",L7="M5"),3,IF(OR(L7="Partial",L7="M2"),2,IF(L7="N/A",0,1))) -> 1 | U7: =IF(L7="M4",1,IF(L7="M5",2,0)) -> 0 | V7: =T7+U7 -> 1 | W7: =IF(ISBLANK(L7),1,0) -> 1
A8: D2.3 #5 | B8: x | C8: x | D8: x | F8: 3.2 | G8: 1 | H8: 3.2 #1 | I8: กำหนดบุคคลหรือหน่วยงานซึ่งรับผิดชอบในการจัดทำและปรับปรุงทะเบียนรายการทรัพย์สินด้าน IT แต่ละรายการ รวมถึงบำรุงรักษาทรัพย์สินด้าน IT แต่ละรายการอย่างสม่ำเสมอตลอดอายุการใช้งานของทรัพย์สินดังกล่าว | J8: M | K8: 1. สอบทาน "ทะเบียนทรัพย์สินด้าน IT" ทั้งประเภทฮาร์ดแวร์และซอฟต์แวร์ เพื่อให้มั่นใจว่า ทะเบียนทรัพย์สินดังกล่าวมีการระบุถึงเจ้าของ หรือผู้รับผิดชอบทรัพย์สินทุกรายการอย่างชัดเจนและครบถ้วน | M8: =IFERROR(IF(N8="Maturity",HLOOKUP(L8,$O$2:$S$200,ROW()-1,0),"N/A"),"") -> N/A | N8: Yes/Partial/No | O8: N/A | P8: N/A | Q8: N/A | R8: N/A | S8: N/A | T8: =IF(OR(L8="Yes",L8="M3",L8="M4",L8="M5"),3,IF(OR(L8="Partial",L8="M2"),2,IF(L8="N/A",0,1))) -> 1 | U8: =IF(L8="M4",1,IF(L8="M5",2,0)) -> 0 | V8: =T8+U8 -> 1 | W8: =IF(ISBLANK(L8),1,0) -> 1
A9: D2.3 #6 | B9: x | C9: x | D9: x | F9: 3.3 | G9: 1 | H9: 3.3 #1 | I9: มีการบำรุงรักษาทรัพย์สินด้าน IT ให้มีสภาพพร้อมใช้งานและรองรับการดำเนินธุรกิจอย่างต่อเนื่อง พร้อมทั้งวางแผนรองรับทรัพย์สินด้าน IT ที่ใกล้จะสิ้นสุดอายุการใช้งาน (end of life) หรือสิ้นสุดการสนับสนุนหรือให้บริการจากผู้ผลิต (end of support) ได้อย่างเหมาะสมทันการณ์ พร้อมทั้ง มีมาตรการควบคุมความเสี่ยง ในกรณีที่มีความจำเป็นต้องใช้ทรัพย์สินที่สิ้นสุดอายุการใช้งานหรือสิ้นสุดการสนับสนุนหรือให้บริการจากผู้ผลิต | J9: L | K9: 1. สัมภาษณ์ ผู้บริหารด้าน IT เกี่ยวกับการบริหารจัดการทรัพยสินที่จะสิ้นสุดอายุการใช้งาน (end of life) หรือสิ้นสุดการสนับสนุนหรือให้บริการจากผู้ผลิต (end of support) เพื่อให้มีการบริหารจัดการความเสี่ยงจากการใช้งานอุปกรณ์ดังกล่าวอย่างเหมาะสม 2. สอบทาน "นโยบาย หรือขั้นตอนการปฏิบัติงานเกี่ยวกับการบริหารจัดการทรัพย์สินสารสนเทศ" เพื่อให้มั่นใจว่าเนื้อหาครอบคลุมถึงการบำรุงรักษาทรัพย์สินด้าน IT ให้มีสภาพพร้อมใช้งานและรองรับการดำเนินธุรกิจอย่างต่อเนื่อง รวมทั้งการประเมินความเสี่ยงและจัดทำมาตรการควบคุมความเสี่ยงหากจำเป็นต้องใช้ทรัพย์สินที่สิ้นสุดอายุการใช้งานหรือสิ้นสุดการสนับสนุนหรือให้บริการจากผู้ผลิต 3. สอบทาน "ผลการประเมินความเสี่ยงและมาตรการควบคุมความเสี่ยง ในกรณีที่มีความจำเป็นต้องใช้ทรัพย์สินที่สิ้นสุดอายุการใช้งานหรือสิ้นสุดการสนับสนุนหรือให้บริการจากผู้ผลิต (ถ้ามี)" เพื่อให้มั่นใจว่าการใช้งานทรัพย์สินที่สิ้นสุดอายุการใช้งานเหล่านั้นได้รับการควบคุมและบริหารจัดการความเสี่ยงได้อย่างถูกต้องเหมาะสม (M4) 4. สอบทาน "หลักฐานการสอบทานทรัพย์สินด้าน IT ที่ใกล้จะสิ้นสุดอายุการใช้งาน (end of life) หรือสิ้นสุดการสนับสนุนหรือให้บริการจากผู้ผลิต (end of support)" เพื่อให้มั่นใจว่าทรัพย์สินเหล่านี้จะได้รับการบำรุงรักษาอย่างเหมาะสมทันการณ์ (M5) 5. สอบทาน "หลักฐานการใช้เครื่องมือหรือกลไกอัตโนมัติ (automated tools) สำหรับการบริหารทรัพย์สินด้าน IT ที่ใกล้จะสิ้นสุดอายุการใช้งาน (end of life) หรือสิ้นสุดการสนับสนุนหรือให้บริการจากผู้ผลิต (end of support)" เพื่อให้มั่นใจว่ามีการใช้เครื่องมือในการตรวจจับทรัพย์สินที่ใกล้หรือสิ้นสุดอายุการใช้งาน (end of life) หรือสิ้นสุดการสนับสนุนหรือให้บริการจากผู้ผลิต (end of support) ไปแล้ว ได้อย่างเหมาะสมและทันการณ์ | M9: =IFERROR(IF(N9="Maturity",HLOOKUP(L9,$O$2:$S$200,ROW()-1,0),"N/A"),"") | N9: Maturity | O9: ผู้ประกอบธุรกิจไม่มีการบำรุงรักษาทรัพย์สินด้าน IT และไม่มีการวางแผนรองรับทรัพย์สินด้าน IT ที่ใกล้ end of life หรือ end of support ได้อย่างเหมาะสมทันการณ์ | P9: ผู้ประกอบธุรกิจมีการบำรุงรักษาทรัพย์สินด้าน IT หรือ มีการวางแผนรองรับทรัพย์สินด้าน IT ที่ใกล้ end of life หรือ end of support ไม่ครอบคลุม/ครบถ้วน | Q9: ผู้ประกอบธุรกิจมีการบำรุงรักษาทรัพย์สินด้าน IT และ มีการวางแผนรองรับทรัพย์สินด้าน IT ที่ใกล้ end of life หรือ end of support โดยมีการประเมินความเสี่ยงและจัดทำมาตรการควบคุมความเสี่ยงหากจำเป็นต้องใช้ทรัพย์สินดังกล่าว | R9: มีการจัดทำตาม Maturity Level 3 รวมถึงมีการสอบทาน/ติดตามความเสี่ยง end of life หรือ end of support ซึ่งบริษัทยังคงใช้งานอยู่ | S9: มีการจัดทำตาม Maturity Level 4 รวมถึงมีการใช้เครื่องมืออัตโนมัติ (automated tools) ในการตรวจจับและแจ้งเตือนทรัพย์สินที่ใกล้หรือสิ้นสุดอายุการใช้งาน (end of life) หรือสิ้นสุดการสนับสนุนหรือให้บริการจากผู้ผลิต (end of support) แล้ว | T9: =IF(OR(L9="Yes",L9="M3",L9="M4",L9="M5"),3,IF(OR(L9="Partial",L9="M2"),2,IF(L9="N/A",0,1))) -> 1 | U9: =IF(L9="M4",1,IF(L9="M5",2,0)) -> 0 | V9: =T9+U9 -> 1 | W9: =IF(ISBLANK(L9),1,0) -> 1
W10: =SUM(W4:W9) -> 6 | Y10: =COUNTIF(N4:N9,"Maturity") -> 2
L11: Remarks | M11: =IF(W10>0,"โปรดระวัง ท่านยังไม่ได้บันทึกผลการประเมินในข้อดังนี้","ตอบแบบประเมินครบถ้วน") -> โปรดระวัง ท่านยังไม่ได้บันทึกผลการประเมินในข้อดังนี้
M12: =IF(ISBLANK(L4),_xlfn.CONCAT(A4," , "),"")&IF(ISBLANK(L5),_xlfn.CONCAT(A5," , "),"")& IF(ISBLANK(L6),_xlfn.CONCAT(A6," , "),"")& IF(ISBLANK(L7),_xlfn.CONCAT(A7," , "),"")& IF(ISBLANK(L8),_xlfn.CONCAT(A8," , "),"")& IF(ISBLANK(L9),A9,"") -> D2.3 #1 , D2.3 #2 , D2.3 #3 , D2.3 #4 , D2.3 #5 , D2.3 #6

Sheet D2.4
A1: # control ID | B1: H | C1: M | D1: L | E1: S | F1: สธ. 38/2565 (ปรับปรุงแก้ไขโดย สธ. 33/2567) | G1: นป. 6/2567 | H1: การควบคุมที่ สธ. # นป. | I1: การควบคุมที่ควรมี | J1: ระดับความสำคัญของ การควบคุม | K1: ตัวอย่างวิธีการเก็บหลักฐาน (Methods of obtaining audit evidence) สามารถนำไปปรับใช้ประกอบการประเมินได้ | L1: ผลการประเมิน | M1: คำอธิบาย | N1: ประเภทการวัดผล | O1: Maturity Level 1 (M1) | P1: Maturity Level 2 (M2) | Q1: Maturity Level 3 (M3) | R1: Maturity Level 4 (M4) | S1: Maturity Level 5 (M5)
F2: หมวดที่ 2 การรักษาความมั่นคงปลอดภัยด้าน IT (Information Technology Security) | O2: M1 | P2: M2 | Q2: M3 | R2: M4 | S2: M5
F3: ส่วนที่ 4 การรักษาความมั่นคงปลอดภัยของข้อมูล (data security)
A4: D2.4 #1 | B4: x | C4: x | D4: x | F4: 4.1 | G4: 1 | H4: 4.1 #1 | I4: มีการกำหนดบุคคลหรือหน่วยงานซึ่งเป็นเจ้าของข้อมูล (data owner) เพื่อรับผิดชอบในการกำหนดผู้ใช้งาน สิทธิการเข้าถึงและแก้ไขเปลี่ยนแปลงข้อมูล และวิธีปฏิบัติในการใช้งานข้อมูลอย่างปลอดภัย | J4: M | K4: 1. สัมภาษณ์ ผู้บริหารด้าน IT เกี่ยวกับ การกำหนดหรือมอบหมายหน้าที่ความเป็นเจ้าของข้อมูล เพื่อรับผิดชอบในการกำหนดผู้ใช้งาน สิทธิการเข้าถึงและแก้ไขเปลี่ยนแปลงข้อมูล และวิธีปฏิบัติในการใช้งานข้อมูลอย่างปลอดภัย 2. สอบทาน "นโยบาย หรือ ขั้นตอนการปฏิบัติงานเกี่ยวกับการรักษาความมั่นคงปลอดภัยของข้อมูล” เพื่อให้มั่นใจว่า นโยบายมีการระบุให้กำหนดบุคคลหรือหน่วยงานซึ่งเป็นเจ้าของข้อมูล (data owner) เพื่อรับผิดชอบในการกำหนดผู้ใช้งาน สิทธิการเข้าถึงและแก้ไขเปลี่ยนแปลงข้อมูล และวิธีปฏิบัติในการใช้งานข้อมูลอย่างปลอดภัย 3. สอบทาน "ทะเบียนข้อมูล (data inventory)" เพื่อให้มั่นใจว่ามีการกำหนดบุคคลหรือหน่วยงานที่เป็นเจ้าของข้อมูล (Data owner) (M4) 4. สอบทาน "หลักฐานการสอบทานการกำหนดบุคคลหรือหน่วยงานซึ่งเป็นเจ้าของข้อมูล (data owner)" เพื่อให้มั่นใจว่ามีการสอบทานความเหมาะสมของบุคคลหรือหน่วยงานซึ่งเป็นเจ้าของข้อมูล (data owner) ตามภาระหน้าที่อย่างเป็นประจำ และมีความเป็นปัจจุบันอยู่เสมอ (M5) 5. สอบทานหรือสังเกตการณ์ "หลักฐานการใช้เครื่องมืออัตโนมัติในการจัดการบุคคลหรือหน่วยงานเป็นเจ้าของข้อมูล (data owner)" เพื่อให้มั่นใจว่ามีการใช้เครื่องมือ เช่น data governance tools เป็นต้น ในการกำหนดบุคคลหรือหน่วยงานซึ่งเป็นเจ้าของของข้อมูล (data owner) กำหนดสิทธิการเข้าถึงและแก้ไขเปลี่ยนแปลงข้อมูล การอนุมัติแก้ไขเปลี่ยนแปลงข้อมูล | M4: =IFERROR(IF(N4="Maturity",HLOOKUP(L4,$O$2:$S$201,ROW()-1,0),"N/A"),"") | N4: Maturity | O4: ไม่มีการกำหนดบุคคลหรือหน่วยงานซึ่งเป็นเจ้าของข้อมูล (data owner) | P4: มีการกำหนดบุคคลหรือหน่วยงานซึ่งเป็นเจ้าของข้อมูล (data owner) แต่ไม่ครบถ้วนทุกรายการ | Q4: มีการกำหนดบุคคลหรือหน่วยงานซึ่งเป็นเจ้าของข้อมูล (data owner) ของข้อมูลอย่างครบถ้วนทุกรายการ | R4: มีการจัดทำตาม Maturity Level 3 รวมถึงมีการสอบทานการกำหนดบุคคลหรือหน่วยงานซึ่งเป็นเจ้าของข้อมูล (data owner) เพื่อให้มั่นใจว่าบุคคลผู้เป็นเจ้าของข้อมูลดังกล่าวมีความเป็นปัจจุบัน และสอดคล้องกับหน้าที่ความรับผิดชอบอย่างสม่ำเสมอ | S4: มีการจัดทำตาม Maturity Level 4 รวมถึงมีการใช้เครื่องมืออัตโนมัติ (automated tools) ในการสอบทานการกำหนดบุคคลหรือหน่วยงานเป็นเจ้าของของข้อมูล (data owner) | T4: =IF(OR(L4="Yes",L4="M3",L4="M4",L4="M5"),3,IF(OR(L4="Partial",L4="M2"),2,IF(L4="N/A",0,1))) -> 1 | U4: =IF(L4="M4",1,IF(L4="M5",2,0)) -> 0 | V4: =T4+U4 -> 1 | W4: =IF(ISBLANK(L4),1,0) -> 1
A5: D2.4 #2 | B5: x | C5: x | D5: x | F5: 4.2 | G5: 1 | H5: 4.2 #1 | I5: มีการกำหนดหลักเกณฑ์การจัดชั้นความลับของข้อมูล (data classification) และวิธีการจัดการข้อมูล (data handling) ตามชั้นความลับให้ครอบคลุมตลอดวงจรชีวิตของข้อมูล (data life cycle) ตั้งแต่การสร้างหรือการได้มาซึ่งข้อมูล การประมวลผล การจัดเก็บ การใช้งาน ไปจนถึงการทำลายข้อมูล รวมทั้งระบุชั้นความลับของข้อมูลอย่างชัดเจน | J5: H | K5: 1. สัมภาษณ์ ผู้บริหารด้าน IT เกี่ยวกับ การจัดระดับชั้นความลับของข้อมูล (data classification) และวิธีการจัดการข้อมูล (data handling) ตามชั้นความลับให้สอดคล้องตามความต้องการด้านความมั่นคงปลอดภัยสารสนเทศขององค์กรโดยครอบคลุมตลอดวงจรชีวิตของข้อมูล (data life cycle) ตั้งแต่การสร้างหรือการได้มาซึ่งข้อมูล การประมวลผล การจัดเก็บ การใช้งาน ไปจนถึงการทำลายข้อมูล 2. สอบทาน "นโยบาย หรือ ขั้นตอนการปฏิบัติงานเกี่ยวกับการรักษาความมั่นคงปลอดภัยของข้อมูล” เพื่อให้มั่นใจว่า นโยบายหรือขั้นตอนครอบคลุมเนื้อหาเกี่ยวกับ (1) การจัดระดับชั้นความลับของข้อมูล (data classification) (2) วิธีการจัดการข้อมูล (data handling) ตามชั้นความลับให้ครอบคลุมตลอดวงจรชีวิตของข้อมูล (data life cycle) ตั้งแต่การสร้างหรือการได้มาซึ่งข้อมูล การประมวลผล การจัดเก็บ การใช้งาน ไปจนถึงการทำลายข้อมูล รวมทั้งระบุชั้นความลับของข้อมูลอย่างชัดเจน เพื่อป้องกันการสูญหาย การทำลาย การปลอมแปลง การเข้าถึง และการเผยแพร่ข้อมูลออกไปโดยไม่ได้รับอนุญาต 3. สอบทาน "ทะเบียนข้อมูล (data inventory)" เพื่อให้มั่นใจว่ามีการระบุชั้นความลับของข้อมูลอย่างชัดเจน ครบถ้วน (M4) 4. สอบทาน "หลักฐานการทบทวนมาตรการการจัดระดับชั้นความลับของข้อมูล (data classification)" เพื่อให้มั่นใจว่าการจัดระดับชั้นความลับสำหรับข้อมูลและมาตรการควบคุมด้านความปลอดภัยของข้อมูลได้รับการทบทวนและปรับปรุงให้เป็นปัจจุบันอย่างสม่ำเสมอ (M5) 5. สอบทาน "หลักฐานการใช้เครื่องมืออัตโนมัติในการจัดการการดำเนินการควบคุมข้อมูลอย่างเหมาะสมตามระดับความลับของข้อมูล" เพื่อให้มั่นใจว่ามีการใช้เครื่องมือ เช่น data governance tools ในการควบคุมการจัดชั้นความลับของข้อมูล (data classification) และการระบุชั้นความลับของข้อมูล | M5: =IFERROR(IF(N5="Maturity",HLOOKUP(L5,$O$2:$S$201,ROW()-1,0),"N/A"),"") | N5: Maturity | O5: ไม่มีการจัดชั้นความลับของข้อมูล (data classification) และแนวทางการรักษาความปลอดภัยของข้อมูลที่สอดคล้องตามชั้นความลับ | P5: มีการจัดชั้นความลับของข้อมูล (data classification) แต่ระบุชั้นความลับของข้อมูลไม่ครบถ้วน (data labeling) และแนวทางการรักษาความปลอดภัยของข้อมูลที่สอดคล้องตามชั้นความลับไม่ครอบคลุมข้อมูลทุกประเภท หรือไม่ครอบคลุมตลอดวงจรชีวิตของข้อมูล (data life cycle) | Q5: ผู้ประกอบธุรกิจมีการจัดชั้นความลับของข้อมูล (data classification) มีการระบุชั้นความลับ (data labeling) และแนวทางการรักษาความปลอดภัยของข้อมูลที่สอดคล้องตามชั้นความลับ ครอบคลุมประเภทข้อมูลทุกประเภท และตลอดวงจรชีวิตของข้อมูล (data life cycle) | R5: มีการจัดทำตาม Maturity Level 3 รวมถึงมีการสอบทานหลักเกณฑ์การจัดชั้นความลับของข้อมูล (data classfication) และวิธีการจัดการข้อมูล (data handling) อย่างเป็นประจำ | S5: มีการจัดทำตาม Maturity Level 4 รวมถึงมีใช้เครื่องมืออัตโนมัติ (automated tools) ในการควบคุมการจัดชั้นความลับของข้อมูล (data classification) และการระบุชั้นความลับของข้อมูล (labeling) | T5: =IF(OR(L5="Yes",L5="M3",L5="M4",L5="M5"),3,IF(OR(L5="Partial",L5="M2"),2,IF(L5="N/A",0,1))) -> 1 | U5: =IF(L5="M4",1,IF(L5="M5",2,0)) -> 0 | V5: =T5+U5 -> 1 | W5: =IF(ISBLANK(L5),1,0) -> 1
A6: D2.4 #3 | B6: x | C6: x | D6: x | F6: 4.2 | G6: 2 | H6: 4.2 #2 | I6: มีการกำหนดมาตรการรักษาความมั่นคงปลอดภัยของข้อมูล ที่สอดคล้องตามชั้นความลับ ครอบคลุม (1) ข้อมูลที่อยู่บนอุปกรณ์ที่ใช้ปฏิบัติงาน (data at endpoint) (2) ข้อมูลที่อยู่ระหว่างการรับส่งผ่านเครือข่าย (data in transit) (3) ข้อมูลที่อยู่บนระบบงานและสื่อบันทึกข้อมูล (data at rest) | J6: H | K6: 1. สัมภาษณ์ ผู้บริหารด้าน IT เกี่ยวกับการกำหนดมาตรการรักษาความมั่นคงปลอดภัยของข้อมูล ตลอดจนความเป็นส่วนตัวเป็นไปตามกรอบหลักการที่สำคัญ 3 ประการ คือ การธำรงไว้ซึ่งความลับ (confidentiality) ความถูกต้องครบถ้วน (integrity) และสภาพพร้อมใช้งาน (availability) ที่สอดคล้องตามชั้นความลับ 2. สอบทาน "นโยบาย หรือ ขั้นตอนการปฏิบัติงานเกี่ยวกับการรักษาความมั่นคงปลอดภัยของข้อมูล” เพื่อให้มั่นใจว่า มาตรการรักษาความมั่นคงปลอดภัยของข้อมูล ตลอดจนความเป็นส่วนตัวเป็นไปตามกรอบหลักการที่สำคัญ 3 ประการ ที่สอดคล้องตามชั้นความลับ ครอบคลุม (1) ข้อมูลที่อยู่บนอุปกรณ์ที่ใช้ปฏิบัติงาน (data in use /data at endpoint) (2) ข้อมูลที่อยู่ระหว่างการรับส่งผ่านเครือข่าย (data in transit/data in motion) (3) ข้อมูลที่อยู่บนระบบงานและสื่อบันทึกข้อมูล (data at rest/data on storage) 3. สุ่มสอบทาน "การดำเนินการควบคุมข้อมูลตามลำดับชั้นความลับของข้อมูล" เพื่อให้มั่นใจว่ามีการดำเนินงานอย่างเหมาะสมตามที่กำหนดและสอดคล้องกับระดับชั้นความลับของข้อมูล เช่น มีการเข้ารหัสข้อมูลคำสั่งซื้อที่มีการส่งผ่านในระบบเครือข่ายสาธารณะอย่างปลอดภัย เป็นต้น (M4) 4. สอบทาน "หลักฐานการทบทวนมาตรการรักษาความมั่นคงปลอดภัยของข้อมูล (Data Security) ที่สอดคล้องตามระดับชั้นความลับ" เพื่อให้มั่นใจว่ามาตรการรักษาความมั่นคงปลอดภัยของข้อมูลได้รับการทบทวนและปรับปรุงให้เป็นปัจจุบันอย่างสม่ำเสมอ (M5) 5. สอบทาน "หลักฐานการใช้เครื่องมืออัตโนมัติในการจัดการการดำเนินการควบคุมข้อมูลอย่างเหมาะสมตามระดับความลับของข้อมูล" เพื่อให้มั่นใจว่ามีการใช้เครื่องมือ เช่น data governance tools ในการควบคุมการดำเนินการใช้ข้อมูลอย่างเหมาะสมตามที่กำหนดและสอดคล้องกับระดับชั้นความลับของข้อมูล ครอบคลุม ข้อมูลที่อยู่บนอุปกรณ์ที่ใช้ปฏิบัติงาน (data in use /data at endpoint) ข้อมูลที่อยู่ระหว่างการรับส่งผ่านเครือข่าย (data in transit/data in motion) และข้อมูลที่อยู่บนระบบงานและสื่อบันทึกข้อมูล (data at rest/data on storage) | M6: =IFERROR(IF(N6="Maturity",HLOOKUP(L6,$O$2:$S$201,ROW()-1,0),"N/A"),"") | N6: Maturity | O6: ผู้ประกอบธุรกิจไม่มีมาตรการรักษาความมั่นคงปลอดภัยของข้อมูล ตลอดจนความเป็นส่วนตัวที่สอดคล้องตามชั้นความลับ | P6: ผู้ประกอบธุรกิจมีมาตรการรักษาความมั่นคงปลอดภัยของข้อมูล ตลอดจนความเป็นส่วนตัวที่สอดคล้องตามชั้นความลับ แต่ไม่ครอบคลุมข้อมูลที่อยู่บนอุปกรณ์ที่ใช้ปฏิบัติงาน หรือข้อมูลที่อยู่ระหว่างการรับส่งผ่านเครือข่าย หรือข้อมูลที่อยู่บนระบบงานและสื่อบันทึกข้อมูล อย่างครบถ้วน | Q6: ผู้ประกอบธุรกิจมีมาตรการรักษาความมั่นคงปลอดภัยของข้อมูล ตลอดจนความเป็นส่วนตัวที่สอดคล้องตามชั้นความลับ โดยครอบคลุมข้อมูลที่อยู่บนอุปกรณ์ที่ใช้ปฏิบัติงาน ข้อมูลที่อยู่ระหว่างการรับส่งผ่านเครือข่าย และข้อมูลที่อยู่บนระบบงานและสื่อบันทึกข้อมูล | R6: มีการจัดทำตาม Maturity Level 3 รวมถึงมีการทบทวนมาตรการรักษาความมั่นคงปลอดภัยของข้อมูล ตลอดจนความเป็นส่วนตัวที่สอดคล้องตามชั้นความลับ เพื่อให้มั่นใจว่ามาตรการรักษาความมั่นคงปลอดภัยของข้อมูลได้รับการทบทวนและปรับปรุงให้เป็นปัจจุบันอย่างสม่ำเสมอ | S6: มีการจัดทำตาม Maturity Level 4 รวมถึงมีใช้เครื่องมืออัตโนมัติ (automated tools) ในการจัดการการดำเนินการควบคุมข้อมูลอย่างเหมาะสมตามระดับความลับของข้อมูล ครอบคลุมข้อมูลที่อยู่บนอุปกรณ์ที่ใช้ปฏิบัติงาน ข้อมูลที่อยู่ระหว่างการรับส่งผ่านเครือข่าย และข้อมูลที่อยู่บนระบบงานและสื่อบันทึกข้อมูล | T6: =IF(OR(L6="Yes",L6="M3",L6="M4",L6="M5"),3,IF(OR(L6="Partial",L6="M2"),2,IF(L6="N/A",0,1))) -> 1 | U6: =IF(L6="M4",1,IF(L6="M5",2,0)) -> 0 | V6: =T6+U6 -> 1 | W6: =IF(ISBLANK(L6),1,0) -> 1
A7: D2.4 #4 | B7: x | C7: x | D7: x | F7: 4.2 | G7: 3 | H7: 4.2 #3 | I7: มีการกำหนดมาตรการรักษาความปลอดภัยของข้อมูลที่อยู่บนสื่อบันทึกข้อมูล โดยดำเนินการดังนี้ (1) คำนึงถึงความเสี่ยงที่สื่อบันทึกข้อมูลอาจเสื่อมสภาพ รวมทั้งวิธีการนำข้อมูลกลับมาใช้งานใหม่ ในกรณีที่จัดเก็บข้อมูลเป็นระยะเวลานาน (2) จัดเก็บสื่อบันทึกข้อมูลในพื้นที่ที่มีความมั่นคงปลอดภัย และเป็นไปตามคำแนะนำของผู้ผลิต (ถ้ามี) (3) จัดให้มีมาตรการรักษาความปลอดภัยของสื่อบันทึกข้อมูลระหว่างการขนส่ง (physical media transfer) | J7: H | K7: 1. สัมภาษณ์ ผู้บริหารด้าน IT เกี่ยวกับการใช้งานและการรักษาความปลอดภัยของข้อมูลที่อยู่บนสื่อบันทึกข้อมูล 2. สอบทาน "นโยบายฯ ระเบียบวิธีปฏิบัติ หรือขั้นตอนการปฏิบัติงานที่เกี่ยวข้อง" เพื่อให้มั่นใจว่า มีการจัดให้มีการรักษาความปลอดภัยของข้อมูลที่อยู่บนสื่อบันทึกข้อมูล โดยครอบคลุมถึง (1) การคำนึงถึงความเสี่ยงที่สื่อบันทึกข้อมูลอาจเสื่อมสภาพ รวมทั้งวิธีการนำข้อมูลกลับมาใช้งานใหม่ ในกรณีที่จัดเก็บข้อมูลเป็นระยะเวลานาน (2) จัดเก็บสื่อบันทึกข้อมูลในพื้นที่ที่มีความมั่นคงปลอดภัย และเป็นไปตามคำแนะนำของผู้ผลิต (ถ้ามี) (3) จัดให้มีมาตรการรักษาความปลอดภัยของสื่อบันทึกข้อมูลระหว่างการขนส่ง (physical media transfer) 3. สอบทาน “ทะเบียนทรัพย์สินสารสนเทศ” เพื่อให้มั่นใจว่า มีการจัดทำทะเบียนสื่อบันทึกข้อมูลครบถ้วน 4. สังเกตการณ์ สถานที่จัดเก็บสื่อบันทึกข้อมูล เพื่อให้มั่นใจว่า มีการจัดเก็บสื่อบันทึกข้อมูลในสภาพแวดล้อมที่ปลอดภัยและเหมาะสม มีความมั่นคงปลอดภัย และ เป็นไปตามคำแนะนำของผู้ผลิต (ถ้ามี) รวมถึงมีการรักษาความปลอดภัยของข้อมูลที่บรรจุอยู่ในทรัพย์สินที่ถูกส่งออกภายนอกให้เป็นไปตามการควบคุมที่เหมาะสมสำหรับชั้นความลับ หรือ ระดับความสำคัญของข้อมูลตามที่นโยบายกำหนด 5. สอบทาน “กระบวนการการเคลื่อนย้ายสื่อบันทึกข้อมูล” เพื่อให้มั่นใจว่ามีการเคลื่อนย้ายสื่อบันทึกข้อมูลอย่างปลอดภัย เช่น มีการกำหนดพื้นที่ปลอดภัยสำหรับการตรวจสอบและนำส่งสื่อบันทึกข้อมูลออกจากศูนย์คอมพิวเตอร์ มีการกำหนดให้มีการเข้ารหัสทั้งในระดับข้อมูลและในระดับฮาร์ดดิสก์ที่ใช้ในการเคลื่อนย้าย อุปกรณ์ที่ใช้จัดเก็บสื่อบันทึกข้อมูลระหว่างการเคลื่อนย้ายมีความปลอดภัยและสามาถป้องกันความเสียหายจากการตกกระแทกได้ เป็นต้น | M7: =IFERROR(IF(N7="Maturity",HLOOKUP(L7,$O$2:$S$201,ROW()-1,0),"N/A"),"") -> N/A | N7: Yes/Partial/No | O7: N/A | P7: N/A | Q7: N/A | R7: N/A | S7: N/A | T7: =IF(OR(L7="Yes",L7="M3",L7="M4",L7="M5"),3,IF(OR(L7="Partial",L7="M2"),2,IF(L7="N/A",0,1))) -> 1 | U7: =IF(L7="M4",1,IF(L7="M5",2,0)) -> 0 | V7: =T7+U7 -> 1 | W7: =IF(ISBLANK(L7),1,0) -> 1
A8: D2.4 #5 | B8: x | C8: x | D8: x | F8: 4.3 | G8: 1 | H8: 4.3 #1 | I8: มีการกำหนดระเบียบปฏิบัติในการทำลายข้อมูล (data disposal) ซึ่งครอบคลุมหน้าที่ความรับผิดชอบของเจ้าของข้อมูล หน่วยงานที่เกี่ยวข้อง และวิธีการทำลายข้อมูลที่เหมาะสมกับชั้นความลับของข้อมูล | J8: M | K8: 1. สัมภาษณ์ ผู้บริหารด้าน IT เกี่ยวกับระเบียบปฏิบัติในการทำลายข้อมูล (data disposal) และวิธีการทำลายข้อมูลตามชั้นความลับของข้อมูล 2. สอบทาน “มาตรการ หรือ กระบวนการการทำลายข้อมูล และ สื่อบันทึกข้อมูล” เพื่อให้มั่นใจว่ามีเนื้อหาครอบคลุมถึง (1) การกำหนดหน้าที่ความรับผิดชอบของหน่วยงานที่เกี่ยวข้องกับการทำลายข้อมูล (2) การกำหนดวิธีการทำลายข้อมูลที่สอดคล้องกับระดับชั้นความลับและเหมาะสม เช่น การทำลายข้อมูลด้วยสนามแม่เหล็ก (degauss) สื่อบันทึกข้อมูลประเภทที่เป็นแถบแม่เหล็ก หรือ การทำลายข้อมูลเชิงกายภาพ สำหรับสื่อบันทึกข้อมูลประเภทอื่น ๆ ที่จะไม่ก่อให้เกิดการรั่วไหลของข้อมูล และไม่สามารถกู้คืนได้ เป็นต้น | M8: =IFERROR(IF(N8="Maturity",HLOOKUP(L8,$O$2:$S$201,ROW()-1,0),"N/A"),"") -> N/A | N8: Yes/Partial/No | O8: N/A | P8: N/A | Q8: N/A | R8: N/A | S8: N/A | T8: =IF(OR(L8="Yes",L8="M3",L8="M4",L8="M5"),3,IF(OR(L8="Partial",L8="M2"),2,IF(L8="N/A",0,1))) -> 1 | U8: =IF(L8="M4",1,IF(L8="M5",2,0)) -> 0 | V8: =T8+U8 -> 1 | W8: =IF(ISBLANK(L8),1,0) -> 1
A9: D2.4 #6 | B9: x | C9: x | D9: x | F9: 4.3 | G9: 2 | H9: 4.3 #2 | I9: มีการกำหนดกระบวนการควบคุมการทำลายข้อมูลที่ครอบคลุมการขออนุมัติจากเจ้าของข้อมูลก่อนดำเนินการการควบคุมและสอบทานการปฏิบัติงาน และการจัดทำทะเบียนการทำลายข้อมูลสำคัญ | J9: M | K9: 1. สอบทาน "ทะเบียนการทำลายข้อมูลสำคัญ" เพื่อให้มั่นใจว่ามีการบันทึกการทำลายข้อมูลที่สำคัญครบถ้วน และมีการจัดเก็บหลักฐานการทำลายข้อมูลเพื่ออ้างอิงและตรวจสอบ 2. สุ่มสอบทานการทำลายข้อมูลสำคัญจาก "ทะเบียนการทำลายข้อมูลสำคัญ" เพื่อให้มั่นใจว่า มีการขออนุมัติการทำลายข้อมูลจากเจ้าของข้อมูลก่อนการดำเนินการ และมีการทำลายข้อมูลอย่างปลอดภัย ตามระดับชั้นความลับ ตามมาตรการที่กำหนดไว้ | M9: =IFERROR(IF(N9="Maturity",HLOOKUP(L9,$O$2:$S$201,ROW()-1,0),"N/A"),"") -> N/A | N9: Yes/Partial/No | O9: N/A | P9: N/A | Q9: N/A | R9: N/A | S9: N/A | T9: =IF(OR(L9="Yes",L9="M3",L9="M4",L9="M5"),3,IF(OR(L9="Partial",L9="M2"),2,IF(L9="N/A",0,1))) -> 1 | U9: =IF(L9="M4",1,IF(L9="M5",2,0)) -> 0 | V9: =T9+U9 -> 1 | W9: =IF(ISBLANK(L9),1,0) -> 1
A10: D2.4 #7 | B10: x | C10: x | D10: x | F10: 4.4 | G10: 1 | H10: 4.4 #1 | I10: มีการทำทะเบียนทรัพย์สินด้าน IT ประเภทข้อมูล (data Inventory) ให้ครบถ้วนทุกประเภทข้อมูลและเป็นปัจจุบัน และมีรายละเอียดเพียงพอต่อการปฏิบัติงาน ดังนี้ (1) เลขทะเบียนข้อมูล (2) ชื่อข้อมูลหรือชุดข้อมูล (3) รายละเอียดลักษณะและประเภทของข้อมูล (4) ระดับชั้นความลับและระดับความสำคัญของข้อมูล (5) เจ้าของข้อมูลและผู้ดูแลข้อมูล (data owner) (6) สถานที่ หรือเครื่องแม่ข่ายที่จัดเก็บ | J10: M | K10: 1. สัมภาษณ์ ผู้บริหารด้าน IT เกี่ยวกับการจัดทำและปรับปรุงทะเบียนข้อมูลให้ครบถ้วนและเป็นปัจจุบัน 2. สอบทาน "ทะเบียนทรัพย์สินด้าน IT ประเภทข้อมูล (data inventory)" เพื่อให้มั่นใจว่ามีการจัดทำทะเบียนทรัพย์สินด้าน IT ประเภทข้อมูล (data inventory) โดยมีตัวอย่างรายละเอียดข้อมูลที่สามารถจัดอยู่ในทะเบียน ดังนี้ (1) เลขทะเบียนข้อมูล (2) ชื่อข้อมูลหรือชุดข้อมูล (3) รายละเอียดลักษณะ และประเภทของข้อมูล (4) ระดับชั้นความลับและระดับความสำคัญของข้อมูล (5) เจ้าของข้อมูลและผู้ดูแลข้อมูล (data owner) (6) สถานที่ หรือเครื่องแม่ข่ายที่จัดเก็บ | M10: =IFERROR(IF(N10="Maturity",HLOOKUP(L10,$O$2:$S$201,ROW()-1,0),"N/A"),"") -> N/A | N10: Yes/Partial/No | O10: N/A | P10: N/A | Q10: N/A | R10: N/A | S10: N/A | T10: =IF(OR(L10="Yes",L10="M3",L10="M4",L10="M5"),3,IF(OR(L10="Partial",L10="M2"),2,IF(L10="N/A",0,1))) -> 1 | U10: =IF(L10="M4",1,IF(L10="M5",2,0)) -> 0 | V10: =T10+U10 -> 1 | W10: =IF(ISBLANK(L10),1,0) -> 1
A11: D2.4 #8 | B11: x | C11: x | D11: x | F11: 4.4 | G11: 2 | H11: 4.4 #2 | I11: มีการปรับปรุงทรัพย์สินด้าน IT ประเภทข้อมูล (data Inventory) ให้ครบถ้วนและเป็นปัจจุบันอย่างสม่ำเสมอ อย่างน้อยปีละ 1 ครั้ง และทุกครั้งที่มีการเปลี่ยนแปลงระบบ IT อย่างมีนัยสำคัญ | J11: H | K11: 1. สอบทาน "ผลการสอบทานทะเบียนทรัพย์สินด้าน IT ประเภทข้อมูล (data inventory)" หรือ"ทะเบียนทรัพย์สินด้าน IT ประเภทข้อมูล (data inventory)" เพื่อให้มั่นใจว่าข้อมูลทรัพย์สินด้าน IT ประเภทข้อมูลได้รับการปรับปรุงในทะเบียน รวมทั้งมีการปรับปรุงรายชื่อเจ้าของ และ/หรือ ผู้ดูแลทรัพย์สิน รวมทั้งมั่นใจว่าทะเบียนดังกล่าวมีรายละเอียดครบถ้วนและเป็นปัจจุบัน อย่างน้อยปีละ 1 ครั้ง | M11: N/A | N11: Yes/Partial/No | O11: N/A | P11: N/A | Q11: N/A | R11: N/A | S11: N/A | T11: =IF(OR(L11="Yes",L11="M3",L11="M4",L11="M5"),3,IF(OR(L11="Partial",L11="M2"),2,IF(L11="N/A",0,1))) -> 1 | U11: =IF(L11="M4",1,IF(L11="M5",2,0)) -> 0 | V11: =T11+U11 -> 1 | W11: =IF(ISBLANK(L11),1,0) -> 1
W12: =SUM(W4:W11) -> 8 | Y12: =COUNTIF(N4:N11,"Maturity") -> 3
L13: Remarks | M13: =IF(W12>0,"โปรดระวัง ท่านยังไม่ได้บันทึกผลการประเมินในข้อดังนี้","ตอบแบบประเมินครบถ้วน") -> โปรดระวัง ท่านยังไม่ได้บันทึกผลการประเมินในข้อดังนี้
M14: =IF(ISBLANK(L4),_xlfn.CONCAT(A4," , "),"")&IF(ISBLANK(L5),_xlfn.CONCAT(A5," , "),"")& IF(ISBLANK(L6),_xlfn.CONCAT(A6," , "),"")& IF(ISBLANK(L7),_xlfn.CONCAT(A7," , "),"")& IF(ISBLANK(L8),_xlfn.CONCAT(A8," , "),"")& IF(ISBLANK(L9),_xlfn.CONCAT(A9," , "),"")& IF(ISBLANK(L10),A10,"")& IF(ISBLANK(L11),A11,"") -> D2.4 #1 , D2.4 #2 , D2.4 #3 , D2.4 #4 , D2.4 #5 , D2.4 #6 , D2.4 #7D2.4 #8

Sheet D2.5
A1: # control ID | B1: H | C1: M | D1: L | E1: S | F1: สธ. 38/2565 (ปรับปรุงแก้ไขโดย สธ. 33/2567) | G1: นป. 6/2567 | H1: การควบคุมที่ สธ. # นป. | I1: การควบคุมที่ควรมี | J1: ระดับความสำคัญของ การควบคุม | K1: ตัวอย่างวิธีการเก็บหลักฐาน (Methods of obtaining audit evidence) สามารถนำไปปรับใช้ประกอบการประเมินได้ | L1: ผลการประเมิน | M1: คำอธิบาย | N1: ประเภทการวัดผล | O1: Maturity Level 1 (M1) | P1: Maturity Level 2 (M2) | Q1: Maturity Level 3 (M3) | R1: Maturity Level 4 (M4) | S1: Maturity Level 5 (M5)
F2: หมวดที่ 2 การรักษาความมั่นคงปลอดภัยด้าน IT (Information Technology Security) | O2: M1 | P2: M2 | Q2: M3 | R2: M4 | S2: M5
F3: ส่วนที่ 5 การควบคุมการเข้าถึงข้อมูลและระบบ IT (access control)
A4: D2.5 #1 | B4: x | C4: x | D4: x | E4: x | F4: 5.1 | G4: 1 | H4: 5.1 #1 | I4: มีแนวทางการบริหารจัดการบัญชีผู้ใช้งาน โดยครอบคลุมอย่างน้อย (1) หน่วยงานที่รับผิดชอบในการบริหารจัดการบัญชีผู้ใช้งาน (2) ขั้นตอนการสร้างบัญชีผู้ใช้งาน โดยบัญชีผู้ใช้งาน (user ID) ควรระบุตัวตนผู้ใช้งานได้ หลีกเลี่ยงการใช้บัญชีผู้ใช้งานที่มีผู้ใช้งานมากกว่า 1 ราย (shared ID) (3) การจำกัดหรือหลีกเลี่ยงการใช้งานบัญชีผู้ใช้งานที่มาพร้อมกับระบบ (default user account) (4) การทบทวนบัญชีผู้ใช้งานอย่างน้อยปีละ 1 ครั้ง (5) การระงับหรือลบบัญชีผู้ใช้งานเมื่อ (1) ผู้ใช้งานสิ้นสุดสภาพการเป็นพนักงาน และ (2) ไม่มีความจำเป็นต้องใช้งาน | J4: M | K4: 1. สัมภาษณ์ ผู้บริหารด้าน IT เพื่อให้เข้าใจถึงแนวทางการบริหารจัดการบัญชีผู้ใช้งาน ขั้นตอนการทบทวนปรับปรุงสถานะของบัญชีผู้ใช้งาน และการใช้งานบัญชีผู้ใช้งานที่มีผู้ใช้งานมากกว่า 1 ราย (shared ID) หรือบัญชีผู้ใช้งานที่มาพร้อมกับระบบ (default user account) 2. สอบทาน "นโยบายทางด้านความมั่นคงปลอดภัยระบบสารสนเทศ" หรือ "ขั้นตอนและวิธีปฏิบัติที่เกี่ยวข้อง" เพื่อให้มั่นใจว่ามีการจัดทำแนวทางการบริหารจัดการบัญชีผู้ใช้งาน โดยครอบคลุมเนื้อหาขั้นต่ำ ดังนี้ (1) การกำหนดหน่วยงานที่รับผิดชอบในการบริหารจัดการบัญชีผู้ใช้งานตลอดทั้งวงจรชีวิตของบัญชี (2) ขั้นตอนการสร้างบัญชีผู้ใช้งาน โดยบัญชีผู้ใช้งาน (user ID) ควรระบุตัวตนผู้ใช้งานได้ หลีกเลี่ยงการใช้บัญชีผู้ใช้งานที่มีผู้ใช้งานมากกว่า 1 ราย (shared ID) (3) การจำกัดหรือหลีกเลี่ยงการใช้งานบัญชีผู้ใช้งานที่มาพร้อมกับระบบ (default user account) (4) ขั้นตอนการทบทวนบัญชีผู้ใช้งาน โดยกำหนดให้มีการทบทวนบัญชีผู้ใช้งาน อย่างน้อยปีละ 1 ครั้ง (5) ขั้นตอนการระงับหรือลบบัญชีผู้ใช้งานเมื่อ (1) สิ้นสุดสภาพการเป็นพนักงาน และ (2) ไม่มีความจำเป็นต้องใช้งาน 3. สอบทาน "บัญชีผู้ใช้งานในระบบ IT ที่มีนัยสำคัญ" ครอบคลุมระบบงาน ระบบปฏิบัติการและระบบฐานข้อมูล เพื่อให้มั่นใจว่า (1) บัญชีผู้ใช้งาน (user ID) สามารถระบุตัวตนผู้ใช้งานได้ (2) ไม่มีการใช้บัญชีผู้ใช้งานที่มีผู้ใช้งานมากกว่า 1 ราย (shared ID) (3) ไม่มีการใช้งานบัญชีผู้ใช้งานที่มาพร้อมกับระบบ (default user account) (4) มีการระงับหรือลบบัญชีผู้ใช้งานเมื่อ (1) ผู้ใช้งานสิ้นสุดสภาพการเป็นพนักงาน และ (2) ไม่มีความจำเป็นต้องใช้งาน 4. สุ่มสอบทานเอกสารการขออนุมัติการสร้างบัญชีผู้ใช้งานระบบ IT ที่มีนัยสำคัญ เพื่อให้มั่นใจว่า มีการขออนุมัติสิทธิในการเข้าถึงระบบ IT ที่มีนัยสำคัญจากผู้มีอำนาจ 5. สอบทาน หลักฐานการสอบทานบัญชีผู้ใช้งานระบบ IT ที่มีนัยสำคัญ เพื่อให้มั่นใจว่ามีการทบทวนบัญชีผู้ใช้งานอย่างน้อยปีละ 1 ครั้ง (M4) 6. สอบทาน "หลักฐานของการสอบทานบัญชีผู้ใช้งานระบบ IT ที่มีนัยสำคัญ" โดยบุคคลหรือหน่วยงานที่มีความเป็นอิสระจากหน่วยงานที่ทำหน้าที่ปฏิบัติงานเพื่อให้มั่นใจว่าบริษัทมีการดำเนินการบริหารจัดการบัญชีผู้ใช้งานตามขั้นตอนการปฏิบัติงานอย่างสม่ำเสมอ (M5) 7. สังเกตการณ์การใช้เครื่องมืออัตโนมัติ (automated tools) ในการสร้าง ยกเลิก หรือทบทวนบัญชีผู้ใช้งาน | M4: =IFERROR(IF(N4="Maturity",HLOOKUP(L4,$O$2:$S$200,ROW()-1,0),"N/A"),"") | N4: Maturity | O4: ไม่มีการจัดทำแนวทางการบริหารจัดการบัญชีผู้ใช้งาน | P4: มีการจัดทำแนวทางการบริหารจัดการบัญชีผู้ใช้งาน แต่เนื้อหาไม่ครอบคลุมรายละเอียดตามข้อกำหนดหรือมีการบริหารจัดการบัญชีผู้ใช้งานไม่เหมาะสมตามแนวทางที่กำหนดไว้ | Q4: มีการจัดทำแนวทางการบริหารจัดการบัญชีผู้ใช้งาน และเนื้อหาครอบคลุมรายละเอียดตามข้อกำหนด และ มีการบริหารจัดการบัญชีผู้ใช้งานตามแนวทางที่กำหนดไว้อย่างเหมาะสม | R4: มีการจัดทำตาม Maturity Level 3 รวมถึงมีการสอบทานการบริหารจัดการบัญชีผู้ใช้งานโดยบุคคลหรือหน่วยงานที่มีความเป็นอิสระจากหน่วยงานที่ทำหน้าที่ปฏิบัติงาน เพื่อให้มั่นใจว่าบริษัทมีการดำเนินการบริหารจัดการบัญชีผู้ใช้งานตามขั้นตอนการปฏิบัติงานอย่างสม่ำเสมอ | S4: มีการจัดทำตาม Maturity Level 4 รวมถึงมีการใช้เครื่องมืออัตโนมัติ (automated tools) ในการบริหารจัดการบัญชีผู้ใช้งาน | T4: =IF(OR(L4="Yes",L4="M3",L4="M4",L4="M5"),3,IF(OR(L4="Partial",L4="M2"),2,IF(L4="N/A",0,1))) -> 1 | U4: =IF(L4="M4",1,IF(L4="M5",2,0)) -> 0 | V4: =T4+U4 -> 1 | W4: =IF(ISBLANK(L4),1,0) -> 1
A5: D2.5 #2 | B5: x | C5: x | D5: x | E5: x | F5: 5.1 | G5: 2 | H5: 5.1 #2 | I5: มีแนวทางการบริหารจัดการสิทธิการเข้าถึงข้อมูลและระบบ IT ควรครอบคลุมอย่างน้อย ดังนี้ (1) หน่วยงานที่รับผิดชอบในการบริหารจัดการสิทธิการเข้าถึงข้อมูลและระบบ IT (2) ขั้นตอนการขออนุมัติสิทธิในการเข้าถึงข้อมูลและระบบ IT จากผู้มีอำนาจ เช่น เจ้าของระบบ หรือเจ้าของข้อมูล เป็นต้น (3) ขั้นตอนการปรับปรุงสิทธิของผู้ใช้งานเมื่อมีการเปลี่ยนแปลงหน้าที่ความรับผิดชอบหรือตำแหน่งงาน (4) ขั้นตอนการเพิกถอนสิทธิของผู้ใช้งาน โดยเพิกถอนสิทธิทันทีเมื่อผู้ใช้งานสิ้นสุดสภาพการเป็นพนักงาน และเมื่อไม่มีความจำเป็นต้องใช้งาน (5) การแบ่งแยกบทบาทหน้าที่ของบุคคลที่เกี่ยวข้องในการจัดสรรสิทธิ เช่น ผู้ร้องขอ (access request) ผู้มีอำนาจอนุมัติ (access authorization) และผู้ดูแลสิทธิการเข้าถึง (access administration) เป็นต้น เพื่อให้สอดคล้องตามหลักการถ่วงดุล (check and balance) ที่ดี (6) กำหนดสิทธิของผู้ใช้งานโดยคำนึงถึงความจำเป็นต้องรู้ (need-to-know) ความจำเป็นต้องใช้งาน (need-to-use) และหลักการแบ่งแยกหน้าที่ความรับผิดชอบ (segregation of duties) (7) จัดทำตารางควบคุมการให้สิทธิ (authorization matrix) ของผู้ใช้งานที่สอดคล้องกับตำแหน่งหน้าที่และความรับผิดชอบ เพื่อใช้เป็นแนวทางการกำหนดสิทธิอย่างถูกต้องเหมาะสม (8) ทบทวนสิทธิการเข้าถึงอย่างสม่ำเสมอ อย่างน้อยปีละ 1 ครั้ง โดยกำหนดรอบระยะเวลาในการทบทวนสิทธิให้สอดคล้องกับความเสี่ยงและความสำคัญของสิทธิ | J5: M | K5: 1. สัมภาษณ์ ผู้บริหารด้าน IT เพื่อให้เข้าใจถึงแนวทางการบริหารจัดการสิทธิการเข้าถึงข้อมูลและระบบ IT 2. สอบทาน "นโยบายทางด้านความมั่นคงปลอดภัยระบบสารสนเทศ" หรือ "ขั้นตอนและวิธีปฏิบัติที่เกี่ยวข้อง" เพื่อให้มั่นใจว่ามีการจัดทำแนวทางการบริหารจัดการสิทธิการเข้าถึงข้อมูลและระบบ IT โดยครอบคลุมเนื้อหาอย่างน้อย ดังนี้ (1) กำหนดหน่วยงานที่รับผิดชอบในการบริหารจัดการสิทธิการเข้าถึงข้อมูลและระบบ IT (2) ขั้นตอนการขออนุมัติสิทธิในการเข้าถึงข้อมูลและระบบ IT จากผู้มีอำนาจ เช่น เจ้าของระบบ หรือเจ้าของข้อมูล เป็นต้น (3) ขั้นตอนการปรับปรุงสิทธิของผู้ใช้งานเมื่อมีการเปลี่ยนแปลงหน้าที่ความรับผิดชอบหรือตำแหน่งงาน (4) ขั้นตอนการเพิกถอนสิทธิของผู้ใช้งาน โดยเพิกถอนสิทธิทันทีเมื่อผู้ใช้งานสิ้นสุดสภาพการเป็นพนักงาน และเมื่อไม่มีความจำเป็นต้องใช้งาน (5) การแบ่งแยกบทบาทหน้าที่ของบุคคลที่เกี่ยวข้องในการจัดสรรสิทธิ เช่น ผู้ร้องขอ (access request) ผู้มีอำนาจอนุมัติ (access authorization) และผู้ดูแลสิทธิการเข้าถึง (access administration) เป็นต้น เพื่อให้สอดคล้องตามหลักการถ่วงดุล (check and balance) ที่ดี (6) กำหนดสิทธิของผู้ใช้งานโดยคำนึงถึงความจำเป็นต้องรู้ (need-to-know) ความจำเป็นต้องใช้งาน (need-to-use) และหลักการแบ่งแยกหน้าที่ความรับผิดชอบ (segregation of duties) (7) จัดทำตารางควบคุมการให้สิทธิ (authorization matrix) ของผู้ใช้งานที่สอดคล้องกับตำแหน่งหน้าที่และความรับผิดชอบ เพื่อใช้เป็นแนวทางการกำหนดสิทธิอย่างถูกต้องเหมาะสม (8) ทบทวนสิทธิการเข้าถึงอย่างสม่ำเสมอ อย่างน้อยปีละ 1 ครั้ง โดยกำหนดรอบระยะเวลาในการทบทวนสิทธิให้สอดคล้องกับความเสี่ยงและความสำคัญของสิทธิ 3. สอบทาน "ตารางควบคุมการให้สิทธิ (authorization matrix)" ของระบบงานที่สำคัญ เพื่อให้มั่นใจว่า มีการจัดทำตารางควบคุมการให้สิทธิของผู้ใช้งานที่สอดคล้องกับตำแหน่งหน้าที่และความรับผิดชอบ เพื่อใช้เป็นแนวทางการกำหนดสิทธิอย่างถูกต้องเหมาะสม 4. สุ่มสอบทาน "เอกสารการอนุมัติการขอเข้าถึงหรือเปลี่ยนแปลงสิทธิการเข้าถึงข้อมูลและระบบ IT" ของระบบงานที่สำคัญ เพื่อให้มั่นใจว่า การขอเข้าถึงหรือเปลี่ยนแปลงสิทธิการเข้าถึงข้อมูลและระบบ IT ได้รับการอนุมัติจากผู้มีอำนาจอย่างเหมาะสม 5. สอบทาน "หลักฐานการทบทวนสิทธิการเข้าถึง" เพื่อให้มั่นใจว่ามีการทบทวนสิทธิอย่างน้อยปีละ 1 ครั้ง โดยมีการกำหนดกรอบเวลาที่ชัดเจนและสอดคล้องกับความเสี่ยงและความสำคัญของสิทธิ (M4) 6. สอบทาน "หลักฐานของการสอบทานการกำหนดสิทธิเข้าถึงข้อมูลและระบบ IT ที่มีนัยสำคัญ" โดยบุคคลหรือหน่วยงานที่มีความเป็นอิสระจากหน่วยงานที่ทำหน้าที่ปฏิบัติงาน เพื่อให้มั่นใจว่ามีการตรวจสอบการกำหนดสิทธิเข้าถึงข้อมูลและระบบ IT ที่มีนัยสำคัญให้เป็นไปตามนโยบายที่บริษัทกำหนดไว้อย่างต่อเนื่อง (M5) 7. สังเกตการณ์การใช้เครื่องมืออัตโนมัติ (automated tools) ในการมอบหมาย เปลี่ยนแปลง หรือยกเลิกสิทธิ เช่น identity & access management tools role-based access control tools (RBAC tools) เป็นต้น | M5: =IFERROR(IF(N5="Maturity",HLOOKUP(L5,$O$2:$S$200,ROW()-1,0),"N/A"),"") | N5: Maturity | O5: ไม่มีการจัดทำแนวทางการบริหารจัดการสิทธิการเข้าถึงข้อมูลและระบบ IT | P5: มีการจัดทำแนวทางการบริหารจัดการสิทธิการเข้าถึงข้อมูลและระบบ IT แต่เนื้อหาไม่ครอบคลุมรายละเอียดตามข้อกำหนด หรือยังมีการบริหารจัดการสิทธิการเข้าถึงข้อมูลและระบบ IT ไม่เหมาะสม | Q5: มีการจัดทำแนวทางการบริหารจัดการบัญชีผู้ใช้งาน และเนื้อหาครอบคลุมรายละเอียดตามข้อกำหนด และมีการบริหารจัดการสิทธิการเข้าถึงข้อมูลและระบบ IT อย่างเหมาะสม | R5: มีการจัดทำตาม Maturity Level 3 รวมถึงมีการสอบทานการบริหารจัดการสิทธิการเข้าถึงข้อมูลและระบบ IT โดยบุคคลหรือหน่วยงานที่มีความเป็นอิสระจากหน่วยงานที่ทำหน้าที่ปฏิบัติงาน เพื่อให้มั่นใจว่าบริษัทมีการดำเนินการกำหนดสิทธิเข้าถึงข้อมูลและระบบ IT ที่มีนัยสำคัญ ตามขั้นตอนการปฏิบัติงานอย่างสม่ำเสมอ | S5: มีการจัดทำตาม Maturity Level 4 รวมถึงมีการใช้เครื่องมืออัตโนมัติ (automated tools) ในการบริหารจัดการสิทธิการเข้าถึงข้อมูลและระบบ IT | T5: =IF(OR(L5="Yes",L5="M3",L5="M4",L5="M5"),3,IF(OR(L5="Partial",L5="M2"),2,IF(L5="N/A",0,1))) -> 1 | U5: =IF(L5="M4",1,IF(L5="M5",2,0)) -> 0 | V5: =T5+U5 -> 1 | W5: =IF(ISBLANK(L5),1,0) -> 1
A6: D2.5 #3 | B6: x | C6: x | D6: x | E6: x | F6: 5.2 | G6: 1 | H6: 5.2 #1 | I6: มีกระบวนการยืนยันตัวตนผู้ใช้งาน (authentication) ที่เหมาะสมกับความเสี่ยง และป้องกันการปฏิเสธความรับผิด โดยครอบคลุมอย่างน้อย ดังนี้ (1) กำหนดวิธีการยืนยันตัวตนผู้ใช้งานที่เหมาะสมกับความเสี่ยง (2) กรณีที่มีการสร้างรหัสผ่านครั้งแรกสำหรับผู้ใช้งาน ให้มีการจัดส่งรหัสผ่านให้แก่ผู้ใช้งานด้วยวิธีการที่รัดกุมและปลอดภัย และให้ผู้ใช้งานเปลี่ยนแปลงรหัสผ่านทันทีที่ได้รับรหัสดังกล่าว (3) กำหนดให้ผู้ใช้งานตั้งรหัสผ่านที่ซับซ้อนและยากต่อการคาดเดา โดยมีความยาวขั้นต่ำ 8 อักขระ (8 characters) และประกอบด้วยตัวเลขและตัวอักษร (4) กำหนดจำนวนครั้งที่ยอมให้ผู้ใช้งานใส่รหัสผ่านผิดพลาดติดต่อกัน ก่อนระงับการเข้าสู่ระบบชั่วคราวหรือวิธีการอื่น ๆ ที่เทียบเท่า (5) กำหนดให้ใช้รหัสผ่านที่ไม่ซ้ำกับรหัสที่เคยใช้งานอย่างน้อย 4 ครั้งล่าสุด หรือไม่ซ้ำกับรหัสผ่านที่เคยใช้งานในช่วง 1 ปีที่ผ่านมา (6) กำหนดการตั้งค่าปกติ/ค่าเริ่มต้น (default) ให้ไม่แสดงรหัสผ่านบนหน้าจอ ระหว่างที่ผู้ใช้งานใส่รหัสผ่าน (7) มีวิธีจัดเก็บข้อมูลรหัสผ่านที่ปลอดภัย รวมทั้งไม่จัดเก็บข้อมูลรหัสผ่านใน folder เดียวกันกับ folder ที่จัดเก็บข้อมูลของแอปพลิเคชัน (8) กำหนดให้ผู้ใช้งานรับผิดชอบการใช้งานบัญชีผู้ใช้งาน (user ID) และการรักษาความปลอดภัยสิ่งที่ใช้ยืนยันตัวตน (authenticator) รวมทั้งข้อมูลส่วนบุคคลที่อาจนำมาใช้เพื่อขอเปลี่ยนแปลงข้อมูลบัญชีผู้ใช้งาน เพื่อป้องกันการใช้งานจากผู้ไม่หวังดี | J6: M | K6: 1. สัมภาษณ์ ผู้บริหารด้าน IT เพื่อให้เข้าใจถึงกระบวนการยืนยันตัวตนผู้ใช้งาน (authentication) 2. สอบทาน "นโยบายการรักษาความมั่นคงปลอดภัยของระบบสารสนเทศ หรือนโยบายการควบคุมรหัสผ่าน" โดยครอบคลุมอย่างน้อย ดังนี้ (1) กำหนดวิธีการยืนยันตัวตนผู้ใช้งานที่เหมาะสมกับความเสี่ยง เพื่อควบคุมการเข้าถึงข้อมูล และระบบ IT (2) กรณีที่มีการสร้างรหัสผ่านครั้งแรกสำหรับผู้ใช้งาน ให้มีการจัดส่งรหัสผ่านให้แก่ผู้ใช้งานด้วยวิธีการที่รัดกุมและปลอดภัยและให้ผู้ใช้งานเปลี่ยนแปลงรหัสผ่านทันทีที่ได้รับรหัสดังกล่าว (3) กำหนดให้ผู้ใช้งานตั้งรหัสผ่านที่ซับซ้อนและยากต่อการคาดเดา โดยมีความยาวขั้นต่ำอย่างน้อย 8 อักขระ (8 characters) และประกอบด้วยตัวเลขและตัวอักษร โดยอาจพิจารณาเพิ่มเติมความซับซ้อน เช่น กำหนดให้รหัสผ่านประกอบด้วยอักขระพิเศษ (เช่น “#”) เพิ่มเติม เป็นต้น (4) กำหนดจำนวนครั้งที่ยอมให้ผู้ใช้งานใส่รหัสผ่านผิดพลาดติดต่อกัน ก่อนระงับการเข้าสู่ระบบชั่วคราวหรือวิธีการอื่น ๆ ที่เทียบเท่า เพื่อป้องกันการเข้าใช้งานโดยวิธีเดาสุ่ม (brute force) ทั้งนี้ ในทางปฏิบัติไม่ควรยอมให้ผู้ใช้งานยืนยันตัวตนผิดพลาดติดต่อกันเกิน 10 ครั้ง (5) กำหนดให้ใช้รหัสผ่านที่ไม่ซ้ำกับรหัสที่เคยใช้งานอย่างน้อย 4 ครั้งล่าสุด หรือไม่ซ้ำกับรหัสผ่านที่เคยใช้งานในช่วง 1 ปีที่ผ่านมา (6) กำหนดการตั้งค่าปกติ/ค่าเริ่มต้น (default) ให้ไม่แสดงรหัสผ่านบนหน้าจอ ระหว่างที่ผู้ใช้งานใส่รหัสผ่าน (7) มีวิธีจัดเก็บข้อมูลรหัสผ่านที่ปลอดภัย เพื่อป้องกันการล่วงรู้หรือแก้ไขเปลี่ยนแปลง รวมทั้งไม่จัดเก็บข้อมูลรหัสผ่านใน folder เดียวกันกับ folder ที่จัดเก็บข้อมูลของแอปพลิเคชัน (8) กำหนดให้ผู้ใช้งานรับผิดชอบการใช้งานบัญชีผู้ใช้งาน (user ID) และการรักษาความปลอดภัยสิ่งที่ใช้ยืนยันตัวตน (authenticator) เช่น รหัสผ่าน รหัสที่ใช้ครั้งเดียว (one-time password) เป็นต้น รวมทั้งข้อมูลส่วนบุคคลที่อาจนำมาใช้เพื่อขอเปลี่ยนแปลงข้อมูลบัญชีผู้ใช้งาน เพื่อป้องกันการใช้งานจากผู้ไม่หวังดี 3. สอบทาน "การตั้งค่านโยบายรหัสผ่านของระบบ IT ที่มีนัยสำคัญ" เปรียบเทียบกับ "นโยบายการควบคุมรหัสผ่าน" หรือ "ข้อกำหนดในประกาศฯ" เพื่อให้มั่นใจว่ามีการตั้งค่ารหัสผ่านของระบบงานที่สำคัญเป็นไปตามนโยบายที่บริษัทกำหนดไว้ (M4) 4. สอบทาน หลักฐานของการสอบทานการตั้งค่านโยบายรหัสผ่านของระบบ IT ที่มีนัยสำคัญ" โดยบุคคลหรือหน่วยงานที่มีความเป็นอิสระจากหน่วยงานที่ทำหน้าที่ปฏิบัติงาน เพื่อให้มั่นใจว่ามีการตรวจสอบการตั้งค่ารหัสผ่านของระบบ IT ที่มีนัยสำคัญให้เป็นไปตามนโยบายที่บริษัทกำหนดไว้อย่างต่อเนื่อง (M5) 5.สังเกตการณ์ หรือสอบทาน กรณีที่บริษัทใช้วิธีการยืนยันตัวตนด้วยการใช้งานพิสูจน์ตัวตนหลายปัจจัย (multi-factor authentication : MFA )โดยมีการตั้งค่าที่เหมาะสม สำหรับเข้าถึงทุกระบบงานที่มีความสำคัญ | M6: =IFERROR(IF(N6="Maturity",HLOOKUP(L6,$O$2:$S$200,ROW()-1,0),"N/A"),"") | N6: Maturity | O6: ไม่มีการกำหนดนโยบายการควบคุมรหัสผ่าน หรือมีการกำหนดนโยบายการควบคุมรหัสผ่านแต่เนื้อหาไม่ครอบคลุมตามข้อกำหนด | P6: มีนโยบายการควบคุมรหัสผ่านที่มีเนื้อหาครอบคลุมตามข้อกำหนด แต่มีการตั้งค่ารหัสผ่านระบบ IT ที่มีนัยสำคัญไม่สอดคล้องตามนโยบายที่บริษัทกำหนดไว้ | Q6: มีนโยบายการควบคุมรหัสผ่านที่มีเนื้อหาครอบคลุมตามข้อกำหนดและมีการตั้งค่ารหัสผ่านระบบ IT ที่มีนัยสำคัญสอดคล้องกับนโยบาย ในกรณีที่ไม่สามารถตั้งค่ารหัสผ่านให้สอดคล้องกับนโยบายฯ ได้ บริษัทจัดให้มีการประเมินความเสี่ยงและจัดทำการอนุมัติการขอยกเว้นการตั้งค่า โดยมีการพิจารณาและกำหนดการควบคุมทดแทนที่เหมาะสมและมีการสอบทานข้อยกเว้นดังกล่าวอย่างน้อยปีละ 1 ครั้ง | R6: มีการจัดทำตาม Maturity Level 3 รวมถึงมีการสอบทานการตั้งค่ารหัสผ่านระบบ IT ที่มีนัยสำคัญ โดยบุคคลหรือหน่วยงานที่มีความเป็นอิสระจากหน่วยงานที่ทำหน้าที่ปฏิบัติงาน เพื่อให้มั่นใจว่ามีการตรวจสอบการตั้งค่ารหัสผ่านของระบบ IT ที่มีนัยสำคัญให้เป็นไปตามนโยบายที่บริษัทกำหนดไว้อย่างต่อเนื่อง | S6: มีการจัดทำตาม Maturity Level 4 รวมถึงมีการนำวิธีการยืนยันตัวตนด้วยวิธีการพิสูจน์ตัวตนหลายปัจจัย (multi-factor authentication : MFA) สำหรับทุกระบบงานที่มีความสำคัญ | T6: =IF(OR(L6="Yes",L6="M3",L6="M4",L6="M5"),3,IF(OR(L6="Partial",L6="M2"),2,IF(L6="N/A",0,1))) -> 1 | U6: =IF(L6="M4",1,IF(L6="M5",2,0)) -> 0 | V6: =T6+U6 -> 1 | W6: =IF(ISBLANK(L6),1,0) -> 1
A7: D2.5 #4 | B7: x | F7: 5.2 | G7: 2 | H7: 5.2 #2 | I7: มีระบบอัตโนมัติในการตรวจสอบและแจ้งเตือนพฤติกรรมการยืนยันตัวตนที่ผิดปกติหรือ ต้องสงสัย เช่น การเข้าสู่ระบบจากเครื่องคอมพิวเตอร์ต้นทางพร้อมกันหลายเครื่อง หรือการเข้าสู่ระบบจากเครื่องคอมพิวเตอร์ต้นทางที่มีความแตกต่างกันด้านสถานที่ทางภูมิศาสตร์ภายในระยะเวลาอันสั้น เป็นต้น | J7: M | K7: 1. สอบทาน "การติดตั้งระบบอัตโนมัติในการตรวจสอบและแจ้งเตือนพฤติกรรมการยืนยันตัวตนที่ผิดปกติหรือ ต้องสงสัย" เช่น การเข้าสู่ระบบจากเครื่องคอมพิวเตอร์ต้นทางพร้อมกันหลายเครื่อง หรือการเข้าสู่ระบบจากเครื่องคอมพิวเตอร์ต้นทางที่มีความแตกต่างกันด้านสถานที่ทางภูมิศาสตร์ภายในระยะเวลาอันสั้น เป็นต้น รวมทั้งมีการดำเนินการประเมินความเป็นไปได้ในการเกิดเหตุการณ์ด้านความมั่นคงปลอดภัยสารสนเทศ | M7: =IFERROR(IF(N7="Maturity",HLOOKUP(L7,$O$2:$S$200,ROW()-1,0),"N/A"),"") -> N/A | N7: Yes/Partial/No | O7: N/A | P7: N/A | Q7: N/A | R7: N/A | S7: N/A | T7: =IF(OR(L7="Yes",L7="M3",L7="M4",L7="M5"),3,IF(OR(L7="Partial",L7="M2"),2,IF(L7="N/A",0,1))) -> 1 | U7: =IF(L7="M4",1,IF(L7="M5",2,0)) -> 0 | V7: =T7+U7 -> 1 | W7: =IF(ISBLANK(L7),1,0) -> 1
A8: D2.5 #5 | B8: x | C8: x | D8: x | E8: x | F8: 5.3 | H8: 5.3 | I8: มีการกำหนดมาตรการควบคุม จำกัด และติดตามการใช้งานบัญชีผู้มีสิทธิสูง (privileged user management) ดังนี้ (1) มีการพิสูจน์ตัวตนหลายปัจจัย (multi-factor authentication : MFA) เมื่อเข้าใช้งานและเปลี่ยนรหัสผ่านสำหรับระบบปฏิบัติการและระบบฐานข้อมูลที่เกี่ยวข้องกับระบบ IT ที่มีนัยสำคัญ (2) กรณีผู้ประกอบธุรกิจมีข้อจำกัดสำหรับการพิสูจน์ตัวตนหลายปัจจัย (multi-factor authentication : MFA) สามารถใช้วิธีการอื่นใดที่เทียบเท่าทดแทน และจัดให้มีการประเมินความเสี่ยงและพิจารณาแนวทางควบคุมความเสี่ยงก่อนดำเนินการเพื่อขออนุมัติยกเว้น (exception) | J8: H | K8: 1. สัมภาษณ์ ผู้บริหารด้าน IT เพื่อให้เข้าใจถึงมาตรการการใช้การบังคับพิสูจน์ตัวตนอย่างปลอดภัยสำหรับบัญชีผู้มีสิทธิสูง (privileged user) ด้วยการใช้งานพิสูจน์ตัวตนหลายปัจจัย (multi-factor authentication) เมื่อเข้าใช้งานและเปลี่ยนรหัสผ่านสำหรับระบบปฏิบัติการและระบบฐานข้อมูลที่เกี่ยวข้องกับระบบ IT ที่มีนัยสำคัญ หรือมาตรการทดแทนหากมีข้อจำกัดสำหรับการพิสูจน์ตัวตนหลายปัจจัย (multi-factor authentication : MFA) 2. สอบทาน "นโยบายการรักษาความมั่นคงปลอดภัยของระบบสารสนเทศ" เพื่อให้มั่นใจว่ามีการกำหนดให้มีการพิสูจน์ตัวตนแบบ MFA หรือวิธีการอื่นใดที่เทียบเท่าทดแทนสำหรับบัญชีผู้มีสิทธิสูง (privileged user) เมื่อเข้าใช้งานและเปลี่ยนรหัสผ่านสำหรับระบบปฏิบัติการและระบบฐานข้อมูลที่เกี่ยวข้องกับระบบ IT ที่มีนัยสำคัญ 3. สังเกตการณ์ "ขั้นตอนการพิสูจน์ตัวตนก่อนการเข้าถึงข้อมูลของบัญชีผู้มีสิทธิสูง (privileged user)" เพื่อให้มั่นใจว่ามีการบังคับพิสูจน์ตัวตนอย่างปลอดภัยด้วยการใช้งานพิสูจน์ตัวตนหลายปัจจัย (multi-factor authentication : MFA) หรือวิธีการอื่นใดที่เทียบเท่าทดแทน ทุกครั้งเมื่อเข้าใช้งานและเปลี่ยนรหัสผ่านสำหรับระบบปฏิบัติการและระบบฐานข้อมูลที่เกี่ยวข้องกับระบบ IT ที่มีนัยสำคัญ | M8: =IFERROR(IF(N8="Maturity",HLOOKUP(L8,$O$2:$S$200,ROW()-1,0),"N/A"),"") -> N/A | N8: Yes/Partial/No | O8: N/A | P8: N/A | Q8: N/A | R8: N/A | S8: N/A | T8: =IF(OR(L8="Yes",L8="M3",L8="M4",L8="M5"),3,IF(OR(L8="Partial",L8="M2"),2,IF(L8="N/A",0,1))) -> 1 | U8: =IF(L8="M4",1,IF(L8="M5",2,0)) -> 0 | V8: =T8+U8 -> 1 | W8: =IF(ISBLANK(L8),1,0) -> 1
A9: D2.5 #6 | B9: x | C9: x | D9: x | E9: x | F9: 5.3.3-5.3.2 | G9: 1 | H9: 5.3.3-5.3.2 #1 | I9: มีการควบคุมและติดตามตรวจสอบการใช้งานบัญชีผู้มีสิทธิสูง (privileged user) อย่างเข้มงวด ดังนี้ (1) ควบคุมดูแลการให้สิทธิโดยจำกัดตามบทบาทหน้าที่ และความจำเป็นในการใช้งาน (2) จำกัดจำนวนบัญชี privileged user ให้มีจำนวนน้อยที่สุดหรือเท่าที่จำเป็น (3) มีกระบวนการขอใช้งานบัญชี privileged user และการอนุมัติโดยผู้มีอำนาจ (4) ทบทวนบัญชีผู้ใช้งาน privileged user อย่างสม่ำเสมออย่างน้อยปีละ 1 ครั้ง (5) กำหนดนโยบายหรือมาตรการยืนยันตัวตนของบัญชี privileged user ที่เข้มงวดกว่าบัญชีผู้ใช้งานทั่วไป (6) จัดเก็บบันทึกการเข้าถึง (access log) และบันทึกการดำเนินงาน (activity log) ของบัญชี privileged user อย่างเหมาะสม (7) สอบทานบันทึกการเข้าถึง (access log) และบันทึกการดำเนินงาน (activity log) ของบัญชี privileged user หลังเสร็จสิ้นการใช้งาน หรือสอบทานอย่างสม่ำเสมอตามรอบระยะเวลาที่เหมาะสมกับความเสี่ยง โดยควรสอบทานอย่างน้อยปีละ 1 ครั้ง (8) มีเครื่องมือหรือกระบวนการป้องกันการเข้าใช้งานบัญชี privileged user และยกระดับสิทธิการใช้งานโดยผู้ที่ไม่ได้รับอนุญาต | J9: H | K9: 1. สัมภาษณ์ ผู้บริหารด้าน IT เพื่อให้เข้าใจถึงมาตรการควบคุม จำกัด และติดตามการใช้งานบัญชีผู้มีสิทธิสูง (privileged user management) 2. สอบทาน "นโยบายการรักษาความมั่นคงปลอดภัยของระบบสารสนเทศ" และแนวปฏิบัติที่เกี่ยวข้อง เพื่อให้มั่นใจว่า กระบวนการที่จำเป็นในมีการควบคุมและติดตามการใช้บ บัญชีผู้มีสิทธิสูง (privileged user) ดังนี้ (1) ควบคุมดูแลการให้สิทธิโดยจำกัดตามบทบาทหน้าที่ และความจำเป็นในการใช้งาน (2) จำกัดจำนวนบัญชีผู้มีสิทธิสูง ให้มีจำนวนน้อยที่สุดหรือเท่าที่จำเป็น (3) มีกระบวนการขอใช้งานบัญชีผู้มีสิทธิสูง และการอนุมัติโดยผู้มีอำนาจ (4) ทบทวนบัญชีผู้ใช้งานผู้มีสิทธิสูงอย่างสม่ำเสมออย่างน้อยปีละ 1 ครั้ง (5) กำหนดนโยบายหรือมาตรการยืนยันตัวตนของบัญชีผู้มีสิทธิสูงที่เข้มงวดกว่าบัญชีผู้ใช้งานทั่วไป (6) จัดเก็บประวัติการยืนยันตัวตนและการเข้าถึง (access log) และบันทึกการดำเนินงาน (activity log) ของบัญชีผู้มีสิทธิสูงอย่างเหมาะสม (7) สอบทานประวัติการยืนยันตัวตนและการเข้าถึง (access log) และบันทึกการดำเนินงาน (activity log) ของบัญชีผู้มีสิทธิสูง หลังเสร็จสิ้นการใช้งาน หรือสอบทานอย่างสม่ำเสมอตามรอบระยะเวลาที่เหมาะสมกับความเสี่ยง โดยควรสอบทานอย่างน้อยปีละ 1 ครั้ง เพื่อให้มั่นใจได้ว่าการใช้งานสิทธิเป็นไปอย่างเหมาะสม (8) มีเครื่องมือหรือกระบวนการป้องกันการเข้าใช้งานบัญชีผู้มีสิทธิสูง และยกระดับสิทธิการใช้งานโดยผู้ที่ไม่ได้รับอนุญาต เช่น การใช้เครื่องมือบริหารจัดการบัญชีผู้มีสิทธิสูง (privilege access management : PAM) และการใช้ระบบติดตามแจ้งเตือนเมื่อมีการใช้งานสิทธิระดับสูง เป็นต้น 3. สอบทานกระบวนการจัดเก็บและขอใช้รหัสผ่านบัญชีผู้มีสิทธิสูง เพื่อให้มั่นใจว่ามีกระบวนการป้องกันการเข้าใช้งานบัญชีดังกล่าว อย่างเหมาะสม 4. สุ่มสอบทาน "ใบคำขอใช้งานบัญชีผู้มีสิทธิสูง" เทียบกับ "ประวัติการใช้งานบัญชีผู้มีสิทธิสูง เช่น sulog หรือ "ประวัติการยืนยันตัวตน" เพื่อให้มั่นใจว่าการใช้งานบัญชีผู้มีสิทธิสูงได้รับการอนุมัติจากผู้มีอำนาจอย่างเหมาะสม 5. สังเกตการณ์ "กระบวนการยืนยันตัวตนของบัญชีผู้มีสิทธิสูง" เพื่อให้มั่นใจว่า มีความเข้มงวดกว่าบัญชีผู้ใช้งานทั่วไป 6. สอบทาน "กระบวนการป้องกันการเข้าใช้งานบัญชีผู้มีสิทธิสูง และยกระดับสิทธิการใช้งานโดยผู้ที่ไม่ได้รับอนุญาต" เช่น การใช้เครื่องมือบริหารจัดการบัญชีผู้มีสิทธิสูง privileged user (privilege access management : PAM) และการใช้ ระบบติดตามแจ้งเตือนเมื่อมีการใช้งานสิทธิระดับสูง เป็นต้น | M9: =IFERROR(IF(N9="Maturity",HLOOKUP(L9,$O$2:$S$200,ROW()-1,0),"N/A"),"") -> N/A | N9: Yes/Partial/No | O9: N/A | P9: N/A | Q9: N/A | R9: N/A | S9: N/A | T9: =IF(OR(L9="Yes",L9="M3",L9="M4",L9="M5"),3,IF(OR(L9="Partial",L9="M2"),2,IF(L9="N/A",0,1))) -> 1 | U9: =IF(L9="M4",1,IF(L9="M5",2,0)) -> 0 | V9: =T9+U9 -> 1 | W9: =IF(ISBLANK(L9),1,0) -> 1
W10: =SUM(W4:W9) -> 6 | Y10: =COUNTIF(N4:N9,"Maturity") -> 3
L11: Remarks | M11: =IF(W10>0,"โปรดระวัง ท่านยังไม่ได้บันทึกผลการประเมินในข้อดังนี้","ตอบแบบประเมินครบถ้วน") -> โปรดระวัง ท่านยังไม่ได้บันทึกผลการประเมินในข้อดังนี้
M12: =IF(ISBLANK(L4),_xlfn.CONCAT(A4," , "),"")&IF(ISBLANK(L5),_xlfn.CONCAT(A5," , "),"")& IF(ISBLANK(L6),_xlfn.CONCAT(A6," , "),"")& IF(ISBLANK(L7),_xlfn.CONCAT(A7," , "),"")& IF(ISBLANK(L8),_xlfn.CONCAT(A8," , "),"")& IF(ISBLANK(L9),A9,"") -> D2.5 #1 , D2.5 #2 , D2.5 #3 , D2.5 #4 , D2.5 #5 , D2.5 #6

Sheet D2.6
A1: # control ID | B1: H | C1: M | D1: L | E1: S | F1: สธ. 38/2565 (ปรับปรุงแก้ไขโดย สธ. 33/2567) | G1: นป. 6/2567 | H1: การควบคุมที่ สธ. # นป. | I1: การควบคุมที่ควรมี | J1: ระดับความสำคัญของ การควบคุม | K1: ตัวอย่างวิธีการเก็บหลักฐาน (Methods of obtaining audit evidence) สามารถนำไปปรับใช้ประกอบการประเมินได้ | L1: ผลการประเมิน | M1: คำอธิบาย | N1: ประเภทการวัดผล | O1: Maturity Level 1 (M1) | P1: Maturity Level 2 (M2) | Q1: Maturity Level 3 (M3) | R1: Maturity Level 4 (M4) | S1: Maturity Level 5 (M5)
F2: หมวดที่ 2 การรักษาความมั่นคงปลอดภัยด้าน IT (Information Technology Security) | O2: M1 | P2: M2 | Q2: M3 | R2: M4 | S2: M5
F3: ส่วนที่ 6 การควบคุมการเข้ารหัส (cryptographic control)
A4: D2.6 #1 | B4: x | C4: x | D4: x | F4: 6.1 | G4: 1 | H4: 6.1 #1 | I4: 1. มีการจัดทำ อนุมัติ และสื่อสารนโยบายและมาตรการการบริหารกุญแจเข้ารหัส ที่มีเนื้อหาที่คำนึงถึงชนิด มาตรฐานวิธีการเข้ารหัสข้อมูล (cryptographic algorithm) ให้เป็นไปตามมาตรฐานสากล และมีความมั่นคงปลอดภัยเหมาะสมกับระดับความสำคัญของข้อมูล รวมทั้งกำหนดผู้รับผิดชอบในการดำเนินนโยบายและบริหารจัดการกุญแจเพื่อการเข้ารหัสข้อมูล (key management) 2. มีการวิเคราะห์และคัดเลือกวิธีการเข้ารหัสที่เหมาะสมสำหรับข้อมูล แต่ละประเภทตามมาตรการเข้ารหัสของข้อมูลแต่ละระดับชั้น เช่น (1) เว็บไซต์: การใช้โปรโตคอล TLS ในการเข้ารหัสมีความปลอดภัยมากกว่าโปรโตคอล SSL (2) การส่งข้อมูลผ่านเครือข่าย: การใช้โปรโตคอล CFI, SCP, SFTP, หรือ FTPS ในการส่งข้อมูลมีความปลอดภัยมากกว่าโปรโตคอล FTP (3) การเชื่อมต่อโดย Remote Command: การใช้โปรโตคอล SSH มีความปลอดภัยมากกว่าโปรโตคอล Telnet (4) การเชื่อมต่อเพื่อบริหารจัดการระบบจากระยะไกล: การเชื่อมต่อผ่านช่องทางที่ปลอดภัยอย่าง SSL VPN, IPSec VPN หรือเครื่องมือที่มีการใช้ช่องทางที่ปลอดภัย | J4: M | K4: 1. สัมภาษณ์ ผู้บริหารด้าน IT เพื่อให้เข้าใจถึงกระบวนการบริหารจัดการกุญแจเข้ารหัสข้อมูล ดังนี้ (1) การกำหนดหน่วยงานหรือบุคลากรที่รับผิดชอบการบริหารจัดการกุญแจเข้ารหัสข้อมูล (2) การเลือกใช้ชนิดและขั้นตอนวิธีการเข้ารหัสข้อมูล (algorithm และ cipher suite) ที่สอดคล้องเหมาะสมกับระดับความเสี่ยงที่อาจเกิดขึ้นกับข้อมูลที่เป็นความลับหรือมีความสำคัญ (3) มีการสื่อสารและสร้างการรับรู้นโยบายและมาตรการการบริหารกุญแจเข้ารหัส ให้แก่บุคลากรที่เกี่ยวข้อง 2. สอบทาน “นโยบายทางด้านความมั่นคงปลอดภัยระบบสารสนเทศ” เพื่อให้มั่นใจว่ามีการจัดทำนโยบายที่เกี่ยวข้องกับการเข้ารหัสข้อมูลและการบริหารกุญแจเข้ารหัสข้อมูล และมั่นใจว่ามีการทบทวนนโยบายอย่างสม่ำเสมอหรือเมื่อมีการเปลี่ยนแปลงอย่างมีนัยสำคัญ โดยครอบคลุมเนื้อหาขั้นต่ำ ดังนี้ (1) การเข้ารหัสข้อมูลควรมีเนื้อหาที่คำนึงถึงประเภทของข้อมูล และขั้นตอนวิธีการเข้ารหัสข้อมูล (algorithm) ที่สอดคล้องเหมาะสมกับระดับความเสี่ยงที่อาจเกิดขึ้นกับข้อมูลที่เป็นความลับหรือมีความสำคัญ (2) กำหนดผู้รับผิดชอบในการดำเนินนโยบายและบริหารจัดการกุญแจเพื่อการเข้ารหัสข้อมูล (key management) (3) การบริหารกุญแจตลอดช่วงเวลาการใช้งาน (key management whole life cycle) 3. สอบทาน “แนวปฏิบัติการเข้ารหัสข้อมูลและการบริหารกุญแจเข้ารหัสข้อมูล” เพื่อให้มั่นใจว่ามีจัดทำมาตรการ/แนวปฏิบัติครอบคลุม (1) การคัดเลือกวิธีการเข้ารหัส (2) การกำหนดความยาวของรหัส (3) การใช้งานและการยกเลิกการใช้งานกุญแจเพื่อการเข้ารหัส (4) กระบวนการบริหารจัดการกุญแจเพื่อการเข้ารหัส (5) การติดตามให้มีการปฏิบัติให้เป็นไปตามนโยบายและแนวทางปฏิบัติอย่างสม่ำเสมอ | M4: =IFERROR(IF(N4="Maturity",HLOOKUP(L4,$O$2:$S$200,ROW()-1,0),"N/A"),"") -> N/A | N4: Yes/Partial/No | O4: N/A | P4: N/A | Q4: N/A | R4: N/A | S4: N/A | T4: =IF(OR(L4="Yes",L4="M3",L4="M4",L4="M5"),3,IF(OR(L4="Partial",L4="M2"),2,IF(L4="N/A",0,1))) -> 1 | U4: =IF(L4="M4",1,IF(L4="M5",2,0)) -> 0 | V4: =T4+U4 -> 1 | W4: =IF(ISBLANK(L4),1,0) -> 1
A5: D2.6 #2 | B5: x | C5: x | D5: x | F5: 6.1 | G5: 1 | H5: 6.1 #1 | I5: มีการทบทวนมาตรฐานวิธีเข้ารหัสข้อมูล (cryptographic algorithm) เพื่อให้มั่นใจว่าวิธีการเข้ารหัสที่ใช้งานยังคงมีความปลอดภัย | J5: M | K5: 1. สัมภาษณ์ ผู้บริหารด้าน IT เกี่ยวกับกระบวนการในการติดตามการเปลี่ยนแปลงของ IT และมาตรฐานวิธีเข้ารหัสข้อมูล (cryptographic algorithm) 2. สอบทาน “ผลการทบทวนมาตรฐานวิธีการเข้ารหัสข้อมูล” เพื่อให้มั่นใจได้ว่าวิธีการเข้ารหัสข้อมูลที่ใช้งานอยู่ ยังมีความมั่นคงเพียงพอในการรักษาความปลอดภัยของข้อมูล | M5: =IFERROR(IF(N5="Maturity",HLOOKUP(L5,$O$2:$S$200,ROW()-1,0),"N/A"),"") -> N/A | N5: Yes/Partial/No | O5: N/A | P5: N/A | Q5: N/A | R5: N/A | S5: N/A | T5: =IF(OR(L5="Yes",L5="M3",L5="M4",L5="M5"),3,IF(OR(L5="Partial",L5="M2"),2,IF(L5="N/A",0,1))) -> 1 | U5: =IF(L5="M4",1,IF(L5="M5",2,0)) -> 0 | V5: =T5+U5 -> 1 | W5: =IF(ISBLANK(L5),1,0) -> 1
A6: D2.6 #3 | B6: x | C6: x | D6: x | F6: 6.2 | G6: 1 | H6: 6.2 #1 | I6: มีการสร้างและติดตั้งกุญแจเข้ารหัสที่มีความปลอดภัย โดยครอบคลุมอย่างน้อย ดังนี้ (1) การเลือกใช้ผู้ให้บริการออกใบรับรอง (certification authority) ที่น่าเชื่อถือ (2) การทำลายข้อมูลที่ใช้ในกระบวนการเข้ารหัส หรือการรักษาความปลอดภัยของคอมพิวเตอร์ที่ใช้สร้างกุญแจ (3) กำหนดสิทธิการเข้าถึงกุญแจเข้ารหัสและระบบจัดการกุญแจเข้ารหัสให้สามารถเข้าถึงได้โดยผู้ที่ได้รับอนุญาตเท่านั้น (4) กำหนดความยาวของกุญแจเข้ารหัสที่เพียงพอในการป้องกันการถูกถอดรหัส (decrypt) โดยผู้ไม่หวังดี เช่น การโจมตีแบบ brute force เป็นต้น (5) การแลกเปลี่ยนกุญแจเข้ารหัส (key exchange) ผ่านกระบวนการและช่องทางที่ปลอดภัย (6) การกำหนดไม่ให้ใช้กุญแจเข้ารหัสข้อมูลเดียวกันกับหลายระบบงาน | J6: H | K6: 1. สัมภาษณ์ ผู้บริหารด้าน IT เกี่ยวกับกระบวนการ/ขั้นตอนการสร้างและติดตั้งกุญแจเข้ารหัส 2 .สอบทาน “ขั้นตอนการสร้างและติดตั้งกุญแจเข้ารหัส” เพื่อให้มั่นใจว่ามีความครอบคลุมอย่างน้อย ดังนี้ (1) การเลือกใช้ผู้ให้บริการออกใบรับรอง (certification authority) ที่น่าเชื่อถือ (2) การทำลายข้อมูลที่ใช้ในกระบวนการเข้ารหัส หรือการรักษาความปลอดภัยของคอมพิวเตอร์ที่ใช้สร้างกุญแจ (3) กำหนดสิทธิการเข้าถึงกุญแจเข้ารหัสและระบบจัดการกุญแจเข้ารหัสให้สามารถเข้าถึงได้โดยผู้ที่ได้รับอนุญาตเท่านั้น (4) กำหนดความยาวของกุญแจเข้ารหัสที่เพียงพอในการป้องกันการถูกถอดรหัส (decrypt) โดยผู้ไม่หวังดี เช่น การโจมตีแบบ brute force เป็นต้น (5) การแลกเปลี่ยนกุญแจเข้ารหัส (key exchange) ผ่านกระบวนการและช่องทางที่ปลอดภัย (6) การกำหนดไม่ให้ใช้กุญแจเข้ารหัสข้อมูลเดียวกันกับหลายระบบงาน 3. สอบทานใบรับรอง (certificate) ในระบบที่เกี่ยวข้อง เพื่อให้มั่นใจได้ว่าผู้ให้บริการออกใบรับรอง (Certification Authority) มีความน่าเชื่อถือ 4. สอบทานกระบวนการและช่องทางการแลกเปลี่ยนกุญแจ เพื่อให้มั่นใจได้ว่ากุญแจถูกแลกเปลี่ยนโดยช่องทางที่ปลอดภัย | M6: =IFERROR(IF(N6="Maturity",HLOOKUP(L6,$O$2:$S$200,ROW()-1,0),"N/A"),"") -> N/A | N6: Yes/Partial/No | O6: N/A | P6: N/A | Q6: N/A | R6: N/A | S6: N/A | T6: =IF(OR(L6="Yes",L6="M3",L6="M4",L6="M5"),3,IF(OR(L6="Partial",L6="M2"),2,IF(L6="N/A",0,1))) -> 1 | U6: =IF(L6="M4",1,IF(L6="M5",2,0)) -> 0 | V6: =T6+U6 -> 1 | W6: =IF(ISBLANK(L6),1,0) -> 1
A7: D2.6 #4 | B7: x | C7: x | D7: x | F7: 6.2 | G7: 2 | H7: 6.2 #2 | I7: มีการจัดเก็บและสำรองกุญแจเข้ารหัสให้อยู่ในสภาพแวดล้อมที่ปลอดภัย และมีการกำหนดการเข้าถึงทั้งทางกายภาพ (physical) และสิทธิในระบบ (logical) อย่างเหมาะสม โดยผู้ประกอบธุรกิจควรดำเนินการอย่างน้อย ดังนี้ (1) มีการรักษาความปลอดภัยในการจัดเก็บกุญแจเข้ารหัสทั้งด้าน physical และ logical เช่น การใช้อุปกรณ์ hardware security module (HSM) หรืออุปกรณ์ที่ทำหน้าที่ในลักษณะเดียวกัน เป็นต้น (2) มีการสำรองข้อมูลกุญแจเข้ารหัส โดยวิธีการเก็บรักษาข้อมูลกุญแจเข้ารหัสชุดสำรองต้องมีการรักษาความปลอดภัย ในระดับเดียวกับกุญแจเข้ารหัสชุดหลัก | J7: H | K7: 1. สัมภาษณ์ ผู้บริหารด้าน IT เกี่ยวกับกระบวนการ/ขั้นตอนการจัดเก็บและสำรองกุญแจเข้ารหัส 2. สอบทาน “ขั้นตอนการจัดเก็บและสำรองกุญแจเข้ารหัส” เพื่อให้มั่นใจว่ามีการจัดทำกระบวนการ/ขั้นตอนการควบคุมความปลอดภัย กุญแจเข้ารหัสมีการรักษาความปลอดภัยทั้งทางกายภาพ (physical) และ สิทธิในระบบ (logical) อย่างน้อยได้แก่ (1) มีการกำหนดมาตรการและการเฝ้าระวังเพื่อสร้างความมั่นคงปลอดภัยทั้งทางกายภาพ (physical) และ สิทธิในระบบ (logical) ของอุปกรณ์ที่ใช้ในการจัดเก็บกุญแจเข้ารหัส (2) มีการกำหนดผู้รับผิดชอบในการดูแลอุปกรณ์ที่ใช้ในการจัดเก็บกุญแจเข้ารหัส 3. สอบทาน "กระบวนการหรือวิธีการจัดเก็บกุญแจเข้ารหัส" เพื่อให้มั่นใจว่ามีการรักษาความปลอดภัยในการจัดเก็บหรือสำรองกุญแจเข้ารหัส (การจัดเก็บทั้งรูปแบบ physical และ logical เช่น การใช้อุปกรณ์ hardware security module (HSM) หรืออุปกรณ์ที่ทำหน้าที่ในลักษณะเดียวกัน เป็นต้น) 4. สอบทานการจัดเก็บกุญแจเข้ารหัสสำรอง เพื่อให้มั่นใจว่ามีการรักษาความปลอดภัย ในระดับเดียวกับกุญแจเข้ารหัสชุดหลัก และไม่ได้รับผลกระทบจากเหตุการณ์ความเสี่ยงพร้อมกับกุญแจเข้ารหัสชุดหลัก (เช่น กรณีเกิดเหตุไฟไหม้สถานที่จัดเก็บกุญแจหลัก กุญแจสำรองต้องไม่ได้รับผลกระทบ) | M7: =IFERROR(IF(N7="Maturity",HLOOKUP(L7,$O$2:$S$200,ROW()-1,0),"N/A"),"") -> N/A | N7: Yes/Partial/No | O7: N/A | P7: N/A | Q7: N/A | R7: N/A | S7: N/A | T7: =IF(OR(L7="Yes",L7="M3",L7="M4",L7="M5"),3,IF(OR(L7="Partial",L7="M2"),2,IF(L7="N/A",0,1))) -> 1 | U7: =IF(L7="M4",1,IF(L7="M5",2,0)) -> 0 | V7: =T7+U7 -> 1 | W7: =IF(ISBLANK(L7),1,0) -> 1
A8: D2.6 #5 | B8: x | C8: x | D8: x | F8: 6.2 | G8: 3 | H8: 6.2 #3 | I8: มีการกำหนดเกณฑ์และแนวทางในการเปลี่ยนและเพิกถอนกุญแจเข้ารหัส โดยครอบคลุมถึงเนื้อหาขั้นต่ำ ดังนี้ (1) เกณฑ์และแนวทางในการเปลี่ยนและเพิกถอนกุญแจเข้ารหัส เช่น กรณีกุญแจเข้ารหัสหมดอายุการใช้งาน หรือไม่ปลอดภัย เป็นต้น (2) การอนุมัติการเปลี่ยนแปลง และยกเลิกกุญแจเข้ารหัส (3) กระบวนการทำลายกุญแจเข้ารหัส (4) การติดตามวันหมดอายุของกุญแจเข้ารหัส หรือ certificate ที่มีการใช้งาน เพื่อต่ออายุหรือติดตั้งกุญแจเข้ารหัสใหม่ก่อนที่จะเกิดผลกระทบ | J8: M | K8: 1. สัมภาษณ์ ผู้บริหารด้าน IT เกี่ยวกับขั้นตอนการเปลี่ยนแปลง เพิกถอน และการทำลายกุญแจเข้ารหัส 2. สอบทาน “ขั้นตอนการเปลี่ยนแปลง เพิกถอน และการทำลายกุญแจเข้ารหัส” เพื่อให้มั่นใจว่ามีแนวปฏิบัติการบริหารเปลี่ยนแปลง และ ยกเลิกกุญแจเข้ารหัสข้อมูล โดยครอบคลุมถึงเนื้อหาขั้นต่ำ ดังนี้ (1) เกณฑ์และแนวทางในการเปลี่ยนและเพิกถอนกุญแจเข้ารหัส เช่น กรณีกุญแจเข้ารหัสหมดอายุการใช้งาน หรือไม่ปลอดภัย เป็นต้น (2) การอนุมัติการเปลี่ยนแปลง และยกเลิกกุญแจเข้ารหัส (3) กระบวนการทำลายกุญแจเข้ารหัส (4) การติดตามวันหมดอายุของกุญแจเข้ารหัส หรือ certificate ที่มีการใช้งาน เพื่อต่ออายุหรือติดตั้งกุญแจเข้ารหัสใหม่ก่อนที่จะเกิดผลกระทบ 3. สอบทาน "กระบวนการทำลายกุญแจเพื่อการเข้ารหัส" เพื่อให้มั่นใจได้ว่ามีกระบวนการทำลายกุญแจเพื่อการเข้ารหัสอย่างเหมาะสมและสอดคล้องกับแนวปฏิบัติการบริหารเปลี่ยนแปลง และ ยกเลิกกุญแจเข้ารหัสข้อมูล | M8: =IFERROR(IF(N8="Maturity",HLOOKUP(L8,$O$2:$S$200,ROW()-1,0),"N/A"),"") -> N/A | N8: Yes/Partial/No | O8: N/A | P8: N/A | Q8: N/A | R8: N/A | S8: N/A | T8: =IF(OR(L8="Yes",L8="M3",L8="M4",L8="M5"),3,IF(OR(L8="Partial",L8="M2"),2,IF(L8="N/A",0,1))) -> 1 | U8: =IF(L8="M4",1,IF(L8="M5",2,0)) -> 0 | V8: =T8+U8 -> 1 | W8: =IF(ISBLANK(L8),1,0) -> 1
A9: D2.6 #6 | B9: x | C9: x | D9: x | F9: 6.2 | G9: 4 | H9: 6.2 #4 | I9: มีการจัดเก็บบันทึกหลักฐานทั้งการเข้าถึง (access log) และการดำเนินงาน (activity log/audit log) ที่เกี่ยวกับการบริหารจัดการกุญแจเข้ารหัส ได้แก่ การสร้างกุญแจ การสำรองกุญแจ การเข้าถึงหรือใช้งานกุญแจ และการเพิกถอนกุญแจเพื่อการสอบทานในอนาคต รวมถึงมีการสอบทานบันทึกเหตุการณ์เกี่ยวกับการใช้กุญแจเข้ารหัสอย่างสม่ำเสมอ ตามมาตรการบริหารจัดการบันทึกเหตุการณ์ของระบบสารสนเทศ | J9: M | K9: 1. สัมภาษณ์ ผู้บริหารด้านการรักษาความปลอดภัยสารสนเทศ เกี่ยวกับการจัดเก็บข้อมูลบันทึกเหตุการณ์กิจกรรมสำคัญที่เกี่ยวกับการบริหารจัดการกุญแจเข้ารหัส ได้แก่ การสร้างกุญแจ การสำรองกุญแจ การเข้าถึงหรือใช้งาน และการเพิกถอนกุญแจ 2. สอบทาน “บันทึกเหตุการณ์การบริหารจัดการกุญแจเข้ารหัส" เพื่อให้มั่นใจว่ามีการจัดเก็บบันทึกเหตุการณ์กิจกรรมที่สำคัญ ได้แก่ การสร้างกุญแจ การสำรองกุญแจ การเข้าถึงหรือใช้งาน และการเพิกถอนกุญแจ ทั้งนี้ บันทึกเหตุการณ์ควรประกอบด้วย ข้อมูลที่ถูกเข้าถึง ผู้เข้าถึง วัน/เวลา รวมทั้งกิจกรรมที่เกิดขึ้น เป็นอย่างน้อย และมีการป้องกันข้อมูลบันทึกเหตุการณ์อย่างเหมาะสม เพื่อให้สามารถนำมาวิเคราะห์ต่อไปได้ (M4) 3. สอบทาน "หลักฐานของการสอบทานการจัดเก็บบันทึกเหตุการณ์การบริหารจัดการกุญแจเข้ารหัส" โดยบุคคลหรือหน่วยงานที่มีความเป็นอิสระจากหน่วยงานที่ทำหน้าที่ปฏิบัติงาน เพื่อให้มั่นใจว่ามีการจัดเก็บบันทึกเหตุการณ์กิจกรรมที่สำคัญ ได้แก่ การสร้างกุญแจ การสำรองกุญแจ การเข้าถึงหรือใช้งาน และการเพิกถอนกุญแจอย่างต่อเนื่อง (M5) 4. สังเกตการณ์การใช้เครื่องมืออัตโนมัติ (automated tools) ในการตรวจสอบความผิดปกติของการใช้งานกุญแจเข้ารหัสและแจ้งเตือนไปยังหน่วยงานที่เกี่ยวข้อง | M9: =IFERROR(IF(N9="Maturity",HLOOKUP(L9,$O$2:$S$200,ROW()-1,0),"N/A"),"") | N9: Maturity | O9: ไม่มีการจัดเก็บบันทึกเหตุการณ์กิจกรรมสำคัญที่เกี่ยวกับกุญแจเข้ารหัส | P9: มีการจัดเก็บบันทึกเหตุการณ์กิจกรรมสำคัญที่เกี่ยวกับกุญแจเข้ารหัสแต่ไม่ครบถ้วน | Q9: มีการจัดเก็บบันทึกเหตุการณ์กิจกรรมสำคัญที่เกี่ยวกับกุญแจเข้ารหัสครบถ้วน | R9: มีการจัดทำตาม Maturity Level 3 รวมถึงมีการสอบทานการจัดเก็บบันทึกเหตุการณ์การบริหารจัดการกุญแจเข้ารหัส โดยบุคคลหรือหน่วยงานที่มีความเป็นอิสระจากหน่วยงานที่ทำหน้าที่ปฏิบัติงาน เพื่อให้มั่นใจว่ามีการจัดเก็บบันทึกเหตุการณ์กิจกรรมที่สำคัญ ได้แก่ การสร้างกุญแจ การสำรองกุญแจ การเข้าถึงหรือใช้งาน และการเพิกถอนกุญแจ | S9: มีการจัดทำตาม Maturity Level 4 รวมถึงมีการใช้เครื่องมืออัตโนมัติ (automated tools) ในการตรวจสอบความผิดปกติของการใช้งานกุญแจเข้ารหัสและแจ้งเตือนไปยังหน่วยงานที่เกี่ยวข้อง | T9: =IF(OR(L9="Yes",L9="M3",L9="M4",L9="M5"),3,IF(OR(L9="Partial",L9="M2"),2,IF(L9="N/A",0,1))) -> 1 | U9: =IF(L9="M4",1,IF(L9="M5",2,0)) -> 0 | V9: =T9+U9 -> 1 | W9: =IF(ISBLANK(L9),1,0) -> 1
A10: D2.6 #7 | B10: x | C10: x | D10: x | F10: 6.3 | G10: 1 | H10: 6.3 #1 | I10: มีการกำหนดมาตรการการควบคุมกุญแจเข้ารหัสที่ให้บริการโดยบุคคลภายนอก ซึ่งครอบคลุมเนื้อหาขั้นต่ำ ดังต่อไปนี้ (1) ประเภทของกุญแจเข้ารหัสที่ให้บริการ (2) รายละเอียดของระบบหรือเครื่องมือเข้ารหัส รวมถึงกระบวนการควบคุมการเข้ารหัสในแต่ละขั้นตอน ตลอดวงจรการบริหารจัดการกุญแจเข้ารหัส (3) ข้อแนะนำการใช้งานและการควบคุมการเข้ารหัสข้อมูล | J10: M | K10: 1. สัมภาษณ์ ผู้บริหารด้าน IT เกี่ยวกับการกำหนดมาตรการการควบคุมกุญแจเข้ารหัสที่ให้บริการโดยบุคคลภายนอก 2. สอบทาน เงื่อนไขหรือรายละเอียดของการให้บริการ ในสัญญาที่จัดทำกับทางผู้ให้บริการภายนอก ซึ่งควรครอบคลุมเนื้อหาขั้นต่ำดังนี้ (1) ประเภทของกุญแจเข้ารหัสที่ให้บริการ (2) รายละเอียดของระบบหรือเครื่องมือเข้ารหัส รวมถึงกระบวนการควบคุมการเข้ารหัสในแต่ละขั้นตอน ตลอดวงจรการบริหารจัดการกุญแจเข้ารหัส (3) ข้อแนะนำการใช้งานและการควบคุมการเข้ารหัสข้อมูล (4) ไม่มีการนำมาใช้งานร่วมกับผู้ใช้บริการรายอื่นและมีความมั่นคงปลอดภัย 3. สอบทาน เงื่อนไขหรือรายละเอียดของการให้บริการ เพื่อให้มั่นใจว่า กุญแจเข้ารหัสที่ให้บริการโดยบุคคลภายนอกไม่มีการนำมาใช้งานร่วมกับผู้ใช้บริการรายอื่นและมีความมั่นคงปลอดภัย 4. สอบทาน “รายงานสรุปผลการควบคุมดูแลกุญแจการเข้ารหัสที่ให้บริการโดยบุคคลภายนอก" เพื่อให้มั่นใจว่ามีการเฝ้าติดตาม ตรวจสอบความเสี่ยงที่อาจจะเกิดขึ้นกับ IT ในการเข้ารหัสให้เป็นความลับอย่างสม่ำเสมอ และวิธีการเข้ารหัสข้อมูลที่ใช้งานอยู่ ยังมีความมั่นคงเพียงพอในการรักษาความปลอดภัยของข้อมูล | M10: =IFERROR(IF(N10="Maturity",HLOOKUP(L10,$O$2:$S$200,ROW()-1,0),"N/A"),"") -> N/A | N10: Yes/Partial/No | O10: N/A | P10: N/A | Q10: N/A | R10: N/A | S10: N/A | T10: =IF(OR(L10="Yes",L10="M3",L10="M4",L10="M5"),3,IF(OR(L10="Partial",L10="M2"),2,IF(L10="N/A",0,1))) -> 1 | U10: =IF(L10="M4",1,IF(L10="M5",2,0)) -> 0 | V10: =T10+U10 -> 1 | W10: =IF(ISBLANK(L10),1,0) -> 1
A11: D2.6 #8 | B11: x | C11: x | D11: x | F11: 6.4 | G11: 1 | H11: 6.4 #1 | I11: มีการกำหนดกระบวนการรองรับกรณีเกิดการรั่วไหลของกุญแจเข้ารหัส โดยครอบคลุมเนื้อหา เช่น (1) ข้อมูลการติดต่อหน่วยงานและผู้ที่เกี่ยวข้องกับชุดข้อมูลที่ใช้กุญแจเข้ารหัส (2) การตรวจสอบชุดข้อมูลที่มีความเสี่ยงในการรั่วไหล การเปลี่ยนหรือเพิกถอนกุญแจการเข้ารหัสข้อมูล | J11: H | K11: 1. สัมภาษณ์ ผู้บริหารด้าน IT เกี่ยวกับการกำหนดกระบวนการรองรับกรณีเกิดการรั่วไหลของกุญแจเข้ารหัส 2. สอบทาน "กระบวนการ คู่มือ หรือ แนวปฏิบัติในกรณีเกิดการรั่วไหลของกุญแจเข้ารหัส" เพื่อให้มั่นใจว่ามีการจัดทำให้ครอบคลุมรายการกิจกรรมที่ต้องปฎิบัติอย่างน้อย ดังนี้ (1) ข้อมูลการติดต่อหน่วยงานและผู้ที่เกี่ยวข้องกับชุดข้อมูลที่ใช้กุญแจเข้ารหัส (2) การตรวจสอบชุดข้อมูลที่มีความเสี่ยงในการรั่วไหล การเปลี่ยนหรือเพิกถอนกุญแจการเข้ารหัสข้อมูล 3. สอบทานหลักฐานของการสอบทานและปรับปรุง “กระบวนการ คู่มือ หรือ แนวปฏิบัติในกรณีเกิดการรั่วไหลของกุญแจเข้ารหัส” เพื่อให้มั่นใจว่า ข้อมูลการติดต่อหน่วยงานและผู้ที่เกี่ยวข้อง และ แนวปฎิบัติในกรณีเกิดการรั่วไหลของกุญแจเข้ารหัสได้รับการสอบทาน และปรับปรุงให้เหมาะสมกับการปฏิบัติงานและสอดคล้องกับการดำเนินงานขององค์กร 4. สอบทาน "รายงานสรุปข้อมูลการรั่วไหลของกุญแจเข้ารหัส" เพื่อนำไปประเมินความเสี่ยง วิเคราะห์หาสาเหตุ และพัฒนาปรับปรุงวิธีบริหารจัดการกุญแจให้มีประสิทธิภาพในการป้องกันความเสี่ยงที่อาจเกิดขึ้นในอนาคต | M11: =IFERROR(IF(N11="Maturity",HLOOKUP(L11,$O$2:$S$200,ROW()-1,0),"N/A"),"") -> N/A | N11: Yes/Partial/No | O11: N/A | P11: N/A | Q11: N/A | R11: N/A | S11: N/A | T11: =IF(OR(L11="Yes",L11="M3",L11="M4",L11="M5"),3,IF(OR(L11="Partial",L11="M2"),2,IF(L11="N/A",0,1))) -> 1 | U11: =IF(L11="M4",1,IF(L11="M5",2,0)) -> 0 | V11: =T11+U11 -> 1 | W11: =IF(ISBLANK(L11),1,0) -> 1
W12: =SUM(W4:W11) -> 8 | Y12: =COUNTIF(N4:N11,"Maturity") -> 1
L13: Remarks | M13: =IF(W12>0,"โปรดระวัง ท่านยังไม่ได้บันทึกผลการประเมินในข้อดังนี้","ตอบแบบประเมินครบถ้วน") -> โปรดระวัง ท่านยังไม่ได้บันทึกผลการประเมินในข้อดังนี้
M14: =IF(ISBLANK(L4),_xlfn.CONCAT(A4," , "),"")&IF(ISBLANK(L5),_xlfn.CONCAT(A5," , "),"")& IF(ISBLANK(L6),_xlfn.CONCAT(A6," , "),"")& IF(ISBLANK(L7),_xlfn.CONCAT(A7," , "),"")& IF(ISBLANK(L8),_xlfn.CONCAT(A8," , "),"")& IF(ISBLANK(L9),_xlfn.CONCAT(A9," , "),"")& IF(ISBLANK(L10),_xlfn.CONCAT(A10," , "),"")& IF(ISBLANK(L11),A11,"") -> D2.6 #1 , D2.6 #2 , D2.6 #3 , D2.6 #4 , D2.6 #5 , D2.6 #6 , D2.6 #7 , D2.6 #8

Sheet D2.7
A1: # control ID | B1: H | C1: M | D1: L | E1: S | F1: สธ. 38/2565 (ปรับปรุงแก้ไขโดย สธ. 33/2567) | G1: นป. 6/2567 | H1: การควบคุมที่ สธ. # นป. | I1: การควบคุมที่ควรมี | J1: ระดับความสำคัญของ การควบคุม | K1: ตัวอย่างวิธีการเก็บหลักฐาน (Methods of obtaining audit evidence) สามารถนำไปปรับใช้ประกอบการประเมินได้ | L1: ผลการประเมิน | M1: คำอธิบาย | N1: ประเภทการวัดผล | O1: Maturity Level 1 (M1) | P1: Maturity Level 2 (M2) | Q1: Maturity Level 3 (M3) | R1: Maturity Level 4 (M4) | S1: Maturity Level 5 (M5)
F2: หมวดที่ 2 การรักษาความมั่นคงปลอดภัยด้าน IT (Information Technology Security) | O2: M1 | P2: M2 | Q2: M3 | R2: M4 | S2: M5
F3: ส่วนที่ 7 การรักษาความมั่นคงปลอดภัยทางกายภาพและสภาพแวดล้อม (physical and environmental security)
A4: D2.7 #1 | B4: x | C4: x | D4: x | F4: 7 | G4: 1 | H4: 7 #1 | I4: มีการออกแบบศูนย์คอมพิวเตอร์ และพื้นที่ที่เกี่ยวข้องกับระบบ IT ที่มีนัยสำคัญ โดยคำนึงถึงความเสี่ยงจากภัยธรรมชาติ และภัยคุกคามจากมนุษย์ เช่น มีกำแพงหรือรั้วที่มั่นคง และมีระยะห่างของศูนย์คอมพิวเตอร์สำรองและศูนย์คอมพิวเตอร์หลักที่เพียงพอ | J4: H | K4: 1. สัมภาษณ์ ผู้บริหารด้าน IT เกี่ยวกับ (1) การออกแบบศูนย์คอมพิวเตอร์ และพื้นที่ที่เกี่ยวข้องกับระบบ IT ที่มีนัยสำคัญ (2) มาตรการเพื่อสร้างความมั่นคงปลอดภัยทางกายภาพและสภาพแวดล้อมของทรัพย์สินสารสนเทศ (3) การป้องกันทรัพย์สินไม่ให้สูญหาย ถูกโจรกรรม เสียหาย ถูกเข้าถึง หรือ ถูกใช้งาน โดยบุคคลที่ไม่ได้รับอนุญาต 2. สังเกตการณ์ "ศูนย์คอมพิวเตอร์ และพื้นที่ที่เกี่ยวข้องกับระบบ IT ที่มีนัยสำคัญ" เพื่อให้มั่นใจว่ามีการออกแบบและมีมาตรการป้องกันโดยคำนึงถึงความเสี่ยง จากภัยธรรมชาติและภัยคุกคามจากมนุษย์อย่างเหมาะสม | M4: =IFERROR(IF(N4="Maturity",HLOOKUP(L4,$O$2:$S$200,ROW()-1,0),"N/A"),"") -> N/A | N4: Yes/Partial/No | O4: N/A | P4: N/A | Q4: N/A | R4: N/A | S4: N/A | T4: =IF(OR(L4="Yes",L4="M3",L4="M4",L4="M5"),3,IF(OR(L4="Partial",L4="M2"),2,IF(L4="N/A",0,1))) -> 1 | U4: =IF(L4="M4",1,IF(L4="M5",2,0)) -> 0 | V4: =T4+U4 -> 1 | W4: =IF(ISBLANK(L4),1,0) -> 1
A5: D2.7 #2 | B5: x | C5: x | D5: x | F5: 7 | G5: 2 | H5: 7 #2 | I5: มีการบริหารจัดการสิทธิการเข้าออกศูนย์คอมพิวเตอร์ และพื้นที่ที่เกี่ยวข้องกับระบบ IT ที่มีนัยสำคัญ โดยครอบคลุมการดำเนินการอย่างน้อย ดังนี้ (1) ให้สิทธิการเข้าถึงตามหลักความจำเป็น (2) อนุมัติสิทธิการเข้าถึงโดยผู้มีอำนาจ (3) ปรับปรุง/ยกเลิกสิทธิการเข้าถึง ทันทีที่พนักงานลาออกหรือเปลี่ยนหน้าที่ความรับผิดชอบ (4) ทบทวนสิทธิการเข้าถึงอย่างสม่ำเสมออย่างน้อยปีละ 1 ครั้ง | J5: H | K5: 1. สัมภาษณ์ ผู้บริหารด้าน IT เกี่ยวกับการบริหารจัดการสิทธิการเข้าออกศูนย์คอมพิวเตอร์ และพื้นที่ที่เกี่ยวข้องกับระบบ IT ที่มีนัยสำคัญ 2. สอบทาน นโยบายหรือขั้นตอนการปฏิบัติงาน เพื่อให้มั่นใจว่า เนื้อหาครอบคลุมตามข้อกำหนด ได้แก่ (1) การให้สิทธิการเข้าถึงตามหลักความจำเป็น (2) การอนุมัติสิทธิการเข้าถึงโดยผู้มีอำนาจ (3) การปรับปรุง/ยกเลิกสิทธิการเข้าถึง ทันทีที่พนักงานลาออกหรือเปลี่ยนหน้าที่ความรับผิดชอบ (4) การทบทวนสิทธิการเข้าถึงอย่างสม่ำเสมออย่างน้อยปีละ 1 ครั้ง 3. สุ่มสอบทาน "เอกสารการอนุมัติ" กรณีมีพนักงานได้รับอนุญาตเข้าออกศูนย์คอมพิวเตอร์ และพื้นที่ที่เกี่ยวข้องกับระบบ IT ที่มีนัยสำคัญ 4. สอบทาน “รายชื่อผู้ใช้งานในระบบที่สามารถเข้าถึงห้องศูนย์คอมพิวเตอร์ (door access)" หรือ “รายชื่อผู้ถือกุญแจห้องศูนย์คอมพิวเตอร์" เปรียบเทียบกับ "รายชื่อผู้ที่มีสิทธิเข้าถึงห้องศูนย์คอมพิวเตอร์" เพื่อให้มั่นใจว่ามีการกำหนดสิทธิการเข้าออกศูนย์คอมพิวเตอร์ และพื้นที่ที่เกี่ยวข้องกับระบบ IT ที่มีนัยสำคัญ ให้กับพนักงานที่มีหน้าที่รับผิดชอบและได้รับอนุญาตให้เข้าออกศูนย์คอมพิวเตอร์เท่านั้น และปรับปรุงให้เป็นปัจจุบัน 5. สอบทาน "ผลการสอบทานรายชื่อผู้ใช้งานในระบบที่สามารถเข้าถึงห้องศูนย์คอมพิวเตอร์ (door access)" หรือ “รายชื่อผู้ถือกุญแจห้องศูนย์คอมพิวเตอร์" เพื่อให้มั่นใจว่าบริษัทมีการทบทวนอย่างสม่ำเสมออย่างน้อยปีละ 1 ครั้ง (M4) 6. สอบทาน หลักฐานของการสอบทานรายชื่อผู้ใช้งานในระบบที่สามารถเข้าถึงห้องศูนย์คอมพิวเตอร์ (door access)" หรือ และ“รายชื่อผู้ถือกุญแจห้องศูนย์คอมพิวเตอร์" โดยบุคคลหรือหน่วยงานที่มีความเป็นอิสระจากหน่วยงานที่ทำหน้าที่ปฏิบัติงาน เพื่อให้มั่นใจว่ามีการสอบทานสิทธิการเข้าออกศูนย์คอมพิวเตอร์ และพื้นที่ที่เกี่ยวข้องกับระบบ IT ที่มีนัยสำคัญอย่างสม่ำเสมอ (M5) 7. สังเกตการณ์การใช้เครื่องมืออัตโนมัติ (automated tools) ในการกำหนดและปรับปรุงสิทธิการเข้าถึงศูนย์คอมพิวเตอร์ และพื้นที่ที่เกี่ยวข้องกับระบบ IT ที่มีนัยสำคัญให้เป็นปัจจุบัน | M5: =IFERROR(IF(N5="Maturity",HLOOKUP(L5,$O$2:$S$200,ROW()-1,0),"N/A"),"") | N5: Maturity | O5: บริษัทไม่มีกระบวนการหรือขั้นตอนการปฏิบัติงานในการบริหารจัดการสิทธิการเข้าออกศูนย์คอมพิวเตอร์ และพื้นที่ที่เกี่ยวข้องกับระบบ IT ที่มีนัยสำคัญ | P5: บริษัทมีกระบวนการหรือขั้นตอนการปฏิบัติงานในการบริหารจัดการสิทธิการเข้าออกศูนย์คอมพิวเตอร์ และพื้นที่ที่เกี่ยวข้องกับระบบ IT ที่มีนัยสำคัญ แต่ไม่ครบถ้วนตามข้อกำหนด หรือไม่มีการอนุมัติการเข้าถึงจากผู้มีอำนาจ หรือ สิทธิการเข้าถึงไม่เป็นปัจจุบัน หรือไม่มีการทบทวนสิทธิอย่างน้อยปีละ 1 ครั้ง | Q5: บริษัทมีกระบวนการหรือขั้นตอนการปฏิบัติงานในการบริหารจัดการสิทธิการเข้าออกศูนย์คอมพิวเตอร์ และพื้นที่ที่เกี่ยวข้องกับระบบ IT ที่มีนัยสำคัญครบถ้วนตามข้อกำหนด มีการอนุมัติการเข้าถึงโดยผู้มี และการกำหนดสิทธิการเข้าถึงเป็นปัจจุบัน รวมทั้ง การทบทวนสิทธิอย่างน้อยปีละ 1 ครั้ง | R5: มีการจัดทำตาม Maturity Level 3 รวมถึงจัดให้มีการสอบทาน "รายชื่อผู้ใช้งานในระบบที่สามารถเข้าถึงห้องศูนย์คอมพิวเตอร์ (door access)" หรือ “รายชื่อผู้ถือกุญแจห้องศูนย์คอมพิวเตอร์" โดยบุคคลหรือหน่วยงานที่มีความเป็นอิสระจากหน่วยงานที่ทำหน้าที่ปฏิบัติงาน เพื่อให้มั่นใจว่ามีการสอบทานสิทธิการเข้าออกศูนย์คอมพิวเตอร์ และพื้นที่ที่เกี่ยวข้องกับระบบ IT ที่มีนัยสำคัญอย่างสม่ำเสมอ | S5: มีการจัดทำตาม Maturity Level 4 รวมถึงมีจัดให้มีการใช้เครื่องมืออัตโนมัติ (automated tools) ในกำหนดและปรับปรุงสิทธิการเข้าถึงศูนย์คอมพิวเตอร์ และพื้นที่ที่เกี่ยวข้องกับระบบ IT ที่มีนัยสำคัญให้เป็นปัจจุบัน | T5: =IF(OR(L5="Yes",L5="M3",L5="M4",L5="M5"),3,IF(OR(L5="Partial",L5="M2"),2,IF(L5="N/A",0,1))) -> 1 | U5: =IF(L5="M4",1,IF(L5="M5",2,0)) -> 0 | V5: =T5+U5 -> 1 | W5: =IF(ISBLANK(L5),1,0) -> 1
A6: D2.7 #3 | B6: x | C6: x | D6: x | F6: 7 | G6: 3 | H6: 7 #3 | I6: มีวิธีการยืนยันตัวตนผู้เข้า-ออกศูนย์คอมพิวเตอร์ และพื้นที่ที่เกี่ยวข้องกับระบบ IT ที่มีนัยสำคัญ เช่น การใช้ access card door เป็นต้น พร้อมทั้งบันทึกเหตุการณ์การเข้า-ออก ทั้งนี้ สำหรับพื้นที่ที่มีความเสี่ยงสูง ผู้ประกอบธุรกิจอาจพิจารณาใช้การพิสูจน์และยืนยันตัวตนแบบ multi-factor authentication : MFA เช่น ใช้ access card door ร่วมกับรหัสผ่านส่วนตัว (PIN) เป็นต้น | J6: M | K6: 1. สังเกตการณ์ศูนย์คอมพิวเตอร์ และพื้นที่ที่เกี่ยวข้องกับระบบ IT ที่มีนัยสำคัญ เพื่อให้มั่นใจว่า มีกระบวนการยืนยันตัวตน เช่น การใช้ access card door หรับพื้นที่ปกติ และอาจใช้การพิสูจน์และยืนยันตัวตนแบบหลายปัจจัย (multi-factor authentication : MFA) สำหรับพื้นที่ที่มีความเสี่ยงสูง เป็นต้น (M4) 2. สอบทาน “หลักฐานการตรวจสอบบันทึกเหตุการณ์ในการเข้า-ออกห้องศูนย์คอมพิวเตอร์” โดยบุคคลหรือหน่วยงานที่มีความเป็นอิสระจากหน่วยงานที่ทำหน้าที่ปฏิบัติงานเพื่อให้มั่นใจว่ามีเพียงผู้ที่ได้รับอนุญาตเท่านั้นในการเข้าออกศูนย์คอมพิวเตอร์ และพื้นที่ที่เกี่ยวข้องกับระบบ IT ที่มีนัยสำคัญ รวมถึงจัดให้มีการนำกิจกรรมที่ผิดปกติ เช่น การเข้าออกห้องศูนย์คอมพิวเตอร์ในเวลาผิดปกติจากที่ได้กำหนดไว้ในขั้นตอนการปฏิบัติงาน มาตรวจสอบหาสาเหตุในลำดับถัดไป (M5) 3. สังเกตการณ์การใช้เครื่องมืออัตโนมัติ (automated tools) ในการตรวจสอบและแจ้งเตือนพฤติกรรมผิดปกติของการเข้าออกศูนย์คอมพิวเตอร์ และพื้นที่ที่เกี่ยวข้องกับระบบ IT ที่มีนัยสำคัญ เช่น การเข้าออกในเวลาผิดปกติจากที่ได้กำหนดไว้ในขั้นตอนการปฏิบัติงาน การพยายามเข้าถึงโดยผู้ไม่ได้รับอนุญาต | M6: =IFERROR(IF(N6="Maturity",HLOOKUP(L6,$O$2:$S$200,ROW()-1,0),"N/A"),"") | N6: Maturity | O6: บริษัทไม่มีการยืนยันตัวตนผู้เข้า-ออกศูนย์คอมพิวเตอร์ และพื้นที่ที่เกี่ยวข้องกับระบบ IT ที่มีนัยสำคัญ | P6: บริษัทมีการยืนยันตัวตนผู้เข้า-ออกศูนย์คอมพิวเตอร์ และพื้นที่ที่เกี่ยวข้องกับระบบ IT ที่มีนัยสำคัญ แต่ไม่ครอบคลุมทุกทางเข้า-ออก | Q6: บริษัทมีการยืนยันตัวตนผู้เข้า-ออกศูนย์คอมพิวเตอร์ และพื้นที่ที่เกี่ยวข้องกับระบบ IT ที่มีนัยสำคัญครบถ้วน | R6: มีการจัดทำตาม Maturity Level 3 รวมถึงจัดให้มีการตรวจสอบบันทึกเหตุการณ์ในการเข้า-ออกห้องศูนย์คอมพิวเตอร์โดยบุคคลหรือหน่วยงานที่มีความเป็นอิสระจากหน่วยงานที่ทำหน้าที่ปฏิบัติงาน เพื่อให้มั่นใจว่า กิจกรรมการเข้าออกเป็นไปตามปกติโดยผู้ที่ได้รับอนุญาตเท่านั้น | S6: มีการจัดทำตาม Maturity Level 4 รวมถึงจัดให้มีการใช้เครื่องมืออัตโนมัติ (automated tools) ในการตรวจสอบการเข้าออกศูนย์คอมพิวเตอร์ และพื้นที่ที่เกี่ยวข้องกับระบบ IT ที่มีนัยสำคัญ และแจ้งเตือนกิจกรรมที่ผิดปกติ เช่น การเข้าออกในเวลาผิดปกติจากที่ได้กำหนดไว้ในขั้นตอนการปฏิบัติงาน การพยายามเข้าถึงโดยผู้ไม่ได้รับอนุญาต ไปยังผู้ที่เกี่ยวข้อง | T6: =IF(OR(L6="Yes",L6="M3",L6="M4",L6="M5"),3,IF(OR(L6="Partial",L6="M2"),2,IF(L6="N/A",0,1))) -> 1 | U6: =IF(L6="M4",1,IF(L6="M5",2,0)) -> 0 | V6: =T6+U6 -> 1 | W6: =IF(ISBLANK(L6),1,0) -> 1
A7: D2.7 #4 | B7: x | C7: x | D7: x | F7: 7 | G7: 4 | H7: 7 #4 | I7: มีมาตรการควบคุมการเข้า-ออกศูนย์คอมพิวเตอร์ และพื้นที่ที่เกี่ยวข้องกับระบบ IT ที่มีนัยสำคัญ สำหรับพนักงานที่ไม่ได้มีหน้าที่ปฏิบัติงานประจำหรือผู้ที่เข้าถึงแบบชั่วคราว จัดให้มีการอนุมัติโดยผู้มีอำนาจ มีการบันทึกเหตุการณ์เข้า-ออก และการติดตามและควบคุม (escort) อย่างใกล้ชิด ตลอดระยะเวลาปฏิบัติงานในพื้นที่ดังกล่าว | J7: M | K7: 1. สังเกตการณ์ศูนย์คอมพิวเตอร์ เพื่อให้มั่นใจว่า มีกระบวนการตรวจสอบตัวตนและควบคุมบุคคลภายนอก ที่เข้าใช้งานศูนย์คอมพิวเตอร์ เช่น มีการแจ้งล่วงหน้าเพื่อขอเข้าศูนย์คอมพิวเตอร์ มีการจัดทำรายชื่อผู้เข้าห้องศูนย์คอมพิวเตอร์ (visitor log book) เป็นต้น 2. สอบทานการอนุมัติโดยผู้มีอำนาจถึงการควบคุมเข้า-ออกศูนย์คอมพิวเตอร์ และพื้นที่ที่เกี่ยวข้องกับบระบบ IT ที่มีนัยสำคัญ 3. สอบทาน “รายชื่อผู้เข้าห้องศูนย์คอมพิวเตอร์” (visitor log book) เพื่อให้มั่นใจว่ามีการเก็บบันทึกเหตุการณ์การเข้าห้องศูนย์คอมพิวเตอร์โดยบุคคลภายนอกอย่างเหมาะสม โดยมีรายละเอียดดังนี้ (1) วันและเวลาที่เข้าศูนย์คอมพิวเตอร์ (2) วันและเวลาที่ออกจากศูนย์คอมพิวเตอร์ (3) เป้าหมายของการเข้าใช้งาน (4) ชื่อ นามสกุล ของบุคคล และ หน่วยงานต้นสังกัด (5) พนักงานผู้รับผิดชอบในการเข้าถึง 4. สังเกตการณ์ห้องศูนย์คอมพิวเตอร์ เพื่อให้มั่นใจว่ามีการติดตามบุคคลภายนอกที่เข้าศูนย์คอมพิวเตอร์ ตลอดระยะเวลาการเข้าศูนย์คอมพิวเตอร์ โดยเจ้าหน้าที่จากหน่วยงานสารสนเทศ | M7: =IFERROR(IF(N7="Maturity",HLOOKUP(L7,$O$2:$S$200,ROW()-1,0),"N/A"),"") -> N/A | N7: Yes/Partial/No | O7: N/A | P7: N/A | Q7: N/A | R7: N/A | S7: N/A | T7: =IF(OR(L7="Yes",L7="M3",L7="M4",L7="M5"),3,IF(OR(L7="Partial",L7="M2"),2,IF(L7="N/A",0,1))) -> 1 | U7: =IF(L7="M4",1,IF(L7="M5",2,0)) -> 0 | V7: =T7+U7 -> 1 | W7: =IF(ISBLANK(L7),1,0) -> 1
A8: D2.7 #5 | B8: x | C8: x | D8: x | F8: 7 | G8: 5 | H8: 7 #5 | I8: มีระบบรักษาความมั่นคงปลอดภัยให้กับศูนย์คอมพิวเตอร์ เช่น ระบบกล้องวงจรปิด ระบบแจ้งเตือนและระงับอัคคีภัย ระบบควบคุมแรงดันและกระแสไฟฟ้า ระบบสำรองไฟฟ้า (uninterrupted power supply) และระบบควบคุมอุณหภูมิและความชื้น เป็นต้น พร้อมทั้งมีการบำรุงรักษาอย่างสม่ำเสมอ | J8: M | K8: 1. สังเกตการณ์ ศูนย์คอมพิวเตอร์และพื้นที่ที่เกี่ยวข้องกับระบบ IT ที่มีนัยสำคัญ เพื่อให้มั่นใจว่ามีการติดตั้งระบบรักษาความมั่นคงปลอดภัยและมีการเฝ้าระวังติดตามการเข้าถึงการกายภาพโดยไม่ได้รับอนุญาตอย่างต่อเนื่อง เช่น ระบบกล้องวงจรปิด ระบบแจ้งเตือนและระงับอัคคีภัย ระบบควบคุมแรงดันและกระแสไฟฟ้า ระบบสำรองไฟฟ้า (uninterrupted power supply) และระบบควบคุมอุณหภูมิและความชื้น เป็นต้น 2. สุ่มสอบทาน “เอกสารผลการบำรุงรักษา หรือ การทดสอบอุปกรณ์ภายในห้องศูนย์คอมพิวเตอร์” เพื่อให้มั่นใจว่ามีการบำรุงรักษาอุปกรณ์ต่าง ๆ ให้มีความพร้อมใช้งานอย่างสม่ำเสมอ | M8: =IFERROR(IF(N8="Maturity",HLOOKUP(L8,$O$2:$S$200,ROW()-1,0),"N/A"),"") -> N/A | N8: Yes/Partial/No | O8: N/A | P8: N/A | Q8: N/A | R8: N/A | S8: N/A | T8: =IF(OR(L8="Yes",L8="M3",L8="M4",L8="M5"),3,IF(OR(L8="Partial",L8="M2"),2,IF(L8="N/A",0,1))) -> 1 | U8: =IF(L8="M4",1,IF(L8="M5",2,0)) -> 0 | V8: =T8+U8 -> 1 | W8: =IF(ISBLANK(L8),1,0) -> 1
A9: D2.7 #6 | B9: x | C9: x | D9: x | F9: 7 | G9: 6 | H9: 7 #6 | I9: มีมาตรการรองรับการทำงานผิดพลาดของระบบสาธารณูปโภคของศูนย์คอมพิวเตอร์ เช่น ระบบไฟฟ้า ระบบโทรคมนาคมและระบบปรับอากาศ เป็นต้น | J9: M | K9: 1. สังเกตการณ์ ศูนย์คอมพิวเตอร์ และพื้นที่ที่เกี่ยวข้องกับระบบ IT ที่มีนัยสำคัญ เพื่อให้มั่นใจว่ามีมาตรการรองรับการทำงานผิดพลาดของระบบสาธารณูปโภคของศูนย์คอมพิวเตอร์ให้มีความยืดหยุ่นพอที่จะรองรับทั้งสถานกาณ์ปกติและผิดปกติ เช่น (1) ระบบไฟฟ้า มีระบบไฟฟ้าสำรอง เป็นต้น (2) ระบบโทรคมนาคม มีผู้ให้บริการระบบอินเตอร์เน็ตสำรอง หรือช่องทางเชื่อมต่ออินเทอร์เน็ตสำรอง เป็นต้น (3) ระบบปรับอากาศ มีระบบปรับอากาศสำรอง เพื่อสลับการทำงาน เป็นต้น | M9: =IFERROR(IF(N9="Maturity",HLOOKUP(L9,$O$2:$S$200,ROW()-1,0),"N/A"),"") -> N/A | N9: Yes/Partial/No | O9: N/A | P9: N/A | Q9: N/A | R9: N/A | S9: N/A | T9: =IF(OR(L9="Yes",L9="M3",L9="M4",L9="M5"),3,IF(OR(L9="Partial",L9="M2"),2,IF(L9="N/A",0,1))) -> 1 | U9: =IF(L9="M4",1,IF(L9="M5",2,0)) -> 0 | V9: =T9+U9 -> 1 | W9: =IF(ISBLANK(L9),1,0) -> 1
A10: D2.7 #7 | B10: x | C10: x | D10: x | F10: 7 | G10: 7 | H10: 7 #7 | I10: มีการจัดเก็บอุปกรณ์คอมพิวเตอร์ที่สำคัญ เช่น เครื่องแม่ข่าย และอุปกรณ์เครือข่าย เป็นต้น ไว้ในพื้นที่ที่มีการควบคุมอย่างปลอดภัย | J10: M | K10: 1. สังเกตการณ์ ศูนย์คอมพิวเตอร์ และพื้นที่ที่เกี่ยวข้องกับระบบ IT ที่มีนัยสำคัญ เพื่อให้มั่นใจว่ามีการจัดเก็บอุปกรณ์คอมพิวเตอร์ที่สำคัญ เช่น เครื่องแม่ข่าย และอุปกรณ์เครือข่าย เป็นต้น ไว้ในพื้นที่ที่มีการควบคุมอย่างปลอดภัย 2. สอบทาน “เอกสารคำร้องขอนำทรัพย์สินทางด้าน IT ออกนอกพื้นที่” เพื่อให้มั่นใจว่า มีการรักษาความปลอดภัยที่เหมาะสมตามสถานที่ที่ทรัพย์สินถูกส่งไปจัดเก็บ ใช้งาน หรือซ่อมแซม | M10: =IFERROR(IF(N10="Maturity",HLOOKUP(L10,$O$2:$S$200,ROW()-1,0),"N/A"),"") -> N/A | N10: Yes/Partial/No | O10: N/A | P10: N/A | Q10: N/A | R10: N/A | S10: N/A | T10: =IF(OR(L10="Yes",L10="M3",L10="M4",L10="M5"),3,IF(OR(L10="Partial",L10="M2"),2,IF(L10="N/A",0,1))) -> 1 | U10: =IF(L10="M4",1,IF(L10="M5",2,0)) -> 0 | V10: =T10+U10 -> 1 | W10: =IF(ISBLANK(L10),1,0) -> 1
A11: D2.7 #8 | B11: x | C11: x | D11: x | F11: 7 | G11: 8 | H11: 7 #8 | I11: มีมาตรการป้องกันสายเคเบิลและสายไฟของศูนย์คอมพิวเตอร์จากการขัดขวางการทำงาน การแทรกแซงสัญญาณ หรือการทำให้เสียหาย และบำรุงรักษาอย่างสม่ำเสมอ | J11: M | K11: 1. สังเกตการณ์ ศูนย์คอมพิวเตอร์ เพื่อให้มั่นใจว่ามีมาตรการป้องกันสายเคเบิลและสายไฟของศูนย์คอมพิวเตอร์จากการขัดขวางการทำงาน การแทรกแซงสัญญาณ หรือการทำให้เสียหาย และบำรุงรักษาอย่างสม่ำเสมอ เช่น ระบบพื้นยกและการแยกสายเคเบิลออกจากสายไฟ เป็นต้น | M11: =IFERROR(IF(N11="Maturity",HLOOKUP(L11,$O$2:$S$200,ROW()-1,0),"N/A"),"") -> N/A | N11: Yes/Partial/No | O11: N/A | P11: N/A | Q11: N/A | R11: N/A | S11: N/A | T11: =IF(OR(L11="Yes",L11="M3",L11="M4",L11="M5"),3,IF(OR(L11="Partial",L11="M2"),2,IF(L11="N/A",0,1))) -> 1 | U11: =IF(L11="M4",1,IF(L11="M5",2,0)) -> 0 | V11: =T11+U11 -> 1 | W11: =IF(ISBLANK(L11),1,0) -> 1
A12: D2.7 #9 | B12: x | C12: x | D12: x | F12: 7 | G12: 9 | H12: 7 #9 | I12: มีการดูแลและบำรุงรักษาทรัพย์สินด้าน IT ประเภทฮาร์ดแวร์อย่างถูกวิธี เพื่อให้อยู่ในสภาพครบถ้วนสมบูรณ์และพร้อมใช้งาน | J12: M | K12: 1. สุ่มสอบทาน “เอกสารผลการบำรุงรักษาทรัพย์สินด้าน IT ประเภทฮาร์ดแวร์” ได้แก่ เครื่องแม่ข่าย และอุปกรณ์เครือข่าย เพื่อให้มั่นใจว่ามีการบำรุงรักษาอุปกรณ์ต่าง ๆ ให้มีความพร้อมใช้งานอย่างสม่ำเสมอ | M12: =IFERROR(IF(N12="Maturity",HLOOKUP(L12,$O$2:$S$200,ROW()-1,0),"N/A"),"") -> N/A | N12: Yes/Partial/No | O12: N/A | P12: N/A | Q12: N/A | R12: N/A | S12: N/A | T12: =IF(OR(L12="Yes",L12="M3",L12="M4",L12="M5"),3,IF(OR(L12="Partial",L12="M2"),2,IF(L12="N/A",0,1))) -> 1 | U12: =IF(L12="M4",1,IF(L12="M5",2,0)) -> 0 | V12: =T12+U12 -> 1 | W12: =IF(ISBLANK(L12),1,0) -> 1
A13: D2.7 #10 | B13: x | C13: x | D13: x | F13: 7 | G13: 10 | H13: 7 #10 | I13: มีการแยกพื้นที่จุดรับส่งของ (delivery and loading area) ซึ่งเป็นพื้นที่ส่วนที่ต้องมีการเข้าถึงโดยบุคคลภายนอก ออกจากพื้นที่ที่มีการประมวลผลข้อมูล | J13: M | K13: 1. สังเกตการณ์ ศูนย์คอมพิวเตอร์ เพื่อให้มั่นใจว่ามีการแยกพื้นที่จุดรับส่งของ (delivery and loading area) ซึ่งเป็นพื้นที่ส่วนที่ต้องมีการเข้าถึงโดยบุคคลภายนอก ออกจากพื้นที่ที่มีการประมวลผลข้อมูล | M13: =IFERROR(IF(N13="Maturity",HLOOKUP(L13,$O$2:$S$200,ROW()-1,0),"N/A"),"") -> N/A | N13: Yes/Partial/No | O13: N/A | P13: N/A | Q13: N/A | R13: N/A | S13: N/A | T13: =IF(OR(L13="Yes",L13="M3",L13="M4",L13="M5"),3,IF(OR(L13="Partial",L13="M2"),2,IF(L13="N/A",0,1))) -> 1 | U13: =IF(L13="M4",1,IF(L13="M5",2,0)) -> 0 | V13: =T13+U13 -> 1 | W13: =IF(ISBLANK(L13),1,0) -> 1
A14: D2.7 #11 | B14: x | C14: x | D14: x | F14: 7 | G14: 11 | H14: 7 #11 | I14: มีการควบคุมมิให้มีการนำทรัพย์สินด้าน IT ประเภทฮาร์ดแวร์ออกนอกพื้นที่โดยมิได้รับอนุญาต | J14: M | K14: 1. สอบทาน “เอกสารคำร้องขอนำทรัพย์สินทางด้าน IT ออกนอกพื้นที่” เพื่อให้มั่นใจว่า เมื่อมีการนำทรัพย์สินออกนอกพื้นที่มีการร้องขอและ อนุมัติ โดยผู้บริหารที่เหมาะสม หรือ เจ้าของข้อมูลที่บรรจุในทรัพย์สินนั้น 2. สังเกตการณ์ ศูนย์คอมพิวเตอร์ หรือ กฎระเบียบในการเข้าใช้งานศูนย์คอมพิวเตอร์ เพื่อให้มั่นใจว่า มีการตรวจการนำทรัพย์สินเข้า-ออกศูนย์คอมพิวเตอร์ เพื่อป้องกันมิให้มีการนำทรัพย์สินด้าน IT ประเภทฮาร์ดแวร์ออกนอกพื้นที่โดยมิได้รับอนุญาต | M14: =IFERROR(IF(N14="Maturity",HLOOKUP(L14,$O$2:$S$200,ROW()-1,0),"N/A"),"") -> N/A | N14: Yes/Partial/No | O14: N/A | P14: N/A | Q14: N/A | R14: N/A | S14: N/A | T14: =IF(OR(L14="Yes",L14="M3",L14="M4",L14="M5"),3,IF(OR(L14="Partial",L14="M2"),2,IF(L14="N/A",0,1))) -> 1 | U14: =IF(L14="M4",1,IF(L14="M5",2,0)) -> 0 | V14: =T14+U14 -> 1 | W14: =IF(ISBLANK(L14),1,0) -> 1
A15: D2.7 #12 | B15: x | C15: x | D15: x | F15: 7 | G15: 12 | H15: 7 #12 | I15: ก่อนการยกเลิกการใช้งานหรือจำหน่ายทรัพย์สินด้าน IT ประเภทฮาร์ดแวร์ เช่น hard disk, switch, firewall และ router เป็นต้น มีการจัดเก็บทรัพย์สินในพื้นที่ปลอดภัย และตรวจสอบให้มั่นใจว่าได้มีการลบ ย้าย ทำลายข้อมูลสำคัญและข้อมูลการตั้งค่า (configuration) หรือปรับค่าดังกล่าวกลับไปสู่ค่าตั้งต้น (factory reset) ด้วยวิธีการที่ไม่สามารถกู้คืนได้อีก | J15: H | K15: 1. สัมภาษณ์ ผู้บริหารด้านการรักษาความปลอดภัย เกี่ยวกับการลบ ย้าย เขียนทับ ทำลายข้อมูลสำคัญ ซอฟต์แวร์ที่มีใบอนุญาต และข้อมูลการตั้งค่า (configuration) อย่างมั่นคงและปลอดภัยก่อนการยกเลิกการใช้งานอุปกรณ์ เช่น hard disk, switch, firewall และ router เป็นต้น และการจัดเก็บอุปกรณ์ที่ยกเลิกการใช้งานหรือรอจำหน่าย 2. สอบทาน “กระบวนการทำลายข้อมูล” ก่อนการยกเลิกการใช้งานหรือจำหน่ายทรัพย์สินสารสนเทศประเภทอุปกรณ์ด้านเครือข่าย เช่น switch, firewall และ router เป็นต้น เพื่อให้มั่นใจว่ามีการจัดทำกระบวนการทำลายข้อมูลเกี่ยวกับการตั้งค่า (configuration) ที่สำคัญ หรือปรับค่าดังกล่าวกลับไปสู่ค่าตั้งต้น (restore from factory) ด้วยวิธีการที่ทำให้มั่นใจได้ว่าไม่สามารถกู้คืนได้ ก่อนการยกเลิกการใช้งานหรือจำหน่ายทรัพย์สินสารสนเทศประเภทอุปกรณ์ด้านเครือข่าย 3. สังเกตการณ์การจัดเก็บทรัพย์สินด้าน IT ประเภทฮาร์ดแวร์ที่ยกเลิกการใช้งานหรือรอจำหน่าย เพื่อให้มั่นใจว่ามีการจัดเก็บทรัพย์สินในพื้นที่ปลอดภัย 4. สอบทาน "รายงานผลการตรวจสอบการลบ ย้าย ทำลายข้อมูลสำคัญก่อนการยกเลิกการใช้งานหรือจำหน่ายทรัพย์สินด้าน IT ประเภทฮาร์ดแวร์" เพื่อให้มั่นใจว่า (1) มีการตรวจสอบให้มั่นใจว่ามีการการลบ ย้าย เขียนทับ ทำลายข้อมูลสำคัญ ซอฟต์แวร์ที่มีใบอนุญาต และข้อมูลการตั้งค่า (configuration) หรือปรับค่าดังกล่าวกลับไปสู่ค่าตั้งต้น (factory reset) อย่างมั่นคงและปลอดภัยด้วยวิธีการที่ไม่สามารถกู้คืนได้อีก (2) เจ้าของข้อมูลเข้าร่วมสังเกตการณ์การดำเนินการการลบ ย้าย ทำลายข้อมูลสำคัญ ซอฟต์แวร์ที่มีใบอนุญาตและข้อมูลการตั้งค่าอย่างปลอดภัยก่อนการยกเลิกการใช้งานอุปกรณ์ | M15: =IFERROR(IF(N15="Maturity",HLOOKUP(L15,$O$2:$S$200,ROW()-1,0),"N/A"),"") -> N/A | N15: Yes/Partial/No | O15: N/A | P15: N/A | Q15: N/A | R15: N/A | S15: N/A | T15: =IF(OR(L15="Yes",L15="M3",L15="M4",L15="M5"),3,IF(OR(L15="Partial",L15="M2"),2,IF(L15="N/A",0,1))) -> 1 | U15: =IF(L15="M4",1,IF(L15="M5",2,0)) -> 0 | V15: =T15+U15 -> 1 | W15: =IF(ISBLANK(L15),1,0) -> 1
W16: =SUM(W4:W15) -> 12 | Y16: =COUNTIF(N4:N15,"Maturity") -> 2
L17: Remarks | M17: =IF(W16>0,"โปรดระวัง ท่านยังไม่ได้บันทึกผลการประเมินในข้อดังนี้","ตอบแบบประเมินครบถ้วน") -> โปรดระวัง ท่านยังไม่ได้บันทึกผลการประเมินในข้อดังนี้
M18: =IF(ISBLANK(L4),_xlfn.CONCAT(A4," , "),"")&IF(ISBLANK(L5),_xlfn.CONCAT(A5," , "),"")& IF(ISBLANK(L6),_xlfn.CONCAT(A6," , "),"")& IF(ISBLANK(L7),_xlfn.CONCAT(A7," , "),"")& IF(ISBLANK(L8),_xlfn.CONCAT(A8," , "),"")& IF(ISBLANK(L9),_xlfn.CONCAT(A9," , "),"")& IF(ISBLANK(L10),_xlfn.CONCAT(A10," , "),"")& IF(ISBLANK(L11),_xlfn.CONCAT(A11," , "),"")& IF(ISBLANK(L12),_xlfn.CONCAT(A12," , "),"")& IF(ISBLANK(L13),_xlfn.CONCAT(A13," , "),"")& IF(ISBLANK(L14),_xlfn.CONCAT(A14," , "),"")& IF(ISBLANK(L15),A15,"") -> D2.7 #1 , D2.7 #2 , D2.7 #3 , D2.7 #4 , D2.7 #5 , D2.7 #6 , D2.7 #7 , D2.7 #8 , D2.7 #9 , D2.7 #10 , D2.7 #11 , D2.7 #12

Sheet D2.8
